 Dungeon Crawl Stone Soup version 0.22.1-1-ga44c0e56f4 (webtiles) character file.

1559999 Debik the Petrodigitator (level 27, 0/199 HPs)
             Began as a Gargoyle Earth Elementalist on Oct 18, 2018.
             Was the Champion of Vehumet.
             Splashed by an acid blob's acid (6 damage)
             ... while paralysed by a floating eye
             ... on level 20 of a ziggurat on Oct 21, 2018.
             The game lasted 13:23:24 (124247 turns).

Debik the Petrodigitator (GrEE)                   Turns: 124247, Time: 13:23:25

Health: 0/199      AC: 34    Str: 14 (15) XL:     27
Magic:  36/106     EV:  2    Int: 52 (55) God:    Vehumet [******]
Gold:   23050      SH:  0    Dex:  6 (8)  Spells: 2/80 levels left

rFire    + . .     SeeInvis .   u - staff of power
rCold    + . .     Gourm    .   t - +18 shield of the Gong {rElec rN+ MR+ EV-5}
rNeg     + + .     Faith    .   B - +8 orange crystal plate armour {Archmagi, Int+3 Clar}
rPois    ∞         Spirit   .   a - +3 hat of Pondering {ponderous, MR+ MP+10 Int+5}
rElec    +         Reflect  +   l - scarf {rC+ rF+}
rCorr    .         Harm     .   H - +3 pair of gauntlets of War {Slay+5}
MR       +++++     Clarity  +   c - +0 pair of boots "Avelyixt" {+Inv MR+++ MP+9 Dex-2}
Stlth    ..........             N - amulet "Heojak" {Reflect Int+7 Slay+3 SH+2}
HPRegen  0.43/turn              e - ring "Vaenlusalo" {*Contam +Blink MP+9 Str+2 Int+5}
MPRegen  0.60/turn              i - ring "Xuny" {*Contam MP+9 EV+2 Int+7}

@: confused, paralysed, corroded, flying, very slightly contaminated, slow
A: big wings, beak, hooves 1, blink, clarity, negative energy resistance 1,
electricity resistance, wild magic 1, unbreathing, petrification resistance, rot
immunity, AC +20
}: 5/15 runes: serpentine, barnacled, slimy, silver, golden
a: Stop Flying, Blink, Renounce Religion, Evoke Blink, Evoke Invisibility


You were on level 20 of a ziggurat.
You worshipped Vehumet.
Vehumet was exalted by your worship.
You were full.

You visited 13 branches of the dungeon, and saw 59 of its levels.
You visited 1 bazaar.
You visited 11 ziggurats (completing 9), and saw 289 of their levels.
You also visited: Trove, Ice Cave and Desolation.

You collected 26367 gold pieces.
You spent 3317 gold pieces at shops.

Inventory:

Hand Weapons
 U - the +6 hand crossbow "Hutakas" {speed, rC+}
   (You found it on level 1 of the Depths)

   Attacks with this weapon are significantly faster.
   It protects you from cold.
 W - the +9 staff of Wucad Mu {channel}
   (You found it on level 22 of a ziggurat)
Missiles
 y - 7948 bolts
 A - 66 throwing nets (quivered)
Armour
 a - the +3 hat of Pondering (worn) {ponderous, MR+ MP+10 Int+5}
   (You found it on level 5 of a ziggurat)

   It affects your intelligence (+5).
   It affects your resistance to hostile enchantments.
   It affects your magic capacity (+10).
 b - the +3 warlock's mirror {reflect}
   (You found it on level 27 of a ziggurat)
 c - the +0 pair of boots "Avelyixt" (worn) {+Inv MR+++ MP+9 Dex-2}
   (You acquired it on level 17 of a ziggurat)

   It affects your dexterity (-2).
   It affects your resistance to hostile enchantments.
   It affects your magic capacity (+9).
   It lets you turn invisible.
 l - a scarf of resistance (worn)
 n - the +2 pair of boots "Zonazos" {rF+ MR+ Int+4}
   (You found it on level 12 of a ziggurat)

   It affects your intelligence (+4).
   It protects you from fire.
   It affects your resistance to hostile enchantments.
 t - the +18 shield of the Gong (worn) {rElec rN+ MR+ EV-5}
   (You found it in a treasure trove)

   It affects your evasion (-5).
   It insulates you from electricity.
   It protects you from negative energy.
   It affects your resistance to hostile enchantments.
 B - the +8 orange crystal plate armour (worn) {Archmagi, Int+3 Clar}
   (You found it on level 21 of a ziggurat)

   It affects your intelligence (+3).
   It protects you against confusion.
 H - the +3 pair of gauntlets of War (worn) {Slay+5}
   (You acquired it on level 14 of a ziggurat)

   It affects your accuracy and damage with ranged weapons and melee attacks
   (+5).
 P - the +0 Maxwell's etheric cage {RegenMP+ *Contam rElec MP+4}
   (You found it on level 25 of a ziggurat)

   It insulates you from electricity.
   It affects your magic capacity (+4).
   It causes magical contamination when unequipped.
 Z - the -2 hat of the Alchemist {rElec rPois rF+ rC+ rN+ MR+ rMut rCorr}
   (You found it on level 24 of a ziggurat)

   It protects you from fire.
   It protects you from cold.
   It insulates you from electricity.
   It protects you from poison.
   It protects you from negative energy.
   It affects your resistance to hostile enchantments.
   It provides partial protection from all sources of acid and corrosion.
   It protects you from mutation.
Magical Staves
 u - an uncursed staff of power (weapon)
Jewellery
 e - the ring "Vaenlusalo" (left hand) {*Contam +Blink MP+9 Str+2 Int+5}
   (You found it on level 26 of a ziggurat)

   [ring of strength]

   It affects your strength (+2).
   It affects your intelligence (+5).
   It affects your magic capacity (+9).
   It lets you blink.
   It causes magical contamination when unequipped.
 i - the ring "Xuny" (right hand) {*Contam MP+9 EV+2 Int+7}
   (You found it on level 25 of a ziggurat)

   [ring of evasion]

   It affects your evasion (+2).
   It affects your intelligence (+7).
   It affects your magic capacity (+9).
   It causes magical contamination when unequipped.
 K - the ring "Jepuus" {rC+ rN+ MP+9 SInv}
   (You found it on level 26 of a ziggurat)

   [ring of magical power]

   It protects you from cold.
   It protects you from negative energy.
   It affects your magic capacity (+9).
   It lets you see invisible.
 L - the amulet of Vitality {Regen+ HP+15}
   (You found it on level 23 of a ziggurat)

   [amulet of regeneration]

   It affects your health (+15).
   It increases your rate of regeneration.
 N - the amulet "Heojak" (around neck) {Reflect Int+7 Slay+3 SH+2}
   (You found it on level 15 of a ziggurat)

   [amulet of reflection]

   It shields you and reflects attacks.
   It affects your intelligence (+7).
   It affects your accuracy and damage with ranged weapons and melee attacks
   (+3).
   It affects your SH (+2).
 Q - the ring of the Tick {rF+ rC+ MR- MP+9 Int+5}
   (You found it on level 25 of a ziggurat)

   [ring of magical power]

   It affects your intelligence (+5).
   It protects you from fire.
   It protects you from cold.
   It affects your resistance to hostile enchantments.
   It affects your magic capacity (+9).
Wands
 x - a wand of scattershot (22)
 z - a wand of clouds (26)
 E - a wand of iceblast (82)
Scrolls
 g - 71 scrolls of amnesia
 h - 203 scrolls of remove curse
 k - a scroll of identify
 v - 71 scrolls of magic mapping
 w - 236 scrolls of teleportation
 C - 175 scrolls of fog
 V - 118 scrolls of blinking
 X - 11 scrolls of fear
Potions
 o - 9 potions of brilliance
 p - 13 potions of resistance
 q - 102 potions of mutation
 r - 28 potions of curing
 F - 9 potions of agility
 G - a potion of cancellation
 M - 50 potions of haste
 O - 57 potions of heal wounds
 R - 7 potions of ambrosia
Miscellaneous
 f - 93 phantom mirrors
 m - a fan of gales (inert)
 S - a lamp of fire
Comestibles
 d - 144 rations


   Skills:
 O Level 27 Fighting
 O Level 27 Short Blades
 O Level 27 Long Blades
 O Level 27 Axes
 O Level 27 Maces & Flails
 O Level 27 Polearms
 O Level 27 Staves
 O Level 27 Slings
 O Level 27 Bows
 O Level 27 Crossbows
 O Level 27 Throwing
 O Level 27 Armour
 O Level 27 Dodging
 O Level 27 Stealth
 O Level 27 Shields
 O Level 27 Unarmed Combat
 O Level 27 Spellcasting
 O Level 27 Conjurations
 O Level 27 Hexes
 O Level 27 Charms
 O Level 27 Summonings
 O Level 27 Necromancy
 O Level 27 Translocations
 O Level 27 Transmutations
 O Level 27 Fire Magic
 O Level 27 Ice Magic
 O Level 27 Air Magic
 O Level 27 Earth Magic
 O Level 27 Poison Magic
 O Level 27 Invocations
 O Level 27 Evocations


You had 2 spell levels left.
You knew the following spells:

 Your Spells              Type           Power        Failure   Level  Hunger
a - Swiftness             Chrm/Air       ########     1%          2    None
b - Controlled Blink      Tloc           N/A          1%          8    None
f - Fire Storm            Conj/Fire      #########.   2%          9    None
h - Portal Projectile     Hex/Tloc       ######       1%          3    None
i - Deflect Missiles      Chrm/Air       #########.   1%          6    None
k - Death's Door          Chrm/Necr      #########.   1%          8    None
p - Borgnjor's Revivific  Necr           #########.   1%          8    None
q - Regeneration          Chrm/Necr      #########.   1%          3    None
r - Lehudib's Crystal Sp  Conj/Erth      #########.   1%          8    None
s - Shatter               Erth           #########.   2%          9    None
t - Tornado               Air            #########.   2%          9    None
z - Irradiate             Conj/Tmut      #########.   1%          5    None

Your spell library contained the following spells:

 Spells                   Type           Power        Failure   Level  Hunger
 Chain Lightning          Conj/Air       #########.   1%          8    None
 Ignition                 Fire           #########.   1%          8    None
 Animate Skeleton         Necr           N/A          1%          1    None
 Apportation              Tloc           ######       1%          1    None
 Beastly Appendage        Tmut           ######       1%          1    None
 Confusing Touch          Hex            ######       1%          1    None
 Corona                   Hex            #######      1%          1    None
 Flame Tongue             Conj/Fire      #####        1%          1    None
 Freeze                   Ice            ####         1%          1    None
 Infusion                 Chrm           ####         1%          1    None
 Magic Dart               Conj           ####         1%          1    None
 Pain                     Necr           ####         1%          1    None
 Sandblast                Erth           ######       1%          1    None
 Shock                    Conj/Air       ####         1%          1    None
 Sting                    Conj/Pois      ####         1%          1    None
 Summon Butterflies       Summ           ########     1%          1    None
 Summon Small Mammal      Summ           ####         1%          1    None
 Blink                    Tloc           N/A          1%          2    None
 Call Imp                 Summ           ########     1%          2    None
 Corpse Rot               Necr           N/A          1%          2    None
 Ensorcelled Hibernation  Hex/Ice        ######       1%          2    None
 Passwall                 Tmut/Erth      ########     1%          2    None
 Poisonous Vapours        Pois/Air       ######       1%          2    None
 Searing Ray              Conj           ######       1%          2    None
 Shroud of Golubria       Chrm/Tloc      #########.   1%          2    None
 Slow                     Hex            ########     1%          2    None
 Song of Slaying          Chrm           ########     1%          2    None
 Sticks to Snakes         Tmut           ########     1%          2    None
 Throw Flame              Conj/Fire      ######       1%          2    None
 Throw Frost              Conj/Ice       ######       1%          2    None
 Call Canine Familiar     Summ           ########     1%          3    None
 Confuse                  Hex            ########     1%          3    None
 Conjure Flame            Conj/Fire      ########     1%          3    None
 Dazzling Spray           Conj/Hex       ######       1%          3    None
 Gell's Gravitas          Tloc           #########.   1%          3    None
 Ignite Poison            Fire/Tmut/Pois ########     1%          3    None
 Inner Flame              Hex/Fire       ########     1%          3    None
 Lesser Beckoning         Tloc           #########.   1%          3    None
 Mephitic Cloud           Conj/Pois/Air  ########     1%          3    None
 Ozocubu's Armour         Chrm/Ice       ########     1%          3    None
 Recall                   Summ/Tloc      N/A          1%          3    None
 Spectral Weapon          Hex/Chrm       ########     1%          3    None
 Spider Form              Tmut/Pois      #########.   1%          3    None
 Static Discharge         Conj/Air       ########     1%          3    None
 Stone Arrow              Conj/Erth      ######       1%          3    None
 Summon Guardian Golem    Hex/Summ       ########     1%          3    None
 Teleport Other           Tloc           ########     1%          3    None
 Tukima's Dance           Hex            ########     1%          3    None
 Vampiric Draining        Necr           #########.   1%          3    None
 Airstrike                Air            #########.   1%          4    None
 Animate Dead             Necr           N/A          1%          4    None
 Cause Fear               Hex            #########.   1%          4    None
 Force Lance              Conj/Tloc      ########     1%          4    None
 Fulminant Prism          Conj/Hex       #########.   1%          4    None
 Ice Form                 Ice/Tmut       ########     1%          4    None
 Iskenderun's Mystic Bla  Conj           ########     1%          4    None
 Leda's Liquefaction      Hex/Erth       #########.   1%          4    None
 Olgreb's Toxic Radiance  Pois           ########     1%          4    None
 Passage of Golubria      Tloc           N/A          1%          4    None
 Petrify                  Tmut/Erth      ########     1%          4    None
 Sticky Flame             Conj/Fire      ########     1%          4    None
 Summon Ice Beast         Ice/Summ       ########     1%          4    None
 Summon Lightning Spire   Summ/Air       ########     1%          4    None
 Throw Icicle             Conj/Ice       ########     1%          4    None
 Agony                    Necr           ########     1%          5    None
 Alistair's Intoxication  Tmut/Pois      ########     1%          5    None
 Aura of Abjuration       Summ           #########.   1%          5    None
 Blade Hands              Tmut           #########.   1%          5    None
 Bolt of Draining         Conj/Necr      #########.   1%          5    None
 Bolt of Magma            Conj/Fire/Erth #########.   1%          5    None
 Borgnjor's Vile Clutch   Necr/Erth      #########.   1%          5    None
 Dispel Undead            Necr           ########     1%          5    None
 Excruciating Wounds      Chrm/Necr      #########.   1%          5    None
 Fireball                 Conj/Fire      #########.   1%          5    None
 Iskenderun's Battlesphe  Conj/Chrm      ########     1%          5    None
 Lee's Rapid Deconstruct  Erth           #########.   1%          5    None
 Lightning Bolt           Conj/Air       #########.   1%          5    None
 Metabolic Englaciation   Hex/Ice        #########.   1%          5    None
 Silence                  Hex/Air        #########.   1%          5    None
 Summon Demon             Summ           #########.   1%          5    None
 Summon Forest            Summ/Tloc      #########.   1%          5    None
 Summon Mana Viper        Hex/Summ       ########     1%          5    None
 Venom Bolt               Conj/Pois      #########.   1%          5    None
 Yara's Violent Unravell  Hex/Tmut       #########.   1%          5    None
 Bolt of Cold             Conj/Ice       #########.   1%          6    None
 Bolt of Fire             Conj/Fire      #########.   1%          6    None
 Conjure Ball Lightning   Conj/Air       #########.   1%          6    None
 Darkness                 Hex            #########.   1%          6    None
 Death Channel            Necr           #########.   1%          6    None
 Dispersal                Tloc           #########.   1%          6    None
 Freezing Cloud           Conj/Ice/Air   #########.   1%          6    None
 Hydra Form               Tmut           #########.   1%          6    None
 Invisibility             Hex            ########     1%          6    None
 Iron Shot                Conj/Erth      #########.   1%          6    None
 Ozocubu's Refrigeration  Ice            #########.   1%          6    None
 Poison Arrow             Conj/Pois      #########.   1%          6    None
 Shadow Creatures         Summ           N/A          1%          6    None
 Simulacrum               Ice/Necr       #########.   1%          6    None
 Dragon Form              Tmut           #########.   1%          7    None
 Haunt                    Necr/Summ      #########.   1%          7    None
 Malign Gateway           Summ/Tloc      #########.   1%          7    None
 Monstrous Menagerie      Summ           #########.   1%          7    None
 Orb of Destruction       Conj           #########.   1%          7    None
 Ring of Flames           Chrm/Fire      #########.   1%          7    None
 Spellforged Servitor     Conj/Summ      #########.   1%          7    None
 Summon Greater Demon     Summ           #########.   1%          7    None
 Summon Hydra             Summ           #########.   1%          7    None
 Discord                  Hex            #########.   1%          8    None
 Disjunction              Tloc           #########.   1%          8    None
 Infestation              Necr           #########.   1%          8    None
 Necromutation            Tmut/Necr      #########.   1%          8    None
 Summon Horrible Things   Summ           #########.   1%          8    None
 Glaciate                 Conj/Ice       #########.   2%          9    None
 Dragon's Call            Summ           #########.   9%          9    None
 Sublimation of Blood     Necr           Unusable     N/A         2    N/A
 Statue Form              Tmut/Erth      Unusable     N/A         6    N/A

Dungeon Overview and Level Annotations

Branches:
Dungeon (15/15)            Temple (1/1) D:5            Lair (6/6) D:10
 Shoals (4/4) Lair:2        Snake (4/4) Lair:4        Slime (5/5) Lair:5
    Orc (2/2) D:10            Elf (3/3) Orc:2        Vaults (5/5) D:14
  Crypt (3/3) Vaults:3       Tomb (3/3) Crypt:3      Depths (5/5) D:15
    Zot (3/5) Depths:5

Altars:
Ashenzari
Cheibriados
Dithmenos
Elyvilon
Fedhas
Gozag
Hepliaklqana
Kikubaaqudgha
Makhleb
Nemelex Xobeh
Okawaru
Qazlal
Ru
Sif Muna
Trog
Uskayaw
Vehumet
Wu Jian
Xom
Yredelemnul
Zin
The Shining One
Jiyva

Shops:
D:8 *   D:12 }   Orc:2 [*(=   Elf:1 }   Elf:2 }=}   Vaults:3 !   Depths:3 [=*

Portals:
Hell: Depths:1 Depths:2 Depths:3 Depths:4 Depths:5
Abyss: Depths:1 Depths:4 Depths:5
Pandemonium: Depths:1 Depths:3

Annotations:
Lair:2 2 transporters, Artagas's ghost, novice BaHu
Orc:1 2 transporters, Scypier's ghost, journeyman HOFi
Elf:3 3 runed doors, Scypier's ghost, adept HOFi
Vaults:2 3 runed doors
Crypt:1 1 transporter
Zot:1 2 transporters


Innate Abilities, Weirdness & Mutations

You are resistant to torment.
Your stone body is resilient. (AC +20)
You are immune to poison.
Your large and strong wings let you fly indefinitely.
You resist negative energy. (rN+)
You are resistant to electric shocks. (rElec)
You can survive without breathing.
You are immune to petrification.
You are immune to rotting.
You have a beak for a mouth.
You have large cloven feet.
You can translocate small distances at will.
You possess an exceptional clarity of mind.
Your spells are a little harder to cast, but a little more powerful.


Message History

You are splashed with acid!
The acid burns!
* * * LOW HITPOINT WARNING * * *
The acid blob jiggles.
An acid blob comes into view.
The acid blob hits you.
* * * LOW HITPOINT WARNING * * *
You are splashed with acid!
The acid burns!
* * * LOW HITPOINT WARNING * * *
The floating eye gazes piercingly through you!
You suddenly lose the ability to move!
Two slime creatures merge to form a large slime creature.
The acid blob quivers.
The acid blob spits acid at you. The splash of acid hits you!
The acid corrodes you!
You are splashed with acid!
The acid burns!
* * * LOW HITPOINT WARNING * * *
The acid blob hits you!
* * * LOW HITPOINT WARNING * * *
The acid corrodes you!
You are splashed with acid!
The acid burns!
You die... ..▓ .G.▓ #.JJ▓ #GJGG▓ .GJ.JJ▓ .JJJJJJ▓▓ GJJJJJJJ▓▓ .JGGJJJ@.▓ .JGJJJJJ▓▓ .JJJJJJ▓▓

J..GJ.▓
#..GJ▓
#.JG▓
.J.▓
..▓


You could see 26 acid blobs, 8 azure jellies, 2 great orbs of eyes, a large
slime creature, 2 slime creatures, 4 shining eyes, 2 eyes of devastation, a
glowing orange brain, 3 death oozes, 2 eyes of draining and a floating eye.

Vanquished Creatures
  the Royal Jelly (Slime:5)
  Dissolution (Slime:3)
  Khufu (Tomb:3)
  8 orbs of fire
  261 ancient liches
  27 juggernauts
  Sojobo (Depths:4)
  212 greater mummies
  117 shard shrikes
  4 curse toes
  Xtahua (Vaults:4)
  Frederick (Tomb:3)
  115 caustic shrikes
  420 golden dragons
  Nikola (Vaults:1)
  145 Killer Klowns
  19 pearl dragons (Zig:8)
  Jory (Vaults:2)
  49 profane servitors
  127 bone dragons
  68 Brimstone Fiends
  290 pandemonium lords
  13 doom hounds
  115 iron giants
  49 Tzitzimimeh
  57 electric golems
  An iron giant (shapeshifter) (Zig:24)
  98 hellephants
  122 Hell Sentinels
  298 tentacled monstrosities
  Rupert (D:13)
  The ghost of Mjsee792 the Hoplite, an adept MiFi of Okawaru (Vaults:2)
  152 Ice Fiends
  93 deep elf blademasters
  Asterion (Snake:1)
  155 liches
  The ghost of radzia the End of an Era, an adept HOFi of Qazlal (Snake:4)
  124 quicksilver dragons
  143 deep elf master archers
  The ghost of Ge0ff the Bewitcher, an adept SpEn (Depths:4)
  714 acid blobs
  237 titans
  Frances (Shoals:1)
  7 quicksilver dragons (shapeshifter)
  10 sphinxes (shapeshifter)
  110 ancient champions
  3 krakens (Shoals:4)
  52 Executioners
  42 tengu reavers
  89 shadow dragons
  Agnes (Snake:1)
  98 sphinxes
  83 tentacled starspawn
  18 thorn hunters
  2 death cobs (Zot:1)
  142 storm dragons
  11 shadow dragons (shapeshifter)
  Donald (Orc:2)
  119 draconian monks
  Roxanne (Shoals:1)
  110 revenants
  296 azure jellies
  20 daevas
  524 nagarajas
  37 fire giants
  9 fire giants (shapeshifter)
  6 azure jellies (shapeshifter)
  241 draconian knights
  82 frost giants
  3 imperial myrmidons (Desolation)
  41 warmongers
  13 frost giants (shapeshifter)
  3 iron dragons (shapeshifter)
  15 angels
  109 iron dragons
  91 vault wardens
  312 ghost moths
  69 blood saints
  Louise (Depths:5)
  3 ghost moths (shapeshifter)
  109 balrugs
  137 draconian scorchers
  45 deep elf sorcerers
  33 cacodemons
  171 emperor scorpions
  A spectral caustic shrike (Zig:23)
  A spectral juggernaut (Zig:23)
  3 emperor scorpions (shapeshifter)
  82 curse skulls
  139 draconian shifters
  87 orc warlords
  43 juggernaut zombies
  2 spriggan defenders
  186 draconian annihilators
  12 stone giants (shapeshifter)
  17 caustic shrike skeletons
  238 reapers
  12 deep elf elementalists
  12 ophanim
  43 caustic shrike zombies
  66 ironheart preservers
  119 draconian stormcallers
  262 entropy weavers
  34 ghouls
  131 small abominations
  113 very ugly things
  31 juggernaut skeletons
  71 bennus
  159 corrupters
  130 war gargoyles
  98 vampire knights
  An entropy weaver (shapeshifter) (Zig:24)
  25 lorocyprocas
  12 apis (Zig:8)
  A green draconian (shapeshifter) (Zig:14)
  173 stone giants
  A spectral titan (Zig:17)
  58 green draconians
  131 deep elf demonologists
  71 dire elephants
  55 yellow draconians
  56 purple draconians
  46 black suns
  A minotaur (shapeshifter) (Zig:23)
  9 dire elephants (shapeshifter)
  A halazid warlock (Desolation)
  69 black draconians
  53 white draconians
  115 deep elf annihilators
  102 spark wasps
  3 spark wasps (shapeshifter)
  112 merfolk javelineers
  The ghost of KleinerIrrer the Black Belt, a journeyman OpFi of Cheibriados (D:14)
  40 crystal guardians
  63 deep elf death magi
  52 merfolk impalers
  185 blizzard demons
  64 red draconians
  42 death oozes
  3 ettins (shapeshifter)
  86 fire dragons
  89 eidola
  15 quicksilver dragon zombies
  A fire dragon (shapeshifter) (Zig:24)
  Snorg (Lair:6)
  161 mummy priests
  290 green deaths
  Josephine (D:12)
  43 ettins
  124 yaktaur captains
  27 jiangshi
  2 great orbs of eyes (shapeshifter)
  Fannar (D:10)
  8 ragged hierophants (Desolation)
  96 great orbs of eyes
  7 monstrous demonspawn
  21 rakshasas
  30 vault guards
  2 ice dragons (shapeshifter)
  17 quicksilver dragon skeletons
  3 caustic shrike simulacra
  111 deep elf high priests
  97 naga warriors
  28 hell beasts
  311 hydras
  4 hydras (shapeshifter)
  4 peacekeepers (Desolation)
  6 servants of whispers (Desolation)
  20 alligator snapping turtles
  48 centaur warriors
  5 juggernaut simulacra
  Erolcha (D:9)
  169 ice dragons
  86 spriggan air magi
  34 alligators
  15 ghost crabs
  A spectral tengu (Zig:17)
  4 anacondas (shapeshifter)
  19 death knights
  71 catoblepae
  95 merfolk aquamancers
  52 two-headed ogres
  48 satyrs
  102 anacondas
  9 alligator snapping turtles (shapeshifter)
  11 merfolk avatars
  A queen ant (shapeshifter) (Zig:20)
  3 catoblepae (shapeshifter)
  2 death yaks (shapeshifter)
  10 tengu warriors
  219 dancing weapons
  A spectral frost giant (Zig:9)
  93 thrashing horrors
  61 titan zombies
  6 alligators (shapeshifter)
  7 deep troll shamans
  64 ogre magi
  8 deep troll earth magi
  5 satyrs (shapeshifter)
  134 death scarabs
  16 death yaks
  14 two-headed ogres (shapeshifter)
  42 hell hogs
  84 orc high priests
  127 vampire magi
  10 spriggan berserkers
  39 storm dragon zombies
  189 naga sharpshooters
  11 shock serpents (shapeshifter)
  3 spectral spriggans
  57 soul eaters
  175 shock serpents
  197 wretched stars
  8 sun demons
  28 iron golems
  A spectral elf (Zig:23)
  34 sixfirhies
  161 deep elf knights
  41 golden dragon zombies
  29 iron trolls
  8 iron trolls (shapeshifter)
  6 fire crabs (shapeshifter)
  5 fire crabs
  65 shadow wraiths
  46 hell knights
  19 unseen horrors
  7 cherubim
  37 sea snakes
  103 spriggan druids
  36 salamander mystics
  138 skeletal warriors
  208 death drakes
  103 flayed ghosts
  2 unseen horrors (shapeshifter)
  12 deep trolls (shapeshifter)
  2 gelid demonspawn
  11 spark wasp zombies
  A quicksilver dragon simulacrum (Zig:24)
  51 spatial maelstroms
  6 death drakes (shapeshifter)
  24 titan skeletons
  24 storm dragon skeletons
  4 sea snakes (shapeshifter)
  20 wizards
  2 torturous demonspawn (Depths:3)
  187 swamp dragons
  6 swamp dragons (shapeshifter)
  2 infernal demonspawn (Zig:27)
  An orange crystal statue (Zig:25)
  45 shadow demons
  50 tengu zombies
  46 glowing orange brains
  4 glowing orange brains (shapeshifter)
  29 deep trolls
  An iron giant skeleton (Crypt:1)
  6 lindwurms
  79 naga ritualists
  174 deep elf archers
  181 starcursed masses
  70 orc knights
  29 shadow dragon zombies
  235 shambling mangroves
  36 sphinx zombies
  7 lindwurms (shapeshifter)
  100 ironbrand convokers
  37 necromancers
  265 orb spiders
  90 harpies
  56 phantasmal warriors
  A spectral iron dragon (Zig:17)
  4 harpies (shapeshifter)
  79 mana vipers
  60 orc sorcerers
  3 orb spiders (shapeshifter)
  8 oklob plants
  28 tengu skeletons
  3 glowing shapeshifters
  10 mana vipers (shapeshifter)
  12 wolf spiders (shapeshifter)
  37 golden dragon skeletons
  23 iron dragon zombies
  A shining eye (shapeshifter) (Zig:10)
  8 cyclopes (shapeshifter)
  57 manticores
  31 shadow dragon skeletons
  17 frost giant zombies
  201 wolf spiders
  94 ugly things
  10 fire giant zombies
  103 shining eyes
  461 deep elf magi
  A wolf spider zombie (D:14)
  9 manticores (shapeshifter)
  5 human zombies
  3 stone giant zombies
  9 fauns (shapeshifter)
  6 salamanders (shapeshifter)
  35 cyclopes
  68 fauns
  7 elephants (shapeshifter)
  27 iron dragon skeletons
  137 moths of wrath
  35 salamanders
  21 sphinx skeletons
  5 moths of wrath (shapeshifter)
  12 frost giant skeletons
  37 spriggan zombies
  3 stone giant skeletons
  58 eyes of devastation
  4 black mambas (shapeshifter)
  103 apocalypse crabs
  2 centaur zombies
  8 fire giant skeletons
  155 guardian serpents
  123 rust devils
  19 elephants
  4 eyes of devastation (shapeshifter)
  20 worldbinders
  188 naga magi
  2 ice statues (IceCv)
  123 spiny frogs
  81 water nymphs
  5 water nymphs (shapeshifter)
  24 orange demons
  3 titan simulacra
  87 vault sentinels
  219 torpor snails
  367 black mambas
  8 guardian serpents (shapeshifter)
  32 merfolk sirens
  82 smoke demons
  8 torpor snails (shapeshifter)
  29 spriggan skeletons
  3 human skeletons
  The ghost of Divine the Slasher, a novice DsCK of Xom (D:4)
  2 centaur skeletons
  27 gargoyles
  A dire elephant skeleton (Crypt:3)
  An elephant slug zombie (Crypt:2)
  3 spiny frogs (shapeshifter)
  154 demonic crawlers
  6 storm dragon simulacra
  43 komodo dragons
  117 hellions
  102 yaktaurs
  A molten gargoyle (Desolation)
  2 spectral glowing shapeshifters (Zig:23)
  5 komodo dragons (shapeshifter)
  83 rime drakes
  3 rime drakes (shapeshifter)
  125 elf zombies
  169 freezing wraiths
  A kobold demonologist (Zig:18)
  205 tormentors
  137 ice devils
  27 efreet
  34 hellwings
  10 yaktaurs (shapeshifter)
  2 anaconda simulacra
  4 golden dragon simulacra
  329 guardian mummies
  A ghost moth simulacrum (Crypt:2)
  2 yaktaur skeletons
  8 tengu conjurers
  A hydra zombie (Crypt:3)
  A sea snake skeleton (Crypt:1)
  8 silent spectres
  16 polar bears
  34 red devils
  44 wind drakes
  9 merfolk (shapeshifter)
  4 trolls (shapeshifter)
  3 meliai (shapeshifter)
  47 trolls
  5 wind drakes (shapeshifter)
  440 hornets
  3 polar bears (shapeshifter)
  2 meliai
  A queen bee (shapeshifter) (Zig:20)
  181 jumping spiders
  190 merfolk
  52 saltlings (Desolation)
  86 ancient zymes
  6 shadow dragon simulacra
  5 tengu simulacra
  3 hornets (shapeshifter)
  A jumping spider (shapeshifter) (Zig:17)
  60 blink frogs
  A wolf spider simulacrum (Crypt:2)
  27 tyrant leeches
  33 bog bodies
  5 raiju (shapeshifter)
  12 slime creatures (shapeshifter)
  A tyrant leech (shapeshifter) (Zig:17)
  53 hippogriffs
  406 slime creatures
  20 dream sheep
  4 blink frogs (shapeshifter)
  7 dream sheep (shapeshifter)
  4 hippogriffs (shapeshifter)
  A meliai zombie (D:11)
  3 sphinx simulacra
  3 fire giant simulacra (Crypt:2)
  5 iron dragon simulacra
  42 snapping turtles
  4 snapping turtles (shapeshifter)
  69 air elementals
  A frost giant simulacrum (Zig:11)
  280 large abominations
  98 raiju
  3 ettin zombies
  39 shadows
  An ice dragon zombie (Zig:1)
  2 ettin skeletons
  193 flying skulls
  11 redbacks (shapeshifter)
  4 spriggan simulacra
  2 fire dragon skeletons (Zig:2)
  A stone giant simulacrum (Crypt:2)
  4 vampires
  92 water elementals
  A wyvern (shapeshifter) (Zig:24)
  63 ynoxinuls
  16 spriggans
  2 spriggans (shapeshifter)
  5 tarantellas (shapeshifter)
  173 tarantellas
  A black mamba skeleton (Crypt:3)
  213 redbacks
  A deep troll skeleton (Zig:1)
  106 wraiths
  31 wyverns
  103 ushabtiu
  16 basilisks
  18 hungry ghosts
  2 fire bats (shapeshifter)
  4 fire bats
  2 golden eyes (shapeshifter)
  3 humans (shapeshifter)
  75 neqoxecs
  71 yaks
  63 fire elementals
  2 dire elephant simulacra
  46 golden eyes
  83 elf skeletons
  5 human simulacra
  5 hogs (shapeshifter)
  23 vampire mosquitoes
  105 chaos spawn
  38 steam dragons
  Grum (D:11)
  A naga (shapeshifter) (Zig:27)
  5 swamp worms (shapeshifter)
  A warg (shapeshifter) (Zig:19)
  9 spatial vortices
  An acid dragon (shapeshifter) (Zig:24)
  2 soldier ants (shapeshifter) (Zig:19)
  4 harpy simulacra (IceCv)
  153 nagas
  36 acid dragons
  40 wargs
  A soldier ant (D:13)
  3 hydra simulacra (IceCv)
  40 insubstantial wisps
  A monstrous demonspawn zombie (Crypt:1)
  2 water moccasins (shapeshifter)
  4 porcupines
  104 water moccasins
  39 floating eyes
  5 floating eyes (shapeshifter)
  2 swamp drakes (shapeshifter)
  2 black bears (shapeshifter)
  60 hell hounds
  An infernal demonspawn skeleton (Crypt:2)
  60 swamp drakes
  A black mamba simulacrum (Crypt:2)
  A spiny frog skeleton (Tomb:3)
  7 elf simulacra
  55 ice beasts
  26 necrophages
  The ghost of POTATOFARMER the Skirmisher, an amateur MiBe of Trog (D:3)
  2 eyes of draining (shapeshifter)
  A fire dragon simulacrum (Crypt:2)
  An ice dragon simulacrum (Crypt:2)
  A sky beast (D:6)
  203 orc warriors
  An ice beast (shapeshifter) (Zig:10)
  An ettin simulacrum (Crypt:2)
  109 ogres
  139 eyes of draining
  6 phantoms
  19 wolves
  22 boggarts
  A snapping turtle skeleton (Crypt:3)
  An ogre (shapeshifter) (Zig:23)
  A dream sheep skeleton (Crypt:2)
  34 centaurs
  A swamp dragon skeleton (Crypt:3)
  88 crocodiles
  4 crocodiles (shapeshifter)
  A salamander zombie (Crypt:1)
  2 big kobolds
  A gnoll sergeant (Zig:4)
  2 glowing shapeshifter simulacra
  32 bullfrogs
  A spiny frog simulacrum (Crypt:2)
  3 wyvern zombies
  3 bullfrogs (shapeshifter)
  95 earth elementals
  A hippogriff skeleton (Crypt:1)
  7 scorpions
  A swamp dragon simulacrum (Crypt:2)
  A killer bee (shapeshifter) (Zig:17)
  6 killer bees (D:8)
  25 wights
  6 electric eels
  4 howler monkeys
  15 crimson imps
  3 bullfrog zombies
  3 quasits
  2 bullfrog skeletons
  A hound (shapeshifter) (Zig:19)
  9 jellies
  11 hounds
  44 orc priests
  A gnoll shaman (Zig:2)
  3 iguanas
  102 iron imps
  49 orc wizards
  A lightning spire (Zig:17)
  A worker ant (shapeshifter) (Zig:14)
  8 worker ants
  4 hell rats
  An ogre zombie (Crypt:2)
  3 hound skeletons
  494 mummies
  2 worker ant zombies
  2 howler monkey skeletons
  6 gnolls
  A naga simulacrum (Crypt:2)
  2 swamp drake zombies (Crypt:2)
  37 adders
  37 shadow imps
  82 white imps
  A halfling zombie (Crypt:2)
  A worm zombie (Crypt:1)
  2 adder skeletons
  An adder zombie (D:5)
  6 worms
  A worm (shapeshifter) (Zig:23)
  2 dart slugs (D:1)
  2 leopard geckos
  111 orcs
  A ball python (D:1)
  5 bats
  6 giant cockroaches
  14 goblins
  8 hobgoblins
  5 jackals
  8 quokkas
  A ball python zombie (D:5)
  3 frilled lizards
  A jackal skeleton (D:4)
  2 jackal zombies
  17 kobolds
  3 leopard gecko skeletons
  A quokka skeleton (D:4)
  8 rats
  2 blocks of ice (Zig:24)
  89 briar patches
  A butterfly (Lair:5)
  94 crawling corpses
  203 fire vortices
  19 plants
  6 starspawn tentacles
  11 tentacles (Shoals:4)
  11 withered plants (Crypt:3)
30091 creatures vanquished.

Vanquished Creatures (collateral kills)
  5 pandemonium lords
  A shard shrike (Zig:18)
  3 Killer Klowns (Zig:19)
  A profane servitor (Zig:9)
  3 Ice Fiends
  A quicksilver dragon (shapeshifter) (Zig:20)
  39 acid blobs
  2 shadow dragons (shapeshifter)
  3 azure jellies
  A cacodemon (Zig:9)
  A draconian knight (Zig:15)
  A reaper (Zig:27)
  3 very ugly things
  A caustic shrike skeleton (Zig:26)
  A juggernaut skeleton (Zig:26)
  A black sun (Zig:27)
  A dire elephant (shapeshifter) (Zig:20)
  A green death (Zig:27)
  A death ooze (Zig:26)
  A fire dragon (Zig:24)
  A great orb of eyes (Zig:19)
  A titan zombie (Zig:27)
  A storm dragon zombie (Zig:26)
  A wretched star (Zig:8)
  A sixfirhy (Zig:18)
  A shadow wraith (Zig:17)
  4 glowing orange brains
  2 spatial maelstroms
  A starcursed mass (Zig:18)
  A shadow dragon zombie (Zig:26)
  10 slime creatures
  A shining eye (Zig:24)
  A fire giant zombie (Zig:11)
  A fire giant skeleton (Zig:11)
  A spriggan skeleton (Zig:26)
  An elf zombie (Zig:27)
  An ice devil (Zig:26)
  A demonic crawler (Zig:8)
  A jumping spider (shapeshifter) (Zig:20)
  A blink frog (shapeshifter) (Zig:24)
  An elf skeleton (Zig:26)
  6 golden eyes
  A chaos spawn (Zig:11)
  A naga (shapeshifter) (Zig:19)
  An acid dragon (Zig:24)
  A floating eye (shapeshifter) (Zig:24)
  6 floating eyes
  3 ice beasts
  4 eyes of draining
  A glowing shapeshifter simulacrum (Zig:18)
  2 wights
  3 mummies
  2 white imps (Zig:26)
136 creatures vanquished.

Vanquished Creatures (others)
  3 pandemonium lords
  A Killer Klown (Zig:19)
  An electric golem (Zig:21)
  An Ice Fiend (Zig:18)
  A quicksilver dragon (Zig:24)
  5 deep elf master archers
  Polyphemus (Shoals:4)
  A tentacled starspawn (Zig:21)
  4 eldritch tentacles
  A tengu reaver (Zig:22)
  A storm dragon (Zig:21)
  A shadow dragon (Zig:16)
  3 warmongers
  A nagaraja (Zig:14)
  A vault warden (Zig:24)
  A balrug (Zig:20)
  An orc warlord (Zig:16)
  2 blood saints
  12 stone giants
  A black sun (Zig:18)
  2 deep elf annihilators
  A blizzard demon (Zig:18)
  6 merfolk javelineers
  4 yaktaur captains
  A deep elf high priest (Zig:25)
  An ogre mage (Zig:12)
  3 spriggan air magi
  2 satyrs
  A two-headed ogre (shapeshifter) (Zig:24)
  4 centaur warriors
  2 dancing weapons (Zig:18)
  45 death scarabs
  3 naga sharpshooters
  A shock serpent (Zig:21)
  A wretched star (Zig:27)
  A deep elf knight (Zig:18)
  A soul eater (Zig:18)
  A salamander mystic (Zig:22)
  A swamp dragon (Zig:12)
  A shadow demon (Zig:27)
  2 necromancers (Zig:22)
  4 deep elf archers
  2 fauns
  An ugly thing (Zig:24)
  3 deep elf magi
  An orb spider (shapeshifter) (Zig:24)
  A cyclops (Shoals:3)
  A large abomination (Zig:22)
  A moth of wrath (Zig:19)
  2 vault sentinels
  An eye of devastation (shapeshifter) (Zig:18)
  4 yaktaurs
  A rime drake (Zig:16)
  A merfolk (Zig:25)
  A troll (shapeshifter) (Zig:24)
  2 hornets
  An air elemental (Zig:25)
  A wyvern (Zig:16)
  2 water elementals
  2 fire elementals
  A neqoxec (Zig:20)
  A golden eye (Zig:23)
  A naga (Snake:4)
  An eye of draining (Zig:26)
  4 centaurs
  A human skeleton (Tomb:2)
  A mummy (Tomb:2)
  A kobold (D:11)
  A briar patch (Zig:9)
  2 crawling corpses
  2457 fire vortices
  15 fungi
  67 plants
  18 starspawn tentacles
  18 tentacles (Shoals:4)
  34 withered plants
2782 creatures vanquished.

Grand Total: 33009 creatures vanquished

Notes
Turn   | Place    | Note
-------+----------+-------------------------------------------
     0 | D:1      | Debik the Gargoyle Earth Elementalist began the quest for
                  | the Orb.
     0 | D:1      | Reached XP level 1. HP: 10/10 MP: 3/3
   104 | D:1      | Reached XP level 2. HP: 15/15 MP: 3/5
  1032 | D:1      | Reached XP level 3. HP: 4/19 MP: 0/6
  1481 | D:2      | Reached XP level 4. HP: 23/24 MP: 1/8
  1810 | D:2      | Learned a level 3 spell: Stone Arrow
  1867 | D:2      | Reached skill level 5 in Earth Magic
  2012 | D:2      | Found an opulent altar of Gozag.
  2069 | D:2      | Reached XP level 5. HP: 28/28 MP: 9/9
  2076 | D:2      | Learned a level 5 spell: Lee's Rapid Deconstruction
  2178 | D:2      | Found a shimmering altar of Xom.
  2511 | D:3      | Noticed POTATOFARMER's ghost (amateur MiBe)
  2541 | D:3      | Found a runed door.
  2585 | D:3      | Reached skill level 1 in Conjurations
  2626 | D:3      | Reached XP level 6. HP: 32/32 MP: 7/11
  3165 | D:4      | Found a stormy altar of Qazlal.
  3562 | D:4      | Found a runed gate.
  3563 | D:4      | Found a runed gate.
  3563 | D:4      | Found a runed gate.
  3564 | D:4      | Noticed Divine's ghost (novice DsCK)
  3862 | D:5      | Entered Level 5 of the Dungeon
  3920 | D:5      | Noticed a phantom
  3932 | D:5      | Reached XP level 7. HP: 25/36 MP: 6/13
  4086 | D:5      | Reached skill level 5 in Spellcasting
  4114 | D:5      | Reached XP level 8. HP: 24/41 MP: 15/15
  4659 | D:5      | Reached skill level 1 in Axes
  5571 | D:6      | Reached skill level 1 in Fighting
  5571 | D:6      | Reached XP level 9. HP: 47/47 MP: 18/18
  5876 | D:6      | Got a sheer robe
  5887 | D:6      | Identified the +1 robe of Batih {+Fly} (You took it off an
                  | orc wizard on level 6 of the Dungeon)
  6182 | D:7      | Reached skill level 5 in Conjurations
  6539 | D:8      | Found a snail-covered altar of Cheibriados.
  6539 | D:8      | Found a glowing silver altar of Zin.
  6540 | D:8      | Found a bloodstained altar of Trog.
  6709 | D:8      | Found Ityott's Assorted Antiques.
  6721 | D:8      | Bought a scroll labeled XOWAUD OXTEAN for 21 gold pieces
  6721 | D:8      | Bought a bloodstained chain mail for 199 gold pieces
  6733 | D:8      | Identified the +5 chain mail "Memilig" {rN+ Regen+ Dex+6
                  | Stlth-} (You bought it in a shop on level 8 of the Dungeon)
  6736 | D:8      | Reached XP level 10. HP: 52/52 MP: 22/22
  6740 | D:8      | Reached skill level 10 in Earth Magic
  6842 | D:8      | Found a burning altar of Makhleb.
  6850 | D:8      | Found a hazy altar of Hepliaklqana.
  7467 | D:5      | Found a staircase to the Ecumenical Temple.
  7633 | Temple   | Entered the Ecumenical Temple
  8053 | D:9      | Noticed Erolcha
  8064 | D:9      | Killed Erolcha
  8201 | D:9      | Found a radiant altar of Vehumet.
  8207 | D:9      | Became a worshipper of Vehumet
  8517 | D:10     | Entered Level 10 of the Dungeon
  8555 | D:10     | Found a shattered altar of Ashenzari.
  8567 | D:10     | Reached XP level 11. HP: 53/57 MP: 21/24
  8641 | D:10     | Reached * piety under Vehumet
  8641 | D:10     | Offered knowledge of Sting by Vehumet.
  8685 | D:10     | Noticed Fannar
  9434 | D:10     | Killed Fannar
  9434 | D:10     | Reached skill level 10 in Spellcasting
  9474 | D:10     | Found a staircase to the Lair.
  9492 | D:10     | Reached ** piety under Vehumet
  9549 | D:10     | Found a staircase to the Orcish Mines.
  9629 | Lair:1   | Entered Level 1 of the Lair of Beasts
  9645 | Lair:1   | Offered knowledge of Shock by Vehumet.
 10021 | Lair:1   | Reached XP level 12. HP: 40/62 MP: 21/26
 10417 | Lair:1   | Offered knowledge of Mephitic Cloud by Vehumet.
 10418 | Lair:1   | Reached skill level 1 in Shields
 10630 | Lair:2   | Found a transporter.
 10640 | Lair:2   | Found a transporter.
 10640 | Lair:2   | Noticed Artagas's ghost (novice BaHu)
 10679 | Lair:2   | Found a staircase to the Shoals.
 10719 | Lair:2   | Reached *** piety under Vehumet
 10757 | Lair:2   | Offered knowledge of Inner Flame by Vehumet.
 11193 | Lair:2   | Reached **** piety under Vehumet
 11516 | Lair:3   | Offered knowledge of Throw Icicle by Vehumet.
 11866 | Lair:3   | Noticed a four-headed hydra
 11871 | Lair:3   | Killed a four-headed hydra
 11871 | Lair:3   | Reached XP level 13. HP: 68/72 MP: 28/29
 12355 | Lair:4   | Found a staircase to the Snake Pit.
 12364 | Lair:4   | Got a spiked plate armour
 12375 | Lair:4   | Identified the +7 plate armour of Marbles {rN+ Int+3 Dex-5
                  | SInv} (You found it on level 4 of the Lair of Beasts)
 12421 | Lair:4   | Reached skill level 5 in Fighting
 12528 | Lair:4   | Learned a level 3 spell: Regeneration
 12872 | Lair:4   | Got a flickering tin ring
 12874 | Lair:4   | Got a pitted ring mail
 13014 | Lair:4   | Identified the +0 ring mail of the Farrier {rF+ rC+ rN++
                  | MR-} (You found it on level 4 of the Lair of Beasts)
 13393 | Lair:5   | Identified the ring of the Tuna {rF- Str+9 Dex+5} (You
                  | found it on level 4 of the Lair of Beasts)
 13513 | Lair:5   | Reached skill level 15 in Earth Magic
 13655 | Lair:5   | Found a viscous altar of Jiyva.
 13655 | Lair:5   | Found a staircase to the Slime Pits.
 13965 | Lair:6   | Entered Level 6 of the Lair of Beasts
 13969 | Lair:6   | Noticed Snorg
 14028 | Lair:6   | Reached ***** piety under Vehumet
 14039 | Lair:6   | Offered knowledge of Yara's Violent Unravelling by Vehumet.
 15187 | Lair:6   | Gained mutation: Your large and strong wings let you fly
                  | indefinitely. [Gargoyle growth]
 15187 | Lair:6   | Reached XP level 14. HP: 73/80 MP: 28/31
 15584 | Lair:6   | Killed Snorg
 15715 | Lair:6   | Offered knowledge of Airstrike by Vehumet.
 16032 | Lair:6   | Got a pair of brightly glowing gloves
 16043 | Lair:6   | Identified the cursed +0 pair of gloves of Intuition {Str-4
                  | Int+5} (You found it on level 6 of the Lair of Beasts)
 16431 | D:3      | Killed POTATOFARMER's ghost
 16501 | D:4      | Killed Divine's ghost
 16678 | Orc:1    | Entered Level 1 of the Orcish Mines
 17402 | Orc:1    | Found a transporter.
 17414 | Orc:1    | Found a transporter.
 17421 | Orc:1    | Noticed Scypier's ghost (journeyman HOFi)
 17550 | Orc:1    | You fall through a shaft!
 17550 | Orc:2    | Entered Level 2 of the Orcish Mines
 17797 | Orc:2    | Found a staircase to the Elven Halls.
 17815 | Orc:2    | Noticed Donald
 17821 | Orc:2    | Killed Donald
 18453 | Orc:2    | Noticed an orc warlord
 18466 | Orc:2    | Offered knowledge of Iskenderun's Battlesphere by Vehumet.
 18660 | Orc:2    | Killed an orc warlord
 18919 | Orc:2    | Reached XP level 15. HP: 89/90 MP: 33/33
 19113 | Orc:2    | Found Unas's Antique Armour Shoppe.
 19114 | Orc:2    | Found Ymonuab's Antique Weapon Shoppe.
 19116 | Orc:2    | Found Josyacwu's General Store.
 19116 | Orc:2    | Found Fedy's Jewellery Emporium.
 19121 | Orc:2    | Bought a runed robe for 81 gold pieces
 19121 | Orc:2    | Bought a shiny helmet for 165 gold pieces
 19153 | Orc:2    | Bought a brightly glowing hand axe for 264 gold pieces
 19153 | Orc:2    | Identified the +3 hand axe of the Extremes {flame, rElec
                  | rF- MR+ SInv} (You bought it in a shop on level 2 of the
                  | Orcish Mines)
 19165 | Orc:2    | Bought the ring "Kiufakh" {+Fly rPois MR++ Int+2} for 660
                  | gold pieces
 19485 | D:11     | Reached skill level 10 in Conjurations
 19683 | D:11     | Noticed Grum
 19688 | D:11     | Killed Grum
 19711 | D:11     | Reached skill level 1 in Armour
 19933 | D:11     | Identified the Disquisition on Companions and Translocation
 20193 | D:12     | Noticed Josephine
 20196 | D:12     | Killed Josephine
 20273 | D:12     | Found Xohan's Gadget Shop.
 20666 | D:12     | Offered knowledge of Venom Bolt by Vehumet.
 20704 | D:12     | Found a runed door.
 21346 | D:13     | Noticed Rupert
 21349 | D:13     | Got a sapphire hand crossbow
 21473 | D:13     | Identified the cursed +0 hand crossbow "Impbane" {venom,
                  | +Blink rN++ MR+ Str-4 Int+3} (You found it on level 13 of
                  | the Dungeon)
 21490 | D:13     | Killed Rupert
 21504 | D:13     | Got a creamy pearl robe
 21515 | D:13     | Identified the +1 robe of Plasticity {+Fly rPois SInv
                  | Stlth+} (You took it off Rupert on level 13 of the Dungeon)
 21606 | D:13     | Got a scorched glaive
 21607 | D:13     | Identified the +8 glaive "Wyediema" {chop, *Slow rF+ Str+2}
                  | (You found it on level 13 of the Dungeon)
 21641 | D:13     | Reached skill level 10 in Fighting
 22582 | D:14     | Reached skill level 5 in Shields
 22749 | D:14     | Found a runed gate.
 22750 | D:14     | Found a runed gate.
 22751 | D:14     | Found a runed gate.
 22760 | D:14     | Found an iron altar of Okawaru.
 22760 | D:14     | Noticed an orc warlord
 22760 | D:14     | Noticed KleinerIrrer's ghost (journeyman OpFi)
 23251 | D:14     | Found a sacrificial altar of Ru.
 23527 | D:14     | Found a gate to the Vaults.
 23595 | D:15     | Entered Level 15 of the Dungeon
 23758 | D:15     | Reached skill level 1 in Crossbows
 23759 | D:15     | Reached XP level 16. HP: 98/98 MP: 31/34
 23950 | D:15     | Reached skill level 15 in Spellcasting
 24283 | D:15     | Offered knowledge of Bolt of Cold by Vehumet.
 24358 | D:15     | Found a staircase to the Depths.
 24648 | D:15     | Found a shadowy altar of Dithmenos.
 25566 | D:12     | Identified the +5 plate armour "Lyuravem" {rC++} (You found
                  | it on level 12 of the Dungeon)
 25971 | Shoals:1 | Entered Level 1 of the Shoals
 26036 | Shoals:1 | Noticed Roxanne
 26043 | Shoals:1 | Killed Roxanne
 26100 | Shoals:1 | Learned a level 9 spell: Shatter
 26107 | Shoals:1 | Learned a level 6 spell: Iron Shot
 26305 | Shoals:1 | Noticed Frances
 26311 | Shoals:1 | Killed Frances
 27525 | Shoals:2 | Reached skill level 5 in Dodging
 27547 | Shoals:2 | Reached XP level 17. HP: 94/105 MP: 36/36
 28980 | Shoals:3 | Reached ****** piety under Vehumet
 29640 | Shoals:3 | Offered knowledge of Conjure Ball Lightning by Vehumet.
 29960 | Shoals:4 | Entered Level 4 of the Shoals
 30473 | Shoals:4 | Noticed a kraken
 30496 | Shoals:4 | Killed a kraken
 30567 | Shoals:4 | Noticed Polyphemus
 31149 | Shoals:4 | Killed Polyphemus
 31708 | Shoals:4 | Reached XP level 18. HP: 97/113 MP: 38/38
 32090 | Shoals:4 | Offered knowledge of Ozocubu's Refrigeration by Vehumet.
 32204 | Shoals:4 | Identified 2 scrolls of acquirement
 32683 | Shoals:4 | Reached skill level 10 in Shields
 32741 | Shoals:4 | Got a barnacled rune of Zot
 33247 | D:14     | Killed KleinerIrrer's ghost
 33355 | D:14     | Got an ebony falchion {slice}
 33356 | D:14     | Identified the +10 falchion of Meczir {slice, *Noise +Fly
                  | rPois Dex+10} (You took it off a merfolk impaler on level
                  | 14 of the Dungeon)
 33616 | Snake:1  | Entered Level 1 of the Snake Pit
 33616 | Snake:1  | Noticed Agnes
 33620 | Snake:1  | Killed Agnes
 33978 | Snake:1  | Found a white marble altar of Elyvilon.
 34286 | Snake:1  | Noticed Asterion
 34292 | Snake:1  | Killed Asterion
 34604 | Snake:2  | Offered knowledge of Lehudib's Crystal Spear by Vehumet.
 34604 | Snake:2  | Offered knowledge of Chain Lightning by Vehumet.
 34604 | Snake:2  | Offered knowledge of Ignition by Vehumet.
 34875 | Snake:2  | Found a runed door.
 35479 | Snake:3  | Reached skill level 5 in Armour
 35636 | Snake:3  | Reached XP level 19. HP: 112/120 MP: 39/39
 36420 | Snake:4  | Entered Level 4 of the Snake Pit
 36489 | Snake:4  | Found a runed door.
 36489 | Snake:4  | Found a shimmering altar of Xom.
 36489 | Snake:4  | Noticed radzia's ghost (adept HOFi)
 36499 | Snake:4  | Killed radzia's ghost
 36501 | Snake:4  | Got a smoking dire flail {chaos}
 36512 | Snake:4  | Identified the +8 dire flail of the Mushroom {chaos, rPois}
                  | (You subdued it on level 4 of the Snake Pit)
 38207 | Snake:4  | Got a serpentine rune of Zot
 38583 | Elf:1    | Entered Level 1 of the Elven Halls
 38588 | Elf:1    | Reached XP level 20. HP: 120/128 MP: 41/41
 38671 | Elf:1    | Found Ungoixun's Gadget Shoppe.
 39122 | Elf:1    | Found a portal to a secret trove of treasure.
 39792 | Elf:1    | Got a pair of translucent boots
 39803 | Elf:1    | Identified the +0 pair of boots of the Tarantula {+Blink
                  | MR+ Str+3 Int-5} (You acquired it on level 1 of the Elven
                  | Halls)
 40058 | Elf:2    | Found Afefummue's Gadget Shoppe.
 40060 | Elf:2    | Found Waewonoq's Jewellery Boutique.
 40061 | Elf:2    | Found Xiulup's Gadget Shoppe.
 40071 | Elf:2    | Got a jewelled long sword {drain}
 40073 | Elf:2    | Identified the +3 long sword of Twilight {drain, MR+} (You
                  | took it off a deep elf mage on level 2 of the Elven Halls)
 40148 | Elf:2    | Found a frozen archway.
 40159 | IceCv    | Entered an ice cave
 40278 | IceCv    | Reached skill level 15 in Fighting
 40484 | Elf:2    | Got a steaming brass ring
 40485 | Elf:2    | Identified the ring of the Sturgeon {rPois EV+2 Str+3
                  | Stlth+} (You acquired it on level 2 of the Elven Halls)
 40490 | Elf:2    | Got a spiked hat
 40492 | Elf:2    | Identified the +0 hat of Resonance {Dex+2} (You acquired it
                  | on level 2 of the Elven Halls)
 40497 | Elf:2    | Got an ancient shield
 40508 | Elf:2    | Identified the +3 shield of the Shore {rElec rF- rN++
                  | Regen+} (You acquired it on level 2 of the Elven Halls)
 40629 | Elf:2    | Found a runed gate.
 40629 | Elf:2    | Found a runed gate.
 40629 | Elf:2    | Found a runed gate.
 41369 | Elf:3    | Entered Level 3 of the Elven Halls
 41799 | Elf:3    | Reached XP level 21. HP: 134/134 MP: 43/43
 41871 | Elf:3    | Noticed Scypier's ghost (adept HOFi)
 41872 | Elf:3    | Found a runed gate.
 41873 | Elf:3    | Found a runed gate.
 42184 | Elf:3    | Identified the +10 executioner's axe "Ozuwn" {vamp, rC++
                  | MR+} (You took it off a deep elf death mage on level 3 of
                  | the Elven Halls)
 42191 | Elf:3    | Got a slimy silver ring
 42193 | Elf:3    | Identified the ring "Jemitt" {rPois Dex+4} (You took it off
                  | a deep elf demonologist on level 3 of the Elven Halls)
 42247 | Elf:3    | Identified the Handbook of Supportive Cold
 42253 | Elf:3    | Identified Rerph's Tome of Frigorific Evil
 42269 | Elf:3    | Got a turquoise-encrusted leather armour
 42284 | Elf:3    | Identified the +3 leather armour of Inaction {Regen+ Str+6
                  | Int-5} (You took it off a deep elf annihilator on level 3
                  | of the Elven Halls)
 42288 | Elf:3    | Identified the +3 scimitar of Conformity {flame, rF+ rN+}
                  | (You took it off a deep elf death mage on level 3 of the
                  | Elven Halls)
 42309 | Elf:3    | Got a glittering jade amulet
 42321 | Elf:3    | Identified the Tome of Captivating Battle Magic
 42332 | Elf:3    | Identified the Papyrus of Congealing Transmutation
 42335 | Elf:3    | Identified the Handbook of Sinister Summoning
 42495 | Elf:3    | Found a runed gate.
 42776 | Elf:3    | Identified the amulet of Quacimua {+Rage +Inv rElec SInv}
                  | (You took it off a deep elf blademaster on level 3 of the
                  | Elven Halls)
 42812 | Elf:3    | Learned a level 8 spell: Lehudib's Crystal Spear
 43101 | Vaults:1 | Entered Level 1 of the Vaults
 43131 | Vaults:1 | Noticed Nikola
 43134 | Vaults:1 | Killed Nikola
 43238 | Vaults:1 | Reached XP level 22. HP: 117/142 MP: 4/45
 43718 | Vaults:1 | Found the amulet of the Air {Inacc +Fly rElec EV+5 RMsl}
 44507 | Vaults:2 | Found a ruined gateway.
 44512 | Desolati | Entered the Desolation of Salt
 44544 | Desolati | Identified the Compendium of Icy Fire
 44657 | Desolati | Identified the Compendium of Enhancements and Fire
 44662 | Desolati | Learned a level 2 spell: Swiftness
 44800 | Desolati | Found the ring of Shadows {Umbra +Inv Stlth+}
 44811 | Desolati | Identified the cursed +1 flail of Tortfeasance {crush, rF+
                  | rC- Str+3 Dex+3} (You found it in the Desolation of Salt)
 44959 | Desolati | Got a translucent tin ring
 44961 | Desolati | Got a slimy bone amulet
 44975 | Desolati | Identified the ring "Ycudicarr" {rPois MR+} (You found it
                  | in the Desolation of Salt)
 44976 | Desolati | Identified the amulet of Makhleb's Esteem {Faith SInv} (You
                  | found it in the Desolation of Salt)
 44977 | Desolati | Identified the +2 plate armour "Ilutsas" {Str+4} (You found
                  | it in the Desolation of Salt)
 45031 | Desolati | Identified Udepn's Thaumaturgy in Simple Steps
 45128 | Desolati | Got a wavering steel ring
 45138 | Desolati | Got a glittering steel ring
 45210 | Desolati | Identified the ring of Lykhlos {+Fly rF+ SInv} (You found
                  | it in the Desolation of Salt)
 45211 | Desolati | Identified the ring of Benevolence {Fire +Blink Int+7 Dex-4
                  | Stlth+} (You found it in the Desolation of Salt)
 45350 | Vaults:2 | Reached skill level 5 in Stealth
 45489 | Vaults:2 | Noticed Jory
 45492 | Vaults:2 | Killed Jory
 45910 | Vaults:2 | Found a glowing silver altar of Zin.
 45926 | Vaults:2 | Noticed Mjsee792's ghost (adept MiFi)
 45937 | Vaults:2 | Killed Mjsee792's ghost
 45939 | Vaults:2 | Found a runed gate.
 45939 | Vaults:2 | Found a runed gate.
 45939 | Vaults:2 | Found a runed gate.
 46534 | Vaults:3 | Reached XP level 23. HP: 148/148 MP: 47/47
 47010 | Vaults:3 | Reached skill level 15 in Shields
 47293 | Vaults:3 | Found Horiamni's Distillery.
 47303 | Vaults:3 | Bought a potion of heal wounds for 85 gold pieces
 47303 | Vaults:3 | Bought a potion of heal wounds for 85 gold pieces
 47303 | Vaults:3 | Bought a potion of agility for 68 gold pieces
 47303 | Vaults:3 | Bought a potion of mutation for 136 gold pieces
 47303 | Vaults:3 | Bought 2 potions of resistance for 340 gold pieces
 47303 | Vaults:3 | Bought a potion of agility for 68 gold pieces
 47303 | Vaults:3 | Bought a potion of curing for 51 gold pieces
 47327 | Vaults:3 | Found a staircase to the Crypt.
 47734 | Vaults:3 | Learned a level 6 spell: Freezing Cloud
 47751 | Crypt:1  | Entered Level 1 of the Crypt
 48370 | Crypt:1  | Found a transporter.
 48477 | Crypt:1  | Found a transporter.
 48878 | Crypt:1  | Got a twitching turquoise ring
 48891 | Crypt:1  | Got a vibrating amber ring
 48960 | Crypt:1  | Identified the ring "Vuekhib" {+Inv rC+ AC+2 Str-3} (You
                  | found it on level 1 of the Crypt)
 48962 | Crypt:1  | Identified the cursed ring "Rainnok" {rPois rF+ rN+ EV-2}
                  | (You found it on level 1 of the Crypt)
 49664 | Crypt:2  | Reached XP level 24. HP: 156/156 MP: 24/48
 50471 | Crypt:3  | Entered Level 3 of the Crypt
 51371 | Crypt:3  | Found a staircase to the Tomb.
 51668 | Crypt:3  | Found the +12 Vampire's Tooth {vamp}
 51695 | Crypt:3  | Got a crude plate armour
 51706 | Crypt:3  | Identified the +3 plate armour "Evoibb" {Str+3} (You found
                  | it on level 3 of the Crypt)
 51738 | Crypt:3  | Got an iridescent hand axe
 51739 | Crypt:3  | Identified the +9 hand axe "Zuuthrolu" {drain, *Corrode
                  | +Fly rPois Dex+5} (You found it on level 3 of the Crypt)
 52209 | Crypt:3  | Noticed an ancient lich
 52211 | Crypt:3  | Killed an ancient lich
 52221 | Crypt:3  | Found an ancient bone altar of Kikubaaqudgha.
 52281 | Crypt:3  | Got an ancient glass ring
 52281 | Crypt:3  | Got a flickering brass ring
 52281 | Crypt:3  | Got a smoking platinum ring
 52300 | Crypt:3  | Got an encrusted hunting sling
 52345 | Crypt:3  | Identified the ring "Kyulek" {rC- rN+ Int+2 Dex+2} (You
                  | found it on level 3 of the Crypt)
 52348 | Crypt:3  | Identified the ring of Neorr {+Blink rN+ Str+2} (You found
                  | it on level 3 of the Crypt)
 52351 | Crypt:3  | Identified the ring "Unosk" {rPois rF- rN+ MR+ Str+4} (You
                  | found it on level 3 of the Crypt)
 52355 | Crypt:3  | Identified the +5 hunting sling "Agakeici" {venom, Int+3}
                  | (You found it on level 3 of the Crypt)
 52953 | Vaults:4 | Noticed Xtahua
 52958 | Vaults:4 | Killed Xtahua
 53284 | Vaults:4 | Reached XP level 25. HP: 164/164 MP: 40/49
 54437 | Vaults:5 | Entered Level 5 of the Vaults
 54437 | Vaults:5 | Noticed an ancient lich
 54439 | Vaults:5 | Killed an ancient lich
 55294 | Vaults:5 | Reached XP level 26. HP: 172/172 MP: 16/50
 56033 | Vaults:5 | Got a heavily runed steel ring
 56212 | Vaults:5 | Identified the ring "Diuthy" {rElec rC++ SInv Stlth-} (You
                  | found it on level 5 of the Vaults)
 56254 | Vaults:5 | Found the ancient robe
 56308 | Vaults:5 | Got an ancient robe
 56447 | Vaults:5 | Identified the cursed -5 robe of Misfortune {-Cast *Contam
                  | *Tele *Drain EV-5 Stlth-- *Curse} (You found it on level 5
                  | of the Vaults)
 56592 | Vaults:5 | Got a faintly humming crystal plate armour
 56603 | Vaults:5 | Identified the +9 crystal plate armour of the Gate {MR+
                  | Regen+ Str+4} (You acquired it on level 5 of the Vaults)
 56765 | Vaults:5 | Got polished swamp dragon scales
 56788 | Vaults:5 | Identified the +1 swamp dragon scales "Koemm" {rPois rN++
                  | Str+6 Dex-2} (You found it on level 5 of the Vaults)
 56916 | Vaults:5 | Got a steaming double sword {flame}
 56917 | Vaults:5 | Identified the +4 double sword "Adghas" {flame, +Rage
                  | rElec} (You took it off a vault warden on level 5 of the
                  | Vaults)
 56990 | Vaults:5 | Got a scorched copper amulet
 57020 | Vaults:5 | Got a silver rune of Zot
 57188 | Vaults:5 | Identified the amulet "Imaughud" {Inacc Str+3} (You found
                  | it on level 5 of the Vaults)
 57450 | Depths:1 | Entered Level 1 of the Depths
 57450 | Depths:1 | Found a one-way gate leading to the halls of Pandemonium.
 57600 | Depths:1 | Found a gateway to a ziggurat.
 57714 | Depths:1 | Reached skill level 27 in Earth Magic
 57850 | Depths:1 | Found a gateway to Hell.
 57961 | Depths:1 | Found a one-way gate to the infinite horrors of the Abyss.
 58152 | Depths:1 | Learned a level 5 spell: Irradiate
 58545 | Depths:1 | Got an encrusted hand crossbow
 58551 | Depths:1 | Identified the +6 hand crossbow "Hutakas" {speed, rC+} (You
                  | found it on level 1 of the Depths)
 59149 | Depths:2 | Found a flickering gateway to a bazaar.
 59164 | Bazaar   | Entered a bazaar
 59164 | Bazaar   | Found Osoly's Antique Weapon Shop.
 59164 | Bazaar   | Found Upumul's Antique Armour Shop.
 59291 | Bazaar   | Bought an embroidered scarf for 168 gold pieces
 59303 | Bazaar   | Bought a pitted hunting sling for 143 gold pieces
 59308 | Bazaar   | Found Poseang's General Store.
 59316 | Bazaar   | Bought a potion of curing for 39 gold pieces
 59316 | Bazaar   | Bought a scroll of teleportation for 39 gold pieces
 59316 | Bazaar   | Bought a scroll of enchant armour for 97 gold pieces
 59316 | Bazaar   | Bought a potion of mutation for 104 gold pieces
 59316 | Bazaar   | Bought a potion of invisibility for 104 gold pieces
 59341 | Bazaar   | Identified the +4 hunting sling of Plog {venom, rC+} (You
                  | bought it in a shop in a bazaar)
 59510 | Depths:2 | Reached XP level 27. HP: 179/179 MP: 51/51
 60139 | Depths:2 | Identified the +5 glaive of the Ship {flame, Str+4} (You
                  | found it on level 2 of the Depths)
 60519 | Depths:3 | Found Laututzo's Jewellery Shop.
 60607 | Depths:3 | Found Tiecull's General Store.
 60652 | Depths:3 | Got an ancient ruby amulet
 60680 | Depths:3 | Identified the amulet "Ahoc" {Gourm Fragile rPois rC+++
                  | Str+4} (You found it on level 3 of the Depths)
 61009 | Depths:3 | Found Meifrips's Armour Boutique.
 61476 | Depths:4 | Found a large runed door.
 61476 | Depths:4 | Found a large runed door.
 61476 | Depths:4 | Noticed Ge0ff's ghost (adept SpEn)
 61485 | Depths:4 | Killed Ge0ff's ghost
 61809 | Depths:4 | Identified the +8 chain mail of Baldness {MR+ Slay+2} (You
                  | found it on level 4 of the Depths)
 62623 | Depths:4 | Noticed Sojobo
 62994 | Depths:4 | Killed Sojobo
 63697 | Depths:5 | Entered Level 5 of the Depths
 64253 | Depths:5 | Found a gate to the Realm of Zot.
 64544 | Depths:5 | Noticed a juggernaut
 64549 | Depths:5 | Killed a juggernaut
 64687 | Depths:5 | Found a shattered altar of Ashenzari.
 64819 | Depths:5 | Noticed Louise
 64822 | Depths:5 | Killed Louise
 64899 | Depths:5 | Reached skill level 15 in Conjurations
 65409 | Zot:1    | Entered Level 1 of the Realm of Zot
 65629 | Zot:1    | Found a transporter.
 65672 | Zot:1    | Noticed an ancient lich
 65679 | Zot:1    | Killed an ancient lich
 66024 | Zot:1    | Found a transporter.
 66043 | Zot:1    | Got a pitted turquoise ring
 66064 | Zot:1    | Got a scintillating copper ring
 66084 | Zot:1    | Identified the ring "Uwye" {*Tele Int+3} (You found it on
                  | level 1 of the Realm of Zot)
 66086 | Zot:1    | Identified the ring of Reatu {*Tele Int+3} (You found it on
                  | level 1 of the Realm of Zot)
 66408 | Zot:1    | Reached skill level 27 in Spellcasting
 66632 | Zot:1    | Reached skill level 10 in Armour
 66865 | Zot:2    | Learned a level 5 spell: Fireball
 66925 | Zot:2    | Reached skill level 1 in Fire Magic
 67539 | Zot:3    | Noticed an orb of fire
 67542 | Zot:3    | Gained mutation: Your spells are a little easier to cast,
                  | but a little less powerful. [an orb of fire]
 67545 | Zot:3    | Killed an orb of fire
 67682 | Zot:2    | Lost mutation: Your spells are a little easier to cast, but
                  | a little less powerful. [potion of mutation]
 67682 | Zot:2    | Gained mutation: You have a pair of small antennae on your
                  | head. [potion of mutation]
 67682 | Zot:2    | Gained mutation: You have a pair of antennae on your head.
                  | [potion of mutation]
 67682 | Zot:2    | Gained mutation: You are robust. (+10% HP) [potion of
                  | mutation]
 67682 | Zot:2    | Gained mutation: Your flesh is cold resistant. (rC+)
                  | [potion of mutation]
 67683 | Zot:2    | Lost mutation: Your flesh is cold resistant. (rC+) [potion
                  | of mutation]
 67683 | Zot:2    | Lost mutation: You have a pair of antennae on your head.
                  | [potion of mutation]
 67683 | Zot:2    | Lost mutation: You have a pair of small antennae on your
                  | head. [potion of mutation]
 67683 | Zot:2    | Lost mutation: You are robust. (+10% HP) [potion of
                  | mutation]
 67683 | Zot:2    | Gained mutation: You are clumsy. (Dex -2) [potion of
                  | mutation]
 67683 | Zot:2    | Gained mutation: You have supernaturally acute eyesight.
                  | (SInv) [potion of mutation]
 68137 | Elf:1    | You paid a toll of 11 potions of heal wounds to enter a
                  | treasure trove
 68138 | Trove    | Entered a treasure trove
 68141 | Trove    | Found the +18 shield of the Gong {rElec rN+ MR+ EV-5}
 68144 | Trove    | Got a dazzling shield
 68150 | Trove    | Got a thick robe
 68163 | Trove    | Identified the +4 shield "Ocogouck" {Dex+6 Stlth+} (You
                  | found it in a treasure trove)
 68173 | Trove    | Identified the +1 robe "Zagriyli" {rElec rN++ Regen+} (You
                  | found it in a treasure trove)
 68202 | Trove    | Got a polished scale mail
 68204 | Trove    | Got a jewelled leather armour
 68206 | Trove    | Got a translucent scale mail
 68216 | Trove    | Got an ancient large shield
 68233 | Trove    | Identified the +0 scale mail "Qisoujet" {rElec Dex+4} (You
                  | found it in a treasure trove)
 68243 | Trove    | Identified the +3 leather armour of Uloitik {MR+ Str+2}
                  | (You found it in a treasure trove)
 68253 | Trove    | Identified the +4 scale mail of Beegeaf {rElec SInv} (You
                  | found it in a treasure trove)
 68263 | Trove    | Identified the +2 large shield of Fortitude {rElec Int-2
                  | Stlth+} (You found it in a treasure trove)
 68291 | Trove    | Got a transparent chain mail
 68293 | Trove    | Got shimmering ice dragon scales
 68326 | Trove    | Identified the +5 chain mail of Saqeaconk {rC- Str+2
                  | Stlth+} (You found it in a treasure trove)
 68336 | Trove    | Identified the +8 ice dragon scales "Qoemn" {rF- rC++ rN++
                  | Regen+ rCorr Str-2} (You found it in a treasure trove)
 68438 | Elf:2    | Bought an uncursed ring of fire for 400 gold pieces
 68822 | Depths:1 | Learned a level 9 spell: Tornado
 68825 | Zig:1    | Entered Level 1 of a ziggurat
 68852 | Zig:2    | Entered Level 2 of a ziggurat
 68871 | Zig:3    | Entered Level 3 of a ziggurat
 68874 | Zig:3    | Noticed Fuma the pandemonium lord
 68876 | Zig:3    | Killed Fuma the pandemonium lord
 68950 | Zig:4    | Entered Level 4 of a ziggurat
 68954 | Zig:4    | Reached skill level 1 in Transmutations
 68996 | Zig:5    | Entered Level 5 of a ziggurat
 69028 | Zig:6    | Entered Level 6 of a ziggurat
 69082 | Zig:7    | Entered Level 7 of a ziggurat
 69118 | Zig:7    | Got an ichor-stained plate armour
 69120 | Zig:7    | Identified the +7 plate armour of the Bulwark {rC+ rN+
                  | Str+4} (You found it on level 7 of a ziggurat)
 69156 | Zig:8    | Entered Level 8 of a ziggurat
 69189 | Zig:8    | Got a steaming ring mail
 69205 | Zig:8    | Identified the +2 ring mail of Inijog {rF- rC+ rN+ MR+++}
                  | (You found it on level 8 of a ziggurat)
 69217 | Zig:8    | Reached skill level 1 in Charms
 69217 | Zig:8    | Reached skill level 1 in Necromancy
 69217 | Zig:8    | Reached skill level 5 in Fire Magic
 69217 | Zig:8    | Reached skill level 1 in Ice Magic
 69221 | Zig:8    | Got a heavily runed golden ring
 69228 | Zig:8    | Identified the ring "Seano" {+Blink rF+ rN++ EV+6} (You
                  | acquired it on level 8 of a ziggurat)
 69252 | Zig:8    | Learned a level 3 spell: Portal Projectile
 69254 | Zig:9    | Entered Level 9 of a ziggurat
 69299 | Zig:9    | Got a scorched scimitar
 69310 | Zig:9    | Identified the +5 scimitar of Izapoef {flame, rPois Int+4}
                  | (You found it on level 9 of a ziggurat)
 69351 | Zig:10   | Entered Level 10 of a ziggurat
 69363 | Zig:10   | Reached skill level 1 in Hexes
 69502 | Zig:10   | Reached skill level 5 in Crossbows
 69502 | Zig:10   | Reached skill level 1 in Throwing
 69502 | Zig:10   | Reached skill level 1 in Translocations
 69502 | Zig:10   | Reached skill level 1 in Air Magic
 69502 | Zig:10   | Reached skill level 1 in Evocations
 69512 | Zig:11   | Entered Level 11 of a ziggurat
 69535 | Zig:11   | Found the +8 longbow "Zephyr" {speed, Dex+3 SInv}
 69563 | Zig:11   | Identified Sif Muna's Tome of Attacks
 69592 | Zig:11   | Got a slimy battleaxe
 69614 | Zig:12   | Entered Level 12 of a ziggurat
 69621 | Zig:12   | Noticed Fevar the pandemonium lord
 69623 | Zig:12   | Noticed Yntan the pandemonium lord
 69623 | Zig:12   | Noticed Vugg the pandemonium lord
 69625 | Zig:12   | Noticed Muulanyeck the pandemonium lord
 69640 | Zig:12   | Found the +8 storm bow {elec}
 69644 | Zig:13   | Entered Level 13 of a ziggurat
 69666 | Zig:13   | Found the +5 demon whip "Spellbinder" {antimagic, MR+}
 69692 | Zig:13   | Identified the Handbook of Displacement and Changing
 69698 | Zig:13   | Identified the Incunabulum of Virous Evil Rites
 69711 | Zig:13   | Got an encrusted plate armour
 69731 | Zig:13   | Identified the +9 plate armour of the Trout {MR+ Regen+
                  | Int+5} (You found it on level 13 of a ziggurat)
 69746 | Zig:14   | Entered Level 14 of a ziggurat
 69794 | Zig:14   | Got a fine granite ring
 69820 | Zig:14   | Got a translucent leather armour
 69830 | Zig:14   | Got a pitted war axe
 69832 | Zig:14   | Got a polished dagger
 69837 | Zig:14   | Identified the +4 dagger "Uruliule" {pierce, rF+ Str+2}
                  | (You found it on level 14 of a ziggurat)
 69838 | Zig:14   | Identified the +11 war axe of the Secret Stories {chop,
                  | rPois MR++ Str-4 Int+2} (You found it on level 14 of a
                  | ziggurat)
 69849 | Zig:14   | Identified the cursed +0 leather armour of Tutraf {MR+
                  | Dex+4} (You found it on level 14 of a ziggurat)
 69899 | Zig:15   | Entered Level 15 of a ziggurat
 69948 | Zig:15   | Got a shimmering brass ring
 69966 | Zig:15   | Got a twitching lead ring
 70007 | Zig:15   | Identified the ring "Ziassunk" {rN+ Str+5 Int-4} (You found
                  | it on level 14 of a ziggurat)
 70010 | Zig:15   | Identified the ring "Muzan" {*Drain rF+ Str+4 Int+2} (You
                  | found it on level 15 of a ziggurat)
 70013 | Zig:15   | Identified the ring "Gumys" {MP+9 Stlth+} (You found it on
                  | level 15 of a ziggurat)
 70052 | Zig:16   | Entered Level 16 of a ziggurat
 70063 | Zig:16   | Noticed an ancient lich
 70065 | Zig:16   | Killed an ancient lich
 70065 | Zig:16   | Reached skill level 15 in Armour
 70068 | Zig:16   | Found the +7 captain's cutlass {speed, disarm}
 70080 | Zig:16   | Found the +10 large shield of Ignorance {rN+ Int-4}
 70089 | Zig:16   | Identified Tuxogh's Collected Works on Clay
 70120 | Zig:16   | Identified the Handbook of the Entourage
 70160 | Zig:16   | Got a translucent war axe
 70166 | Zig:16   | Identified the +3 war axe "Leibbeag" {chop, rPois Dex+2}
                  | (You found it on level 16 of a ziggurat)
 70195 | Zig:17   | Entered Level 17 of a ziggurat
 70200 | Zig:17   | Noticed a juggernaut
 70200 | Zig:17   | Noticed a juggernaut
 70205 | Zig:17   | Killed a juggernaut
 70206 | Zig:17   | Killed a juggernaut
 70265 | Zig:17   | Got a bloodstained hand axe
 70266 | Zig:17   | Identified the +10 hand axe of the Coward {pain, Str+3}
                  | (You found it on level 17 of a ziggurat)
 70307 | Zig:18   | Entered Level 18 of a ziggurat
 70322 | Zig:18   | Noticed Cinawis the pandemonium lord
 70328 | Zig:18   | Killed Cinawis the pandemonium lord
 70334 | Zig:18   | Found the cursed +14 obsidian axe {chop, +Fly SInv *Curse}
 70372 | Zig:18   | Got a fine robe
 70383 | Zig:18   | Identified the +2 robe of Ryqyuth {*Slow MR++ rCorr Stlth+}
                  | (You found it on level 18 of a ziggurat)
 70400 | Zig:19   | Entered Level 19 of a ziggurat
 70440 | Zig:19   | Identified the Compendium of Cankerous Summoning
 70497 | Zig:20   | Entered Level 20 of a ziggurat
 70551 | Zig:20   | Got a steaming turquoise ring
 70596 | Zig:20   | Got a spiked chain mail
 70609 | Zig:20   | Identified the cursed +0 chain mail of the Scribe {rPois
                  | rF+ rCorr Str-4} (You found it on level 20 of a ziggurat)
 70626 | Zig:20   | Identified the ring "Zavim" {*Contam Int-5 Dex+4 Slay+5
                  | Stlth+} (You found it on level 20 of a ziggurat)
 70632 | Zig:20   | Got a pitted hunting sling
 70633 | Zig:20   | Identified the +6 hunting sling "Joloqin" {freeze, Fragile
                  | rF+ rN+++ MR+} (You found it on level 20 of a ziggurat)
 70711 | Zig:21   | Entered Level 21 of a ziggurat
 70832 | Zig:21   | Identified the Papyrus of Moulding and the Rocks
 70850 | Zig:21   | Got a glittering platinum ring
 70892 | Zig:21   | Got a crude hunting sling
 70899 | Zig:21   | Identified the +8 hunting sling "Veozutim" {venom, Dex+4}
                  | (You found it on level 21 of a ziggurat)
 70903 | Zig:21   | Identified the ring of Titong {rC+ rN+++ MP+9 Int-3 Stlth-}
                  | (You found it on level 21 of a ziggurat)
 70942 | Zig:22   | Entered Level 22 of a ziggurat
 70955 | Zig:22   | Reached skill level 10 in Fire Magic
 71022 | Zig:22   | Got a faintly glowing amber ring
 71036 | Zig:22   | Identified Udwodd's Incunabulum of Flames
 71064 | Zig:22   | Identified the ring of Liuxoith {rElec Str+8 Int-3 Dex+6
                  | Stlth+} (You found it on level 22 of a ziggurat)
 71099 | Zig:22   | Got a warped chain mail
 71104 | Zig:22   | Got a transparent robe
 71116 | Zig:22   | Identified the +6 chain mail of the Solstice {rCorr} (You
                  | found it on level 22 of a ziggurat)
 71126 | Zig:22   | Identified the +2 robe of Dice, Bag, and Bottle {rC+} (You
                  | found it on level 22 of a ziggurat)
 71143 | Zig:23   | Entered Level 23 of a ziggurat
 71176 | Zig:23   | Found the +9 scales of the Dragon King {rPois rF+ rC+ MR+}
 71254 | Zig:23   | Got a blackened leather armour
 71277 | Zig:23   | Identified the +0 leather armour of the Stag {rC+ rN+
                  | Regen+} (You found it on level 23 of a ziggurat)
 71331 | Zig:23   | Got a jewelled dire flail
 71334 | Zig:24   | Entered Level 24 of a ziggurat
 71365 | Zig:24   | Found the -2 hat of the Alchemist {rElec rPois rF+ rC+ rN+
                  | MR+ rMut rCorr}
 71419 | Zig:24   | Got a coiled bronze ring
 71433 | Zig:24   | Identified the Volume of Arcane Weapons and Feathers
 71453 | Zig:24   | Identified the ring "Nuon" {Fire +Inv rN+++ Int-3 Stlth+}
                  | (You found it on level 24 of a ziggurat)
 71468 | Zig:24   | Got a pair of warped boots
 71472 | Zig:24   | Got a slimy demon blade
 71500 | Zig:24   | Identified the cursed +0 pair of boots of Unes {Str+4
                  | Int+3} (You found it on level 24 of a ziggurat)
 71523 | Zig:24   | Identified the +11 demon blade of Demonkind {antimagic,
                  | *Contam rPois Str+4 SInv} (You found it on level 24 of a
                  | ziggurat)
 71639 | Zig:24   | Got a pitted helmet
 71654 | Zig:24   | Identified the +2 helmet "Biti Boett" {Str+5 Int+2} (You
                  | found it on level 24 of a ziggurat)
 71677 | Zig:25   | Entered Level 25 of a ziggurat
 71703 | Zig:25   | Reached skill level 10 in Dodging
 71739 | Zig:25   | Got a glittering lapis lazuli ring
 71768 | Zig:25   | Identified the ring "Xuny" {*Contam MP+9 EV+2 Int+7} (You
                  | found it on level 25 of a ziggurat)
 71774 | Zig:25   | Got a scorched ivory amulet
 71777 | Zig:25   | Got a heavily runed jade ring
 71809 | Zig:25   | Learned a level 5 spell: Borgnjor's Vile Clutch
 71809 | Zig:25   | Identified the amulet of Gipp {+Fly MR- Regen+ Int+4} (You
                  | found it on level 25 of a ziggurat)
 71810 | Zig:25   | Identified the ring "Vingu" {Str+4 Dex+5} (You found it on
                  | level 25 of a ziggurat)
 71828 | Zig:25   | Got a smelly chain mail
 71834 | Zig:25   | Got a crystal quarterstaff
 71852 | Zig:25   | Identified the +3 chain mail of Crawling {Str+2} (You found
                  | it on level 25 of a ziggurat)
 71871 | Zig:26   | Entered Level 26 of a ziggurat
 71881 | Zig:26   | Noticed a greater mummy
 71882 | Zig:26   | Noticed a greater mummy
 71883 | Zig:26   | Noticed a greater mummy
 71883 | Zig:26   | Noticed a greater mummy
 71884 | Zig:26   | Killed a greater mummy
 71884 | Zig:26   | Noticed a greater mummy
 71885 | Zig:26   | Killed a greater mummy
 71885 | Zig:26   | Killed a greater mummy
 71892 | Zig:26   | Noticed a greater mummy
 71893 | Zig:26   | Noticed a greater mummy
 71893 | Zig:26   | Noticed a greater mummy
 71893 | Zig:26   | Noticed a greater mummy
 71894 | Zig:26   | Noticed a greater mummy
 72440 | Tomb:1   | Entered Level 1 of the Tomb of the Ancients
 72849 | Tomb:1   | Noticed a greater mummy
 72854 | Tomb:1   | Killed a greater mummy
 73081 | Tomb:1   | Noticed a greater mummy
 73086 | Tomb:1   | Killed a greater mummy
 73203 | Tomb:1   | Noticed a greater mummy
 73208 | Tomb:1   | Killed a greater mummy
 73209 | Tomb:1   | Noticed a greater mummy
 73214 | Tomb:1   | Killed a greater mummy
 73546 | Tomb:1   | Noticed a greater mummy
 73548 | Tomb:1   | Killed a greater mummy
 73548 | Tomb:1   | Noticed a greater mummy
 73549 | Tomb:1   | Noticed a greater mummy
 73550 | Tomb:1   | Killed a greater mummy
 73551 | Tomb:1   | Noticed a greater mummy
 73552 | Tomb:1   | Killed a greater mummy
 73552 | Tomb:1   | Lost dexterity.
 73552 | Tomb:1   | Noticed a greater mummy
 73556 | Tomb:1   | Killed a greater mummy
 73561 | Tomb:1   | Killed a greater mummy
 73600 | Tomb:1   | Noticed a greater mummy
 73604 | Tomb:1   | Killed a greater mummy
 73831 | Tomb:1   | Noticed a greater mummy
 73834 | Tomb:1   | Noticed a greater mummy
 73835 | Tomb:1   | Killed a greater mummy
 73835 | Tomb:1   | Lost dexterity.
 73840 | Tomb:1   | Killed a greater mummy
 73923 | Tomb:1   | Noticed a greater mummy
 73929 | Tomb:1   | Killed a greater mummy
 73970 | Tomb:1   | Noticed a greater mummy
 73972 | Tomb:1   | Noticed a greater mummy
 73973 | Tomb:1   | Killed a greater mummy
 73973 | Tomb:1   | Noticed a greater mummy
 73974 | Tomb:1   | Killed a greater mummy
 73975 | Tomb:1   | Killed a greater mummy
 73976 | Tomb:1   | Noticed a greater mummy
 73998 | Tomb:1   | Killed a greater mummy
 74338 | Tomb:2   | Lost mutation: You are clumsy. (Dex -2) [potion of
                  | mutation]
 74338 | Tomb:2   | Lost mutation: You have supernaturally acute eyesight.
                  | (SInv) [potion of mutation]
 74338 | Tomb:2   | Gained mutation: Armour fits poorly on your strangely
                  | shaped body. [potion of mutation]
 74338 | Tomb:2   | Gained mutation: You are surrounded by a mild repulsion
                  | field. (EV +2) [potion of mutation]
 74339 | Tomb:2   | Lost mutation: Armour fits poorly on your strangely shaped
                  | body. [potion of mutation]
 74339 | Tomb:2   | Lost mutation: You are surrounded by a mild repulsion
                  | field. (EV +2) [potion of mutation]
 74339 | Tomb:2   | Gained mutation: Your mind is acute. (Int +2) [potion of
                  | mutation]
 74339 | Tomb:2   | Gained mutation: You are weak. (Str -2) [potion of
                  | mutation]
 74339 | Tomb:2   | Gained mutation: You possess an exceptional clarity of
                  | mind. [potion of mutation]
 74340 | Tomb:2   | Lost mutation: You are weak. (Str -2) [potion of mutation]
 74340 | Tomb:2   | Lost mutation: You possess an exceptional clarity of mind.
                  | [potion of mutation]
 74340 | Tomb:2   | Gained mutation: You are partially covered in icy blue
                  | scales. (AC +2) [potion of mutation]
 74340 | Tomb:2   | Gained mutation: You are partially covered in thin metallic
                  | scales. (AC +2) [potion of mutation]
 74341 | Tomb:2   | Lost mutation: You are partially covered in thin metallic
                  | scales. (AC +2) [potion of mutation]
 74341 | Tomb:2   | Lost mutation: Your mind is acute. (Int +2) [potion of
                  | mutation]
 74341 | Tomb:2   | Lost mutation: You are partially covered in icy blue
                  | scales. (AC +2) [potion of mutation]
 74341 | Tomb:2   | Gained mutation: You are partially covered in yellow
                  | scales. (AC +2) [potion of mutation]
 74341 | Tomb:2   | Gained mutation: Your flesh is cold resistant. (rC+)
                  | [potion of mutation]
 74342 | Tomb:2   | Lost mutation: Your flesh is cold resistant. (rC+) [potion
                  | of mutation]
 74342 | Tomb:2   | Lost mutation: You are partially covered in yellow scales.
                  | (AC +2) [potion of mutation]
 74342 | Tomb:2   | Gained mutation: Your flesh is heat resistant. (rF+)
                  | [potion of mutation]
 74342 | Tomb:2   | Gained mutation: You expend magic power (3 MP) to
                  | strengthen your wands. [potion of mutation]
 74343 | Tomb:2   | Lost mutation: You expend magic power (3 MP) to strengthen
                  | your wands. [potion of mutation]
 74343 | Tomb:2   | Lost mutation: Your flesh is heat resistant. (rF+) [potion
                  | of mutation]
 74343 | Tomb:2   | Gained mutation: Scrolls take you a little longer to read.
                  | [potion of mutation]
 74343 | Tomb:2   | Gained mutation: You possess an exceptional clarity of
                  | mind. [potion of mutation]
 74343 | Tomb:2   | Gained mutation: You are weak. (Str -2) [potion of
                  | mutation]
 74343 | Tomb:2   | Gained mutation: You are partially covered in large bone
                  | plates. (SH +4) [potion of mutation]
 74344 | Tomb:2   | Lost mutation: Scrolls take you a little longer to read.
                  | [potion of mutation]
 74344 | Tomb:2   | Lost mutation: You are weak. (Str -2) [potion of mutation]
 74344 | Tomb:2   | Lost mutation: You possess an exceptional clarity of mind.
                  | [potion of mutation]
 74344 | Tomb:2   | Gained mutation: Your magical capacity is low. (-10% MP)
                  | [potion of mutation]
 74344 | Tomb:2   | Gained mutation: You have sharp toenails. [potion of
                  | mutation]
 74344 | Tomb:2   | Gained mutation: You are partially covered in iridescent
                  | scales. (AC +2) [potion of mutation]
 74345 | Tomb:2   | Lost mutation: You have sharp toenails. [potion of
                  | mutation]
 74345 | Tomb:2   | Lost mutation: Your magical capacity is low. (-10% MP)
                  | [potion of mutation]
 74345 | Tomb:2   | Lost mutation: You are partially covered in large bone
                  | plates. (SH +4) [potion of mutation]
 74345 | Tomb:2   | Lost mutation: You are partially covered in iridescent
                  | scales. (AC +2) [potion of mutation]
 74345 | Tomb:2   | Gained mutation: You are clumsy. (Dex -2) [potion of
                  | mutation]
 74345 | Tomb:2   | Gained mutation: You have sharp toenails. [potion of
                  | mutation]
 74345 | Tomb:2   | Gained mutation: You have an increased reservoir of magic.
                  | (+10% MP) [potion of mutation]
 74345 | Tomb:2   | Gained mutation: You are robust. (+10% HP) [potion of
                  | mutation]
 74453 | Tomb:2   | Noticed a greater mummy
 74453 | Tomb:2   | Noticed a greater mummy
 74457 | Tomb:2   | Killed a greater mummy
 74458 | Tomb:2   | Killed a greater mummy
 74458 | Tomb:2   | Noticed a greater mummy
 74461 | Tomb:2   | Killed a greater mummy
 74461 | Tomb:2   | Noticed a greater mummy
 74463 | Tomb:2   | Killed a greater mummy
 74795 | Tomb:3   | Entered Level 3 of the Tomb of the Ancients
 74802 | Tomb:3   | Noticed Frederick
 74808 | Tomb:3   | Killed Frederick
 74808 | Tomb:3   | Noticed a greater mummy
 74808 | Tomb:3   | Noticed a greater mummy
 75067 | Tomb:3   | Killed a greater mummy
 75070 | Tomb:3   | Noticed Khufu
 75070 | Tomb:3   | Noticed a greater mummy
 75070 | Tomb:3   | Noticed a greater mummy
 75072 | Tomb:3   | Killed a greater mummy
 75278 | Tomb:3   | Killed a greater mummy
 75278 | Tomb:3   | Killed a greater mummy
 75279 | Tomb:3   | Killed Khufu
 75298 | Tomb:3   | Killed an ancient lich
 75298 | Tomb:3   | Noticed a greater mummy
 75298 | Tomb:3   | Noticed a greater mummy
 75299 | Tomb:3   | Killed a greater mummy
 75299 | Tomb:3   | Noticed a greater mummy
 75301 | Tomb:3   | Killed a greater mummy
 75301 | Tomb:3   | Noticed a greater mummy
 75303 | Tomb:3   | Killed a greater mummy
 75304 | Tomb:3   | Killed a greater mummy
 75359 | Tomb:3   | Found the +8 trident of the Octopus King {venom, rElec
                  | rPois MR+}
 75403 | Tomb:3   | Identified the Handbook of Dusty Sinister Secrets
 75742 | Tomb:3   | Got a golden rune of Zot
 75785 | Tomb:3   | Identified the +1 leather armour of the Mantidfly {*Slow
                  | rN+ Str+3} (You found it on level 3 of the Tomb of the
                  | Ancients)
 75787 | Tomb:3   | Identified the +6 scimitar of Xom's Delight {freeze, rPois
                  | Int+3 Dex-4 Stlth+} (You found it on level 3 of the Tomb of
                  | the Ancients)
 75800 | Tomb:3   | Identified the +3 great sword of the Moth {speed, rC+++ rN+
                  | Int-2 SInv} (You found it on level 3 of the Tomb of the
                  | Ancients)
 75835 | Tomb:3   | Identified the cursed +0 pair of boots of Autotheism
                  | {Dex+5} (You found it on level 3 of the Tomb of the
                  | Ancients)
 75845 | Tomb:3   | Identified the +3 war axe of Myqaluqi {vamp, rPois} (You
                  | found it on level 3 of the Tomb of the Ancients)
 76425 | Zig:1    | Entered Level 1 of a ziggurat
 76436 | Zig:2    | Entered Level 2 of a ziggurat
 76459 | Zig:3    | Entered Level 3 of a ziggurat
 76486 | Zig:4    | Entered Level 4 of a ziggurat
 76487 | Zig:4    | Noticed a juggernaut
 76492 | Zig:4    | Killed a juggernaut
 76499 | Zig:4    | Got a transparent pewter ring
 76503 | Zig:4    | Identified the ring of Descent {Ice MP+9 Str+4 Int-5} (You
                  | found it on level 4 of a ziggurat)
 76508 | Zig:5    | Entered Level 5 of a ziggurat
 76545 | Zig:6    | Entered Level 6 of a ziggurat
 76628 | Zig:7    | Entered Level 7 of a ziggurat
 76672 | Zig:8    | Entered Level 8 of a ziggurat
 76678 | Zig:8    | Noticed a juggernaut
 76680 | Zig:8    | Noticed a juggernaut
 76682 | Zig:8    | Killed a juggernaut
 76684 | Zig:8    | Killed a juggernaut
 76777 | Zig:9    | Entered Level 9 of a ziggurat
 76787 | Zig:9    | Found the +3 giant club "Skullcrusher" {speed, Str+7}
 76843 | Zig:9    | Identified the +8 chain mail of Wu Jian's Favour {*Slow
                  | rElec Dex-3 SInv} (You found it on level 9 of a ziggurat)
 76860 | Zig:10   | Entered Level 10 of a ziggurat
 76867 | Zig:10   | Noticed an ancient lich
 76870 | Zig:10   | Killed an ancient lich
 76950 | Zig:11   | Entered Level 11 of a ziggurat
 76956 | Zig:11   | Noticed a juggernaut
 76957 | Zig:11   | Noticed a juggernaut
 76957 | Zig:11   | Noticed a juggernaut
 76959 | Zig:11   | Found the +2 ratskin cloak {+Rats rPois rN+ Str-1 Int-1
                  | Dex+1}
 76961 | Zig:11   | Killed a juggernaut
 76961 | Zig:11   | Killed a juggernaut
 76961 | Zig:11   | Killed a juggernaut
 77026 | Zig:12   | Entered Level 12 of a ziggurat
 77040 | Zig:12   | Reached skill level 10 in Stealth
 77040 | Zig:12   | Reached skill level 5 in Throwing
 77102 | Zig:12   | Identified the +5 spear "Z" {pierce, Int+3} (You found it
                  | on level 12 of a ziggurat)
 77130 | Zig:13   | Entered Level 13 of a ziggurat
 77148 | Zig:13   | Found the +9 staff of Olgreb {rPois}
 77149 | Zig:13   | Found the ring of the Octopus King
 77169 | Zig:13   | Identified the Guide on Sinister Stones
 77177 | Zig:13   | Got a ring of the Octopus King
 77241 | Zig:14   | Entered Level 14 of a ziggurat
 77260 | Zig:14   | Noticed an ancient lich
 77265 | Zig:14   | Killed an ancient lich
 77285 | Zig:14   | Got a transparent amber ring
 77322 | Zig:14   | Identified the ring "Xoduor" {rC++ MP+9} (You found it on
                  | level 14 of a ziggurat)
 77323 | Zig:14   | Identified the +2 robe of Geugul {rPois MR+ Dex-3} (You
                  | found it on level 14 of a ziggurat)
 77334 | Zig:14   | Got a shimmering dagger
 77339 | Zig:14   | Identified the +5 dagger of Terror {drain, *Noise rElec
                  | Int+6} (You found it on level 14 of a ziggurat)
 77374 | Zig:15   | Entered Level 15 of a ziggurat
 77414 | Zig:15   | Got a pitted iron amulet
 77415 | Zig:15   | Identified the Almanac of Creative Conjuration
 77450 | Zig:15   | Identified the amulet "Heojak" {Reflect Int+7 Slay+3 SH+2}
                  | (You found it on level 15 of a ziggurat)
 77459 | Zig:15   | Learned a level 6 spell: Deflect Missiles
 77465 | Zig:15   | Got a faintly humming leather armour
 77476 | Zig:15   | Identified the +2 leather armour "Raerpheo" {*Drain rF+
                  | Dex+7} (You found it on level 15 of a ziggurat)
 77545 | Zig:16   | Entered Level 16 of a ziggurat
 77573 | Zig:16   | Reached skill level 5 in Evocations
 77591 | Zig:16   | Got a scorched ivory amulet
 77677 | Zig:16   | Identified the amulet "Egioh" {Harm *Drain rF+ MR- Str+9
                  | Dex+7} (You found it on level 16 of a ziggurat)
 77688 | Zig:17   | Entered Level 17 of a ziggurat
 77713 | Zig:17   | Reached skill level 5 in Air Magic
 77737 | Zig:17   | Got a slimy silver ring
 77794 | Zig:17   | Identified the ring "Jinol" {+Fly rPois rC- rN+ MR+} (You
                  | found it on level 17 of a ziggurat)
 77799 | Zig:17   | Got a translucent buckler
 77800 | Zig:17   | Identified the -4 buckler of Calculation {rF+} (You found
                  | it on level 17 of a ziggurat)
 77902 | Zig:18   | Entered Level 18 of a ziggurat
 77924 | Zig:18   | Noticed an ancient lich
 77926 | Zig:18   | Killed an ancient lich
 77929 | Zig:18   | Reached skill level 10 in Crossbows
 77992 | Zig:18   | Got a pair of faintly humming gloves
 78003 | Zig:18   | Identified the +1 pair of gloves of Agnosticism {+Fly rPois
                  | rN+} (You acquired it on level 18 of a ziggurat)
 78015 | Zig:18   | Got an ancient ruby amulet
 78051 | Zig:18   | Identified the amulet "Iggamnomn" {RegenMP rF++ rC+ MR+
                  | Int-4} (You found it on level 18 of a ziggurat)
 78120 | Zig:19   | Entered Level 19 of a ziggurat
 78200 | Zig:19   | Learned a level 6 spell: Invisibility
 78225 | Zig:19   | Identified A Thorough Guide to Theurgy
 78278 | Zig:19   | Learned a level 9 spell: Fire Storm
 78289 | Zig:19   | Learned a level 9 spell: Glaciate
 78300 | Zig:19   | Got a pitted falchion
 78304 | Zig:19   | Got a smoking long sword
 78311 | Zig:19   | Identified the +6 falchion of Callousness {antimagic, rN+}
                  | (You found it on level 19 of a ziggurat)
 78312 | Zig:19   | Identified the +11 long sword "Yneeciy" {antimagic, +Rage
                  | rN++} (You found it on level 19 of a ziggurat)
 78316 | Zig:19   | Reached skill level 5 in Transmutations
 78442 | Zig:20   | Entered Level 20 of a ziggurat
 78484 | Zig:20   | Found the +8 Wrath of Trog {antimagic, *Rage}
 78513 | Zig:20   | Identified the Tome of Ignition
 78517 | Zig:20   | Got a steaming iron ring
 78526 | Zig:20   | Identified the Reference Book on Torrid Self-Improvement
 78535 | Zig:20   | Got a faintly glowing platinum ring
 78592 | Zig:20   | Identified the ring of Finality {rN+ MR+ AC+1 Int+4 Dex-2}
                  | (You found it on level 20 of a ziggurat)
 78593 | Zig:20   | Identified the ring of the Jester {Str+3 Slay+3} (You found
                  | it on level 20 of a ziggurat)
 78599 | Zig:20   | Got a polished cloak
 78611 | Zig:20   | Identified the +2 cloak of Osuolaiv {Str+5 Slay+6} (You
                  | acquired it on level 20 of a ziggurat)
 78629 | Zig:20   | Got a brightly glowing bardiche
 78633 | Zig:20   | Got a steaming mace
 78638 | Zig:20   | Identified the +6 mace of Bloodstone {venom, Dex+4} (You
                  | found it on level 20 of a ziggurat)
 78645 | Zig:20   | Got a faintly humming ring mail
 78651 | Zig:20   | Identified the +2 ring mail of Yqahavius {rPois rC+ Str+6
                  | Int-3} (You found it on level 20 of a ziggurat)
 78662 | Zig:20   | Got a twisted rapier
 78663 | Zig:20   | Identified the cursed +1 rapier "Giptam" {pain, -Tele rElec
                  | rN+++ Int-5} (You found it on level 20 of a ziggurat)
 78705 | Zig:21   | Entered Level 21 of a ziggurat
 78738 | Zig:21   | Reached skill level 15 in Fire Magic
 78739 | Zig:21   | Noticed an ancient lich
 78741 | Zig:21   | Killed an ancient lich
 78741 | Zig:21   | Noticed an ancient lich
 78741 | Zig:21   | Noticed an ancient lich
 78743 | Zig:21   | Killed an ancient lich
 78743 | Zig:21   | Killed an ancient lich
 78743 | Zig:21   | Reached skill level 27 in Shields
 78750 | Zig:21   | Reached skill level 10 in Throwing
 78757 | Zig:21   | Found the +7 Kryia's mail coat {PotionHeal*2 rC+}
 78769 | Zig:21   | Got a fine iron amulet
 78831 | Zig:21   | Identified the amulet "Zailemis" {Gourm rC+} (You found it
                  | on level 21 of a ziggurat)
 78854 | Zig:21   | Identified the +4 great sword "Qiohoshre" {flame, +Inv
                  | rElec} (You found it on level 21 of a ziggurat)
 78862 | Zig:21   | Reached skill level 5 in Hexes
 78863 | Zig:21   | Reached skill level 15 in Dodging
 78869 | Zig:22   | Entered Level 22 of a ziggurat
 78926 | Zig:22   | Found the +9 staff of Wucad Mu {channel}
 78932 | Zig:22   | Identified the Handbook of Nocuous Snow
 78936 | Zig:22   | Identified the Almanac of Dislocated Enhancements
 78942 | Zig:22   | Identified the Incunabulum of Scorching Companions
 78952 | Zig:22   | Identified the Almanac of the Lucky Traveller
 79034 | Zig:22   | Identified the +5 chain mail "Teocs" {Dex+3} (You found it
                  | on level 22 of a ziggurat)
 79039 | Zig:22   | Reached skill level 5 in Charms
 79049 | Zig:23   | Entered Level 23 of a ziggurat
 79150 | Zig:23   | Identified the Tome of Supportive Transmutation
 79262 | Zig:23   | Got a jewelled flail
 79268 | Zig:23   | Identified the +8 flail "Ruhag" {pain, rPois Int+4 Dex+4}
                  | (You found it on level 23 of a ziggurat)
 79270 | Zig:23   | Identified the +2 leather armour "Zugats" {Str+5 SInv} (You
                  | found it on level 23 of a ziggurat)
 79283 | Zig:23   | Got a scorched large shield
 79294 | Zig:23   | Identified the +2 large shield of Kikubaaqudgha's Esteem
                  | {rN+} (You acquired it on level 23 of a ziggurat)
 79335 | Zig:24   | Entered Level 24 of a ziggurat
 79346 | Zig:24   | Noticed a greater mummy
 79352 | Zig:24   | Killed a greater mummy
 79356 | Zig:24   | Noticed a greater mummy
 79358 | Zig:24   | Noticed a greater mummy
 79358 | Zig:24   | Noticed a greater mummy
 79359 | Zig:24   | Killed a greater mummy
 79360 | Zig:24   | Noticed a greater mummy
 79361 | Zig:24   | Killed a greater mummy
 79361 | Zig:24   | Killed a greater mummy
 79361 | Zig:24   | Noticed a greater mummy
 79361 | Zig:24   | Noticed a greater mummy
 79361 | Zig:24   | Noticed a greater mummy
 79362 | Zig:24   | Killed a greater mummy
 79362 | Zig:24   | Noticed a greater mummy
 79363 | Zig:24   | Killed a greater mummy
 79364 | Zig:24   | Killed a greater mummy
 79364 | Zig:24   | Killed a greater mummy
 79368 | Zig:24   | Killed a greater mummy
 79372 | Zig:24   | Noticed a greater mummy
 79375 | Zig:24   | Killed a greater mummy
 79543 | Zig:24   | Identified the Tome of Creative Sinister Arts
 79667 | Zig:24   | Got an encrusted morningstar
 79670 | Zig:24   | Got an encrusted plate armour
 79676 | Zig:24   | Identified the +8 morningstar of Oduntoso {pain, *Noise
                  | Int+8} (You found it on level 24 of a ziggurat)
 79689 | Zig:24   | Identified the +6 plate armour of the Black Skies {MR+}
                  | (You found it on level 24 of a ziggurat)
 79701 | Zig:24   | Got a scorched chain mail
 79712 | Zig:24   | Identified the cursed +1 chain mail "Ulicytz" {rC++ Int+5}
                  | (You found it on level 24 of a ziggurat)
 79728 | Zig:24   | Got an encrusted falchion
 79734 | Zig:24   | Identified the +6 falchion "Kueciuje" {venom, Dex+3} (You
                  | found it on level 24 of a ziggurat)
 79740 | Zig:25   | Entered Level 25 of a ziggurat
 79788 | Zig:25   | Found the +4 moon troll leather armour {Spirit, Regen++
                  | MP+5}
 79793 | Zig:25   | Found the +5 pair of quick blades "Gyre" and "Gimble"
                  | {pierce, Dex-3}
 79797 | Zig:25   | Got a heavily runed golden amulet
 79805 | Zig:25   | Identified the Papyrus of Igneous Snow
 79807 | Zig:25   | Identified Waroi's Tome of Conjuration
 79917 | Zig:25   | Got a twisted falchion
 79919 | Zig:25   | Got a shimmering rapier
 79926 | Zig:25   | Identified the cursed +3 falchion of Fixation {antimagic,
                  | rC+ MR- Int+4 Dex+4} (You found it on level 25 of a
                  | ziggurat)
 79927 | Zig:25   | Identified the +9 rapier of the Realm of Zot {venom, rPois
                  | rN+ Str+6 Int-5} (You found it on level 25 of a ziggurat)
 79933 | Zig:25   | Got a bloodstained rapier
 79935 | Zig:25   | Got a dazzling cloak
 79947 | Zig:25   | Identified the amulet "Toket" {Harm *Drain rN++ Int-4
                  | Dex+5} (You found it on level 25 of a ziggurat)
 79950 | Zig:25   | Identified the +6 rapier of Impermanence {drain, Fragile
                  | Int+2 SInv} (You found it on level 25 of a ziggurat)
 79953 | Zig:25   | Got a pair of fine gloves
 79966 | Zig:25   | Identified the cursed +0 pair of gloves "Gupsu" {Str+2}
                  | (You found it on level 25 of a ziggurat)
 79988 | Zig:25   | Identified the cursed +0 cloak of Devorch {rF+++} (You
                  | found it on level 25 of a ziggurat)
 80047 | Zig:26   | Entered Level 26 of a ziggurat
 80068 | Zig:26   | Reached skill level 15 in Stealth
 80075 | Zig:26   | Reached skill level 15 in Crossbows
 80142 | Zig:26   | Identified the Handbook of Lethal Confrontation
 80146 | Zig:26   | Got a slimy iron ring
 80277 | Zig:26   | Learned a level 8 spell: Death's Door
 80297 | Zig:26   | Got a pitted cloak
 80338 | Zig:26   | Identified the +2 cloak of Wu Jian's Envy {MR+++ Int-2
                  | Dex+4 Stlth-} (You found it on level 26 of a ziggurat)
 80350 | Zig:26   | Identified the ring "Ystenire" {rCorr rPois Dex+5 Slay-5}
                  | (You found it on level 26 of a ziggurat)
 80355 | Zig:26   | Got a polished scale mail
 80357 | Zig:26   | Got a crude ring mail
 80371 | Zig:26   | Identified the cursed +0 scale mail of Pale {rElec Str+5
                  | Dex-5 Slay+6} (You found it on level 26 of a ziggurat)
 80371 | Zig:26   | Lost dexterity.
 80386 | Zig:26   | Identified the +4 ring mail "Vefupsep" {Dex+6 Slay+3} (You
                  | found it on level 26 of a ziggurat)
 80399 | Zig:26   | Reached skill level 5 in Translocations
 80405 | Zig:27   | Entered Level 27 of a ziggurat
 80423 | Zig:27   | Reached skill level 10 in Evocations
 80425 | Zig:27   | Reached skill level 5 in Necromancy
 80519 | Zig:27   | Got a glittering lead ring
 80636 | Zig:27   | Got a faintly humming cloak
 80650 | Zig:27   | Identified the ring "Mexieh" {rElec rC+ Int-3 SInv} (You
                  | found it on level 27 of a ziggurat)
 80664 | Zig:27   | Identified the +2 cloak "Qohemus" {rN++ Dex-5 Slay+3} (You
                  | found it on level 27 of a ziggurat)
 80664 | Zig:27   | Lost dexterity.
 80686 | Zig:1    | Entered Level 1 of a ziggurat
 80707 | Zig:2    | Entered Level 2 of a ziggurat
 80707 | Zig:2    | Noticed Erusm the pandemonium lord
 80710 | Zig:2    | Killed Erusm the pandemonium lord
 80776 | Zig:2    | Got a spiked leather armour
 80789 | Zig:2    | Identified the +3 leather armour "Pediesm" {MR- Str+3 Dex+8
                  | SInv} (You found it on level 2 of a ziggurat)
 80806 | Zig:3    | Entered Level 3 of a ziggurat
 80853 | Zig:4    | Entered Level 4 of a ziggurat
 80876 | Zig:5    | Entered Level 5 of a ziggurat
 80879 | Zig:5    | Reached skill level 10 in Air Magic
 81050 | Zig:6    | Entered Level 6 of a ziggurat
 81054 | Zig:6    | Noticed Lopocier the pandemonium lord
 81056 | Zig:6    | Killed Lopocier the pandemonium lord
 81087 | Zig:7    | Entered Level 7 of a ziggurat
 81123 | Zig:8    | Entered Level 8 of a ziggurat
 81131 | Zig:8    | Reached skill level 27 in Conjurations
 81145 | Zig:8    | Got a twitching silver ring
 81192 | Zig:8    | Identified the ring "Ytuip" {rC+ MP-9 Dex+8 Slay+4} (You
                  | found it on level 8 of a ziggurat)
 81193 | Zig:8    | Identified the +5 plate armour of the Spider Nest {rF++}
                  | (You found it on level 8 of a ziggurat)
 81203 | Zig:9    | Entered Level 9 of a ziggurat
 81260 | Zig:9    | Identified the +2 robe of the Tired Realms {rPois Str+4
                  | Int-5} (You found it on level 9 of a ziggurat)
 81264 | Zig:10   | Entered Level 10 of a ziggurat
 81286 | Zig:10   | Got a glittering amber ring
 81346 | Zig:10   | Identified a +2 pair of boots of running (You found it on
                  | level 10 of a ziggurat)
 81356 | Zig:10   | Identified the ring "Rinujem" {rF+ Str+2 Int+5 SInv} (You
                  | found it on level 10 of a ziggurat)
 81360 | Zig:10   | Got a pitted rapier
 81361 | Zig:10   | Identified the +7 rapier of a sewer {pierce, rC++ Stlth+}
                  | (You found it on level 10 of a ziggurat)
 81368 | Zig:11   | Entered Level 11 of a ziggurat
 81383 | Zig:11   | Reached skill level 15 in Throwing
 81384 | Zig:11   | Reached skill level 27 in Fighting
 81495 | Zig:12   | Entered Level 12 of a ziggurat
 81536 | Zig:12   | Got a bound turquoise ring
 81579 | Zig:12   | Got a bloodstained trident
 81588 | Zig:12   | Identified the +11 trident "Ytsux" {elec, rPois rN+ SInv}
                  | (You found it on level 12 of a ziggurat)
 81589 | Zig:12   | Identified the ring of the Griffon {Ice +Fly rPois Str+6
                  | Int-3} (You found it on level 12 of a ziggurat)
 81595 | Zig:12   | Identified the cursed +1 fustibalus "Gowaishem" {freeze,
                  | rPois rF+ Stlth+} (You found it on level 12 of a ziggurat)
 81601 | Zig:13   | Entered Level 13 of a ziggurat
 81632 | Zig:13   | Got a fine jade amulet
 81710 | Zig:13   | Identified the amulet "Bas Back" {Faith rC+ Int-3 Dex+4}
                  | (You found it on level 13 of a ziggurat)
 81715 | Zig:13   | Got a jewelled long sword
 81716 | Zig:13   | Identified the +8 long sword of Uleqeckebar {freeze, Int+4}
                  | (You found it on level 13 of a ziggurat)
 81719 | Zig:13   | Got an encrusted broad axe
 81721 | Zig:13   | Identified the +10 broad axe of Radicalism {flame, Stlth+}
                  | (You found it on level 13 of a ziggurat)
 81725 | Zig:13   | Got a crystal scimitar
 81730 | Zig:13   | Identified the +5 scimitar of Osiazac {holy, Int+6} (You
                  | found it on level 13 of a ziggurat)
 81736 | Zig:14   | Entered Level 14 of a ziggurat
 81804 | Zig:14   | Got a slimy jade ring
 81809 | Zig:14   | Got a slimy golden ring
 81877 | Zig:14   | Identified the ring of Ninyviwi {rElec rPois Str+4} (You
                  | found it on level 14 of a ziggurat)
 81880 | Zig:14   | Identified the ring of Illakef {rF+ Int+3} (You found it on
                  | level 14 of a ziggurat)
 81886 | Zig:14   | Got a faintly glowing chain mail
 81903 | Zig:14   | Identified the +1 chain mail of Curiosity {Str+2 SInv} (You
                  | found it on level 14 of a ziggurat)
 81935 | Zig:15   | Entered Level 15 of a ziggurat
 81976 | Zig:15   | Found the +7 longbow "Piercer" {penet, EV-2}
 81981 | Zig:15   | Identified Ciwk's Disquisition on Flight
 82161 | Zig:16   | Entered Level 16 of a ziggurat
 82346 | Zig:16   | Identified the +0 scale mail of the Doldrums {rElec rC-
                  | rN+} (You found it on level 16 of a ziggurat)
 82348 | Zig:16   | Identified the +2 cloak "Cerry" {rPois rF++ rCorr Int-4}
                  | (You found it on level 16 of a ziggurat)
 82355 | Zig:16   | Identified the +8 hand axe of the Postmodern Eyes {freeze,
                  | MR+} (You found it on level 16 of a ziggurat)
 82360 | Zig:17   | Entered Level 17 of a ziggurat
 82372 | Zig:17   | Noticed a greater mummy
 82374 | Zig:17   | Killed a greater mummy
 82376 | Zig:17   | Noticed a greater mummy
 82377 | Zig:17   | Killed a greater mummy
 82385 | Zig:17   | Noticed a greater mummy
 82386 | Zig:17   | Noticed a greater mummy
 82387 | Zig:17   | Killed a greater mummy
 82389 | Zig:17   | Killed a greater mummy
 82391 | Zig:17   | Noticed a greater mummy
 82393 | Zig:17   | Noticed a greater mummy
 82394 | Zig:17   | Killed a greater mummy
 82398 | Zig:17   | Killed a greater mummy
 82399 | Zig:17   | Noticed a greater mummy
 82402 | Zig:17   | Killed a greater mummy
 82420 | Zig:17   | Identified the Catalogue of Quantum Bewitchment
 82422 | Zig:17   | Identified the Compendium of Poison
 82428 | Zig:17   | Got a brightly glowing copper ring
 82515 | Zig:17   | Identified the ring of Vilazili {rElec rPois Str-2 Int+4}
                  | (You found it on level 17 of a ziggurat)
 82525 | Zig:17   | Got a pair of faintly glowing boots
 82536 | Zig:17   | Identified the +0 pair of boots "Avelyixt" {+Inv MR+++ MP+9
                  | Dex-2} (You acquired it on level 17 of a ziggurat)
 82862 | Zig:17   | Got a twisted leather armour
 82883 | Zig:17   | Identified the +3 leather armour of Modesty {rPois rF-
                  | Str+4} (You found it on level 17 of a ziggurat)
 82898 | Zig:18   | Entered Level 18 of a ziggurat
 82914 | Zig:18   | Noticed an ancient lich
 82915 | Zig:18   | Killed an ancient lich
 82916 | Zig:18   | Reached skill level 10 in Charms
 82921 | Zig:18   | Noticed an ancient lich
 82922 | Zig:18   | Killed an ancient lich
 82928 | Zig:18   | Reached skill level 10 in Translocations
 82970 | Zig:18   | Found the +7 Singing Sword
 83099 | Zig:18   | Got a citrine-studded chain mail
 83120 | Zig:18   | Identified the +8 chain mail "Aloqanu" {rElec rC+ rN+
                  | Str-3} (You found it on level 18 of a ziggurat)
 83136 | Zig:19   | Entered Level 19 of a ziggurat
 83200 | Zig:19   | Identified Hichi's Catalogue of the Oath
 83284 | Zig:19   | Got a transparent hunting sling
 83288 | Zig:19   | Got an ancient hand axe
 83296 | Zig:19   | Got a warped hunting sling
 83299 | Zig:19   | Identified the +6 hand axe "Giantslayer" {drain, *Drain rN+
                  | Str+3} (You found it on level 19 of a ziggurat)
 83301 | Zig:19   | Identified the cursed +1 hunting sling "Icvas" {velocity,
                  | Dex+2} (You found it on level 19 of a ziggurat)
 83303 | Zig:19   | Identified the +8 hunting sling "Ikhixzym" {venom, +Inv
                  | +Fly} (You found it on level 19 of a ziggurat)
 83318 | Zig:19   | Learned a level 8 spell: Controlled Blink
 83327 | Zig:20   | Entered Level 20 of a ziggurat
 83355 | Zig:20   | Reached skill level 5 in Ice Magic
 83525 | Zig:20   | Got a jewelled leather armour
 83547 | Zig:20   | Identified the +3 leather armour "Jyhumn" {rF+ Dex-2 SInv}
                  | (You found it on level 20 of a ziggurat)
 83547 | Zig:20   | Lost dexterity.
 83565 | Zig:21   | Entered Level 21 of a ziggurat
 83594 | Zig:21   | Reached skill level 10 in Necromancy
 83619 | Zig:21   | Found the +6 shillelagh "Devastator" {shatter}
 83619 | Zig:21   | Found the +8 orange crystal plate armour {Archmagi, Int+3
                  | Clar}
 83637 | Zig:21   | Identified the Guide on Frigorific Shape Shifting
 83758 | Zig:21   | Identified the +1 robe of Repulsion {Str+2 Int+3} (You
                  | found it on level 21 of a ziggurat)
 83764 | Zig:21   | Identified the cursed +1 storm dragon scales of Cenes
                  | {rElec rF+ rC+ rCorr SInv} (You found it on level 21 of a
                  | ziggurat)
 83778 | Zig:22   | Entered Level 22 of a ziggurat
 83800 | Zig:22   | Noticed a greater mummy
 83802 | Zig:22   | Killed a greater mummy
 83806 | Zig:22   | Noticed a greater mummy
 83807 | Zig:22   | Noticed a greater mummy
 83808 | Zig:22   | Noticed a greater mummy
 83808 | Zig:22   | Noticed a greater mummy
 83809 | Zig:22   | Killed a greater mummy
 83809 | Zig:22   | Noticed a greater mummy
 83810 | Zig:22   | Killed a greater mummy
 83810 | Zig:22   | Noticed a greater mummy
 83811 | Zig:22   | Noticed a greater mummy
 83811 | Zig:22   | Noticed a greater mummy
 83816 | Zig:22   | Killed a greater mummy
 83817 | Zig:22   | Killed a greater mummy
 83817 | Zig:22   | Killed a greater mummy
 83819 | Zig:22   | Killed a greater mummy
 83821 | Zig:22   | Killed a greater mummy
 83821 | Zig:22   | Noticed a greater mummy
 83822 | Zig:22   | Killed a greater mummy
 83822 | Zig:22   | Noticed a greater mummy
 83824 | Zig:22   | Killed a greater mummy
 83824 | Zig:22   | Killed a greater mummy
 83824 | Zig:22   | Noticed a greater mummy
 83824 | Zig:22   | Noticed a greater mummy
 83827 | Zig:22   | Noticed a greater mummy
 83827 | Zig:22   | Noticed a greater mummy
 83830 | Zig:22   | Killed a greater mummy
 83831 | Zig:22   | Killed a greater mummy
 83832 | Zig:22   | Killed a greater mummy
 83832 | Zig:22   | Killed a greater mummy
 83835 | Zig:22   | Reached skill level 10 in Hexes
 84033 | Zig:22   | Got a bound marble ring
 84130 | Zig:22   | Identified the ring "Roalyiv" {MP+9 Dex+3} (You found it on
                  | level 22 of a ziggurat)
 84145 | Zig:22   | Got a faintly glowing trident
 84146 | Zig:22   | Identified the +9 trident "Iniod" {holy, rC+ Dex+7} (You
                  | found it on level 22 of a ziggurat)
 84174 | Zig:23   | Entered Level 23 of a ziggurat
 84195 | Zig:23   | Noticed a juggernaut
 84197 | Zig:23   | Killed a juggernaut
 84303 | Zig:23   | Identified Jozazest's Papyrus of Dark Rites and the
                  | Volcanoes
 84305 | Zig:23   | Identified the Handbook of Quantum Companions
 84312 | Zig:23   | Got a scintillating steel amulet
 84321 | Zig:23   | Identified the Catalogue of Transformation
 84326 | Zig:23   | Identified the Reference Book on Supportive Earth
 84418 | Zig:23   | Got a fine ring mail
 84423 | Zig:23   | Got a transparent scale mail
 84439 | Zig:23   | Identified the +1 ring mail of the Beginning {*Drain rElec
                  | rF- rN+++} (You found it on level 23 of a ziggurat)
 84449 | Zig:23   | Identified the +3 scale mail of Xoitwuu {rPois Slay+3} (You
                  | found it on level 23 of a ziggurat)
 84462 | Zig:23   | Identified the amulet of Xom's Reproof {Harm *Drain MR+
                  | Str+6 Dex+3 Stlth-} (You found it on level 23 of a
                  | ziggurat)
 84475 | Zig:24   | Entered Level 24 of a ziggurat
 84573 | Zig:24   | Found the brooch of Shielding {Reflect SH+8}
 84723 | Zig:25   | Entered Level 25 of a ziggurat
 84778 | Zig:25   | Found the +0 mask of the Dragon {MR+ Slay+3 SInv}
 84876 | Zig:25   | Identified the Incunabulum of Fiery Attacks
 84984 | Zig:25   | Got a faintly glowing whip
 84986 | Zig:25   | Identified the +9 whip "Obiu" {holy, rF- Str+9 Dex+5} (You
                  | found it on level 25 of a ziggurat)
 85010 | Zig:25   | Reached skill level 10 in Ice Magic
 85019 | Zig:26   | Entered Level 26 of a ziggurat
 85311 | Zig:26   | Got a brightly glowing amber ring
 85313 | Zig:26   | Got a scorched golden amulet
 85323 | Zig:26   | Got a translucent bronze ring
 85329 | Zig:26   | Got a fine iron amulet
 85436 | Zig:26   | Identified the ring "Vaenlusalo" {*Contam +Blink MP+9 Str+2
                  | Int+5} (You found it on level 26 of a ziggurat)
 85437 | Zig:26   | Identified the amulet of Wounluq {Reflect Str-5 Int+10
                  | SH+4} (You found it on level 26 of a ziggurat)
 85438 | Zig:26   | Identified the ring "Vibav" {rF++ EV+4 Dex-2} (You found it
                  | on level 26 of a ziggurat)
 85439 | Zig:26   | Identified the amulet of Fifim {Gourm Str+6 Int-4 Stlth+}
                  | (You found it on level 26 of a ziggurat)
 85509 | Zig:26   | Identified the +0 helmet "Wuppent" {Int+8} (You found it on
                  | level 26 of a ziggurat)
 85520 | Zig:26   | Identified the +10 scale mail "Iquskun" {rF+ Str+2} (You
                  | found it on level 26 of a ziggurat)
 85627 | Zig:27   | Entered Level 27 of a ziggurat
 85650 | Zig:27   | Reached skill level 15 in Evocations
 85672 | Zig:27   | Reached skill level 15 in Translocations
 85925 | Zig:27   | Found the +9 sword of Zonguldrok {reap}
 85935 | Zig:27   | Got a translucent platinum ring
 85950 | Zig:27   | Identified The Arcane Arts for Absolute Beginners
 86073 | Zig:27   | Identified the ring "Budelups" {Wiz rF+ MR+} (You found it
                  | on level 27 of a ziggurat)
 86074 | Zig:27   | Identified the cursed +0 storm dragon scales of Eblaf
                  | {rElec Stlth+} (You found it on level 27 of a ziggurat)
 86079 | Zig:27   | Got a translucent falchion
 86091 | Zig:27   | Identified the +12 falchion of Ucocylost {slice, rElec
                  | Int+3} (You found it on level 27 of a ziggurat)
 86104 | Zig:1    | Entered Level 1 of a ziggurat
 86119 | Zig:2    | Entered Level 2 of a ziggurat
 86178 | Zig:2    | Learned a level 6 spell: Invisibility
 86183 | Zig:3    | Entered Level 3 of a ziggurat
 86244 | Zig:4    | Entered Level 4 of a ziggurat
 86246 | Zig:4    | Noticed Yli Yhar the pandemonium lord
 86249 | Zig:4    | Killed Yli Yhar the pandemonium lord
 86298 | Zig:5    | Entered Level 5 of a ziggurat
 86317 | Zig:5    | Identified Gygh's Almanac of Lucky Hexes
 86345 | Zig:6    | Entered Level 6 of a ziggurat
 86363 | Zig:6    | Got a flickering lapis lazuli ring
 86378 | Zig:6    | Identified the ring "Poushuti" {rC+ MR+ Dex+2 SInv} (You
                  | found it on level 6 of a ziggurat)
 86387 | Zig:7    | Entered Level 7 of a ziggurat
 86413 | Zig:7    | Identified the +9 hand axe of Toem {flame, Int+3} (You
                  | found it on level 7 of a ziggurat)
 86424 | Zig:8    | Entered Level 8 of a ziggurat
 86466 | Zig:9    | Entered Level 9 of a ziggurat
 86473 | Zig:9    | Noticed a greater mummy
 86473 | Zig:9    | Noticed a greater mummy
 86475 | Zig:9    | Killed a greater mummy
 86475 | Zig:9    | Killed a greater mummy
 86475 | Zig:9    | Noticed a greater mummy
 86476 | Zig:9    | Noticed a greater mummy
 86478 | Zig:9    | Killed a greater mummy
 86478 | Zig:9    | Killed a greater mummy
 86478 | Zig:9    | Noticed a greater mummy
 86480 | Zig:9    | Killed a greater mummy
 86522 | Zig:9    | Identified the +8 mace of Conversion {venom, rElec MR+}
                  | (You found it on level 9 of a ziggurat)
 86673 | Zig:10   | Entered Level 10 of a ziggurat
 86682 | Zig:10   | Found the +2 cloak of the Thief {+Fog Slay-2 SInv Stlth+}
 86692 | Zig:10   | Found the ring of Phasing {EV+8}
 86756 | Zig:10   | Got an ichor-stained falchion
 86762 | Zig:10   | Got a translucent fustibalus
 86767 | Zig:10   | Identified the +10 falchion "Yfeppa" {slice, rElec rC+ rN+}
                  | (You found it on level 10 of a ziggurat)
 86768 | Zig:10   | Identified the +2 fustibalus of Gobifed {freeze, rElec rF-
                  | rC+++ SInv} (You found it on level 10 of a ziggurat)
 86776 | Zig:10   | Got a pair of fine gloves
 86792 | Zig:10   | Identified the -1 pair of gloves of Compassion {*Contam rN+
                  | Stlth+} (You acquired it on level 10 of a ziggurat)
 87038 | Zig:11   | Entered Level 11 of a ziggurat
 87081 | Zig:11   | Got a shimmering marble ring
 87103 | Zig:11   | Identified the ring "Adaot" {*Drain rF+ rN+ MR+} (You found
                  | it on level 11 of a ziggurat)
 87104 | Zig:11   | Identified the cursed +1 robe of Yesterday {rC+ Stlth+}
                  | (You found it on level 11 of a ziggurat)
 87113 | Zig:12   | Entered Level 12 of a ziggurat
 87123 | Zig:12   | Noticed Houhorr the pandemonium lord
 87125 | Zig:12   | Noticed Ynyvvial the pandemonium lord
 87126 | Zig:12   | Noticed Dempatylaps the pandemonium lord
 87128 | Zig:12   | Noticed Ekabb the pandemonium lord
 87130 | Zig:12   | Noticed Voqapt the pandemonium lord
 87132 | Zig:12   | Killed Houhorr the pandemonium lord
 87132 | Zig:12   | Reached skill level 15 in Charms
 87134 | Zig:12   | Killed Ynyvvial the pandemonium lord
 87136 | Zig:12   | Killed Dempatylaps the pandemonium lord
 87139 | Zig:12   | Killed Voqapt the pandemonium lord
 87141 | Zig:12   | Killed Ekabb the pandemonium lord
 87165 | Zig:12   | Got a twitching wooden ring
 87214 | Zig:12   | Got an ancient hunting sling
 87222 | Zig:12   | Got a crude hand axe
 87227 | Zig:12   | Identified the +12 hand axe "Ruofik" {pain, Int+8} (You
                  | found it on level 12 of a ziggurat)
 87228 | Zig:12   | Identified the +2 hunting sling of the Old World {flame,
                  | rF+ MR+} (You found it on level 12 of a ziggurat)
 87236 | Zig:12   | Identified the ring "Fyesh" {rC+ Int+3 SInv} (You found it
                  | on level 12 of a ziggurat)
 87250 | Zig:13   | Entered Level 13 of a ziggurat
 87259 | Zig:13   | Reached skill level 15 in Air Magic
 87296 | Zig:13   | Identified Sif Muna's Volume of Creative Air
 87354 | Zig:14   | Entered Level 14 of a ziggurat
 87390 | Zig:14   | Got a wavering glass ring
 87415 | Zig:14   | Identified the ring of Free Expression {Fire Dex+2} (You
                  | found it on level 14 of a ziggurat)
 87433 | Zig:14   | Identified the +4 broad axe "Figal" {venom, +Rage rElec MR-
                  | Str+4 Dex+3} (You found it on level 14 of a ziggurat)
 87475 | Zig:15   | Entered Level 15 of a ziggurat
 87505 | Zig:15   | Identified Sif Muna's Guide on Self-Improvement
 87561 | Zig:15   | Identified the +2 helmet of the Planets {*Corrode rPois
                  | rF+} (You found it on level 15 of a ziggurat)
 87576 | Zig:16   | Entered Level 16 of a ziggurat
 87675 | Zig:16   | Got a smoking silver ring
 87733 | Zig:16   | Identified the ring "Elubounk" {*Drain Int+4 Dex+3 Stlth+}
                  | (You found it on level 16 of a ziggurat)
 87734 | Zig:16   | Identified the +1 acid dragon scales "Wuplais" {+Blink
                  | rCorr} (You found it on level 16 of a ziggurat)
 87742 | Zig:16   | Identified the +1 broad axe "Basaako" {venom, +Fly rC+
                  | Int-2 Dex+10} (You found it on level 16 of a ziggurat)
 87750 | Zig:17   | Entered Level 17 of a ziggurat
 87831 | Zig:17   | Identified the Disquisition on Spatial Poison
 87833 | Zig:17   | Identified Sif Muna's Volume of Hexes and Displacement
 87859 | Zig:17   | Identified the +1 steam dragon scales of the Jackalope
                  | {Str+3} (You found it on level 17 of a ziggurat)
 87876 | Zig:18   | Entered Level 18 of a ziggurat
 87920 | Zig:18   | Found the ring of the Octopus King
 87927 | Zig:18   | Got a ring of the Octopus King
 87931 | Zig:18   | Identified the Compendium of Displacement
 87995 | Zig:19   | Entered Level 19 of a ziggurat
 88016 | Zig:19   | Reached skill level 15 in Necromancy
 88017 | Zig:19   | Reached skill level 27 in Fire Magic
 88058 | Zig:19   | Got a pitted glass ring
 88095 | Zig:19   | Identified the ring "Foget" {Wiz *Drain rPois MP+9} (You
                  | found it on level 19 of a ziggurat)
 88096 | Zig:19   | Identified the +8 scimitar of Terra Nullius {slice, rPois
                  | rN++} (You found it on level 19 of a ziggurat)
 88108 | Zig:19   | Lost mutation: You have sharp toenails. [potion of
                  | mutation]
 88108 | Zig:19   | Lost mutation: You are clumsy. (Dex -2) [potion of
                  | mutation]
 88108 | Zig:19   | Gained mutation: You have sharp toenails. [potion of
                  | mutation]
 88108 | Zig:19   | Lost mutation: You are robust. (+10% HP) [potion of
                  | mutation]
 88108 | Zig:19   | Gained mutation: You are partially covered in rugged brown
                  | scales. (AC +1, +3% HP) [potion of mutation]
 88109 | Zig:19   | Lost mutation: You have an increased reservoir of magic.
                  | (+10% MP) [potion of mutation]
 88109 | Zig:19   | Lost mutation: You are partially covered in rugged brown
                  | scales. (AC +1, +3% HP) [potion of mutation]
 88109 | Zig:19   | Gained mutation: You passively map a small area around you.
                  | [potion of mutation]
 88109 | Zig:19   | Gained mutation: You are occasionally teleported next to
                  | monsters. [potion of mutation]
 88109 | Zig:19   | Gained mutation: You have razor-sharp toenails. [potion of
                  | mutation]
 88110 | Zig:19   | Lost mutation: You are occasionally teleported next to
                  | monsters. [potion of mutation]
 88110 | Zig:19   | Lost mutation: You have razor-sharp toenails. [potion of
                  | mutation]
 88110 | Zig:19   | Gained mutation: You have a pair of small antennae on your
                  | head. [potion of mutation]
 88110 | Zig:19   | Gained mutation: Your muscles are strong. (Str +2) [potion
                  | of mutation]
 88110 | Zig:19   | Gained mutation: You are resistant to hostile enchantments.
                  | (MR+) [potion of mutation]
 88110 | Zig:19   | Gained mutation: You expend magic power (3 MP) to
                  | strengthen your wands. [potion of mutation]
 88111 | Zig:19   | Lost mutation: You have a pair of small antennae on your
                  | head. [potion of mutation]
 88111 | Zig:19   | Lost mutation: You are resistant to hostile enchantments.
                  | (MR+) [potion of mutation]
 88111 | Zig:19   | Lost mutation: You expend magic power (3 MP) to strengthen
                  | your wands. [potion of mutation]
 88111 | Zig:19   | Lost mutation: Your muscles are strong. (Str +2) [potion of
                  | mutation]
 88111 | Zig:19   | Gained mutation: Your body sometimes deteriorates upon
                  | taking damage. [potion of mutation]
 88111 | Zig:19   | Gained mutation: You have a beak for a mouth. [potion of
                  | mutation]
 88111 | Zig:19   | Gained mutation: You have a pair of small horns on your
                  | head. [potion of mutation]
 88112 | Zig:19   | Lost mutation: Your body sometimes deteriorates upon taking
                  | damage. [potion of mutation]
 88112 | Zig:19   | Lost mutation: You have a pair of small horns on your head.
                  | [potion of mutation]
 88112 | Zig:19   | Gained mutation: You are resistant to hostile enchantments.
                  | (MR+) [potion of mutation]
 88112 | Zig:19   | Gained mutation: You are partially covered in iridescent
                  | scales. (AC +2) [potion of mutation]
 88112 | Zig:19   | Gained mutation: Your spells are a little harder to cast,
                  | but a little more powerful. [potion of mutation]
 88124 | Zig:20   | Entered Level 20 of a ziggurat
 88167 | Zig:20   | Identified the Volume of Confrontation
 88172 | Zig:20   | Got a coiled bronze amulet
 88175 | Zig:20   | Got a transparent copper ring
 88303 | Zig:20   | Got a translucent broad axe
 88308 | Zig:20   | Got a slimy mace
 88321 | Zig:20   | Identified the cursed +0 mace of Situank {drain, Str+4}
                  | (You found it on level 20 of a ziggurat)
 88323 | Zig:20   | Identified the +10 broad axe of the First Stars {chop, +Fly
                  | Dex+3} (You found it on level 20 of a ziggurat)
 88328 | Zig:20   | Identified the amulet "Bior" {Acrobat Int+4} (You found it
                  | on level 20 of a ziggurat)
 88350 | Zig:21   | Entered Level 21 of a ziggurat
 88411 | Zig:21   | Got a flickering zirconium amulet
 88418 | Zig:21   | Got a wavering iron ring
 88477 | Zig:21   | Got a translucent hand axe
 88489 | Zig:21   | Got a fine scimitar
 88490 | Zig:21   | Identified the +0 scimitar of the Endless Expanse {protect,
                  | *Drain +Inv rPois MP-9} (You found it on level 21 of a
                  | ziggurat)
 88491 | Zig:21   | Identified the +1 hand axe of Unpleasantness {freeze,
                  | Int+2} (You found it on level 21 of a ziggurat)
 88496 | Zig:21   | Identified the amulet "Sawkogg" {Acrobat +Fly rF- rC+
                  | Int+8} (You found it on level 21 of a ziggurat)
 88507 | Zig:22   | Entered Level 22 of a ziggurat
 88562 | Zig:22   | Found the +6 arbalest "Damnation" {damnation}
 88594 | Zig:22   | Got a scintillating turquoise ring
 88600 | Zig:22   | Identified Advanced Rites and Rhymes
 88614 | Zig:22   | Identified the Grimoire of Fiery Dislocation
 88674 | Zig:22   | Got a polished hand axe
 88675 | Zig:22   | Identified the +5 hand axe "Impbane" {vamp, *Slow MR++
                  | Str+6} (You found it on level 22 of a ziggurat)
 88685 | Zig:23   | Entered Level 23 of a ziggurat
 88749 | Zig:23   | Found the +3 salamander hide armour {+Rage rF++}
 88749 | Zig:23   | Found the amulet of Vitality {Regen+ HP+15}
 88750 | Zig:23   | Found the +7 mace of Variability {chain chaos}
 88772 | Zig:23   | Identified Tiezigri's Papyrus of Shifting Stolen Souls
 88895 | Zig:23   | Identified the ring of the Barracuda {*Tele rElec rN+ Str+3
                  | Slay+2} (You found it on level 20 of a ziggurat)
 88916 | Zig:23   | Got a translucent scimitar
 88918 | Zig:23   | Reached skill level 1 in Long Blades
 88921 | Zig:23   | Got a faintly glowing rapier
 88934 | Zig:23   | Identified the +7 scimitar of a ziggurat {pain, Str-3
                  | Dex+4} (You found it on level 23 of a ziggurat)
 88935 | Zig:23   | Identified the +2 rapier of Past Mistakes {antimagic, rPois
                  | rC+} (You found it on level 23 of a ziggurat)
 89064 | Zig:24   | Entered Level 24 of a ziggurat
 89078 | Zig:24   | Noticed a greater mummy
 89078 | Zig:24   | Noticed a greater mummy
 89078 | Zig:24   | Noticed a greater mummy
 89080 | Zig:24   | Noticed a greater mummy
 89080 | Zig:24   | Noticed a greater mummy
 89081 | Zig:24   | Killed a greater mummy
 89081 | Zig:24   | Killed a greater mummy
 89081 | Zig:24   | Killed a greater mummy
 89082 | Zig:24   | Killed a greater mummy
 89082 | Zig:24   | Noticed a greater mummy
 89083 | Zig:24   | Killed a greater mummy
 89083 | Zig:24   | Noticed a greater mummy
 89085 | Zig:24   | Noticed a greater mummy
 89085 | Zig:24   | Noticed a greater mummy
 89085 | Zig:24   | Noticed a greater mummy
 89085 | Zig:24   | Noticed a greater mummy
 89085 | Zig:24   | Noticed a greater mummy
 89086 | Zig:24   | Noticed a greater mummy
 89086 | Zig:24   | Noticed a greater mummy
 89086 | Zig:24   | Noticed a greater mummy
 89086 | Zig:24   | Noticed a greater mummy
 89086 | Zig:24   | Noticed a greater mummy
 89086 | Zig:24   | Noticed a greater mummy
 89086 | Zig:24   | Noticed a greater mummy
 89086 | Zig:24   | Noticed a greater mummy
 89086 | Zig:24   | Noticed a greater mummy
 89086 | Zig:24   | Noticed a greater mummy
 89086 | Zig:24   | Noticed a greater mummy
 89087 | Zig:24   | Killed a greater mummy
 89087 | Zig:24   | Noticed a greater mummy
 89087 | Zig:24   | Noticed a greater mummy
 89088 | Zig:24   | Killed a greater mummy
 89088 | Zig:24   | Killed a greater mummy
 89088 | Zig:24   | Killed a greater mummy
 89088 | Zig:24   | Killed a greater mummy
 89088 | Zig:24   | Killed a greater mummy
 89088 | Zig:24   | Killed a greater mummy
 89088 | Zig:24   | Killed a greater mummy
 89088 | Zig:24   | Killed a greater mummy
 89088 | Zig:24   | Killed a greater mummy
 89088 | Zig:24   | Killed a greater mummy
 89088 | Zig:24   | Killed a greater mummy
 89089 | Zig:24   | Killed a greater mummy
 89089 | Zig:24   | Killed a greater mummy
 89089 | Zig:24   | Killed a greater mummy
 89089 | Zig:24   | Reached skill level 15 in Hexes
 89089 | Zig:24   | Killed a greater mummy
 89089 | Zig:24   | Killed a greater mummy
 89089 | Zig:24   | Killed a greater mummy
 89089 | Zig:24   | Killed a greater mummy
 89089 | Zig:24   | Killed a greater mummy
 89090 | Zig:24   | Noticed a greater mummy
 89093 | Zig:24   | Found the +7 lajatang of Order {silver, rMut}
 89093 | Zig:24   | Found the +7 sceptre of Torment
 89094 | Zig:24   | Killed a greater mummy
 89118 | Zig:24   | Identified the Volume of Frigorific Orientation
 89276 | Zig:25   | Entered Level 25 of a ziggurat
 89300 | Zig:25   | Reached skill level 27 in Armour
 89370 | Zig:25   | Found the ring of the Octopus King
 89396 | Zig:25   | Got a ring of the Octopus King
 89570 | Zig:26   | Entered Level 26 of a ziggurat
 89678 | Zig:26   | Found the ring of Robustness {AC+8}
 89688 | Zig:26   | Identified the Guide on Moulding and the Voyage
 89693 | Zig:26   | Identified the Papyrus of Icy Venom
 89699 | Zig:26   | Got a flickering granite ring
 89778 | Zig:26   | Got a faintly glowing shield
 89788 | Zig:26   | Got a faintly glowing long sword
 89808 | Zig:26   | Identified the +1 long sword of Pestilence {freeze, *Contam
                  | +Blink MR+ Int+7} (You found it on level 26 of a ziggurat)
 89863 | Zig:26   | Gained mutation: You are weak. (Str -2) [mutagenic glow]
 90003 | Zig:26   | Identified the ring of Koafun {Dex+2 Slay+2 Stlth+} (You
                  | found it on level 22 of a ziggurat)
 90005 | Zig:26   | Identified the ring of Fun {rElec rN+ Str+4 Stlth-} (You
                  | found it on level 21 of a ziggurat)
 90007 | Zig:26   | Identified the ring "Ewustagu" {rElec rF+ Int+4} (You found
                  | it on level 26 of a ziggurat)
 90023 | Zig:26   | Identified the cursed +0 shield "Joely" {rElec Slay+3} (You
                  | found it on level 26 of a ziggurat)
 90042 | Zig:26   | Lost mutation: You have sharp toenails. [potion of
                  | mutation]
 90042 | Zig:26   | Lost mutation: You are partially covered in iridescent
                  | scales. (AC +2) [potion of mutation]
 90042 | Zig:26   | Gained mutation: You are dopey. (Int -2) [potion of
                  | mutation]
 90042 | Zig:26   | Gained mutation: You have large cloven feet. [potion of
                  | mutation]
 90043 | Zig:26   | Lost mutation: Your spells are a little harder to cast, but
                  | a little more powerful. [potion of mutation]
 90043 | Zig:26   | Lost mutation: You passively map a small area around you.
                  | [potion of mutation]
 90043 | Zig:26   | Lost mutation: You are weak. (Str -2) [potion of mutation]
 90043 | Zig:26   | Lost mutation: You have large cloven feet. [potion of
                  | mutation]
 90043 | Zig:26   | Gained mutation: Your magical capacity is low. (-10% MP)
                  | [potion of mutation]
 90043 | Zig:26   | Gained mutation: Your magical capacity is very low. (-20%
                  | MP) [potion of mutation]
 90043 | Zig:26   | Gained mutation: You passively map a small area around you.
                  | [potion of mutation]
 90043 | Zig:26   | Gained mutation: You are partially covered in icy blue
                  | scales. (AC +2) [potion of mutation]
 90044 | Zig:26   | Lost mutation: Your magical capacity is very low. (-20% MP)
                  | [potion of mutation]
 90044 | Zig:26   | Lost mutation: You are partially covered in icy blue
                  | scales. (AC +2) [potion of mutation]
 90044 | Zig:26   | Gained mutation: Your magical capacity is very low. (-20%
                  | MP) [potion of mutation]
 90044 | Zig:26   | Lost mutation: Your magical capacity is very low. (-20% MP)
                  | [potion of mutation]
 90044 | Zig:26   | Gained mutation: You are agile. (Dex +2) [potion of
                  | mutation]
 90045 | Zig:26   | Lost mutation: You have a beak for a mouth. [potion of
                  | mutation]
 90045 | Zig:26   | Lost mutation: Your magical capacity is low. (-10% MP)
                  | [potion of mutation]
 90045 | Zig:26   | Lost mutation: You are dopey. (Int -2) [potion of mutation]
 90045 | Zig:26   | Gained mutation: You are partially covered in large bone
                  | plates. (SH +4) [potion of mutation]
 90045 | Zig:26   | Gained mutation: You are partially covered in rugged brown
                  | scales. (AC +1, +3% HP) [potion of mutation]
 90045 | Zig:26   | Gained mutation: Your flesh is heat resistant. (rF+)
                  | [potion of mutation]
 90046 | Zig:26   | Lost mutation: You are resistant to hostile enchantments.
                  | (MR+) [potion of mutation]
 90046 | Zig:26   | Lost mutation: You are partially covered in rugged brown
                  | scales. (AC +1, +3% HP) [potion of mutation]
 90046 | Zig:26   | Gained mutation: You possess an exceptional clarity of
                  | mind. [potion of mutation]
 90046 | Zig:26   | Gained mutation: Your muscles are strong. (Str +2) [potion
                  | of mutation]
 90047 | Zig:26   | Lost mutation: You are agile. (Dex +2) [potion of mutation]
 90047 | Zig:26   | Lost mutation: Your flesh is heat resistant. (rF+) [potion
                  | of mutation]
 90047 | Zig:26   | Lost mutation: You are partially covered in large bone
                  | plates. (SH +4) [potion of mutation]
 90047 | Zig:26   | Gained mutation: Your movements are slightly less
                  | encumbered by armour. (ER -2) [potion of mutation]
 90047 | Zig:26   | Gained mutation: You are resistant to hostile enchantments.
                  | (MR+) [potion of mutation]
 90048 | Zig:26   | Lost mutation: You possess an exceptional clarity of mind.
                  | [potion of mutation]
 90048 | Zig:26   | Lost mutation: You are resistant to hostile enchantments.
                  | (MR+) [potion of mutation]
 90048 | Zig:26   | Gained mutation: Armour fits poorly on your strangely
                  | shaped body. [potion of mutation]
 90048 | Zig:26   | Gained mutation: Your muscles are very strong. (Str +4)
                  | [potion of mutation]
 90049 | Zig:26   | Lost mutation: Armour fits poorly on your strangely shaped
                  | body. [potion of mutation]
 90049 | Zig:26   | Lost mutation: Your movements are slightly less encumbered
                  | by armour. (ER -2) [potion of mutation]
 90049 | Zig:26   | Gained mutation: You are partially covered in icy blue
                  | scales. (AC +2) [potion of mutation]
 90049 | Zig:26   | Gained mutation: Your body sometimes deteriorates upon
                  | taking damage. [potion of mutation]
 90049 | Zig:26   | Gained mutation: You are resistant to hostile enchantments.
                  | (MR+) [potion of mutation]
 90050 | Zig:26   | Lost mutation: You passively map a small area around you.
                  | [potion of mutation]
 90050 | Zig:26   | Lost mutation: You are partially covered in icy blue
                  | scales. (AC +2) [potion of mutation]
 90050 | Zig:26   | Lost mutation: Your body sometimes deteriorates upon taking
                  | damage. [potion of mutation]
 90050 | Zig:26   | Gained mutation: Scrolls take you a little longer to read.
                  | [potion of mutation]
 90050 | Zig:26   | Gained mutation: Armour fits poorly on your strangely
                  | shaped body. [potion of mutation]
 90050 | Zig:26   | Gained mutation: Scrolls take you longer to read. [potion
                  | of mutation]
 90050 | Zig:26   | Gained mutation: Your spells are a little harder to cast,
                  | but a little more powerful. [potion of mutation]
 90051 | Zig:26   | Lost mutation: Your muscles are very strong. (Str +4)
                  | [potion of mutation]
 90051 | Zig:26   | Lost mutation: Your muscles are strong. (Str +2) [potion of
                  | mutation]
 90051 | Zig:26   | Gained mutation: Your spells are harder to cast, but more
                  | powerful. [potion of mutation]
 90051 | Zig:26   | Gained mutation: You have a pair of small horns on your
                  | head. [potion of mutation]
 90052 | Zig:26   | Lost mutation: You are resistant to hostile enchantments.
                  | (MR+) [potion of mutation]
 90052 | Zig:26   | Lost mutation: Armour fits poorly on your strangely shaped
                  | body. [potion of mutation]
 90052 | Zig:26   | Lost mutation: Scrolls take you longer to read. [potion of
                  | mutation]
 90052 | Zig:26   | Gained mutation: You tend to lose your temper in combat.
                  | [potion of mutation]
 90052 | Zig:26   | Gained mutation: You expend magic power (3 MP) to
                  | strengthen your wands. [potion of mutation]
 90052 | Zig:26   | Gained mutation: You are partially covered in icy blue
                  | scales. (AC +2) [potion of mutation]
 90053 | Zig:26   | Lost mutation: You expend magic power (3 MP) to strengthen
                  | your wands. [potion of mutation]
 90053 | Zig:26   | Lost mutation: You are partially covered in icy blue
                  | scales. (AC +2) [potion of mutation]
 90053 | Zig:26   | Gained mutation: Armour fits poorly on your strangely
                  | shaped body. [potion of mutation]
 90053 | Zig:26   | Gained mutation: You are weak. (Str -2) [potion of
                  | mutation]
 90053 | Zig:26   | Lost mutation: You are weak. (Str -2) [potion of mutation]
 90054 | Zig:26   | Lost mutation: You have a pair of small horns on your head.
                  | [potion of mutation]
 90054 | Zig:26   | Lost mutation: Your spells are harder to cast, but more
                  | powerful. [potion of mutation]
 90054 | Zig:26   | Gained mutation: You evolve. [potion of mutation]
 90054 | Zig:26   | Gained mutation: You expend magic power (3 MP) to
                  | strengthen your wands. [potion of mutation]
 90089 | Zig:27   | Entered Level 27 of a ziggurat
 90215 | Zig:27   | Got a brightly glowing bronze ring
 90225 | Zig:27   | Identified the Reference Book on Twisted Lightness
 90329 | Zig:27   | Got a pair of bloodstained boots
 90345 | Zig:27   | Identified the cursed +0 pair of boots of Yrphiedyu {rC+}
                  | (You found it on level 27 of a ziggurat)
 90389 | Zig:1    | Entered Level 1 of a ziggurat
 90437 | Zig:1    | Identified the ring of Myeliyg {*Drain rPois Str+5 Int+8}
                  | (You found it on level 27 of a ziggurat)
 90444 | Zig:2    | Entered Level 2 of a ziggurat
 90466 | Zig:3    | Entered Level 3 of a ziggurat
 90498 | Zig:4    | Entered Level 4 of a ziggurat
 90562 | Zig:5    | Entered Level 5 of a ziggurat
 90565 | Zig:5    | Found the +3 hat of Pondering {ponderous, MR+ MP+10 Int+5}
 90605 | Zig:5    | Got a pitted shield
 90618 | Zig:5    | Lost mutation: Armour fits poorly on your strangely shaped
                  | body. [evolution]
 90619 | Zig:5    | Identified the +5 shield "Cerixtug" {+Fly rF+++ Regen+
                  | Str-4} (You found it on level 5 of a ziggurat)
 90654 | Zig:6    | Entered Level 6 of a ziggurat
 90681 | Zig:6    | Got a clouded lapis lazuli ring
 90691 | Zig:6    | Got an iridescent giant club
 90702 | Zig:7    | Entered Level 7 of a ziggurat
 90709 | Zig:7    | Noticed Poihus the pandemonium lord
 90715 | Zig:7    | Killed Poihus the pandemonium lord
 90759 | Zig:8    | Entered Level 8 of a ziggurat
 90763 | Zig:8    | Noticed a juggernaut
 90766 | Zig:8    | Killed a juggernaut
 90810 | Zig:8    | Got a pitted pewter amulet
 90843 | Zig:8    | Got a spiked shield
 90846 | Zig:8    | Got an encrusted long sword
 90847 | Zig:8    | Identified the +10 long sword "Leclew" {slice, rN+} (You
                  | found it on level 8 of a ziggurat)
 90860 | Zig:8    | Identified the +2 shield of Quantum Leap {rF+ rC+} (You
                  | found it on level 8 of a ziggurat)
 90872 | Zig:8    | Identified the amulet of Suspected Treachery {Faith rPois
                  | Int+4 Dex+4 SInv} (You found it on level 8 of a ziggurat)
 90878 | Zig:8    | Identified the ring "Jompur Geesm" {Wiz rPois MR+ MP+9
                  | Int+3} (You found it on level 6 of a ziggurat)
 90884 | Zig:9    | Entered Level 9 of a ziggurat
 90906 | Zig:9    | Found the amulet of the Four Winds {rN+ MR+++ Clar}
 90915 | Zig:9    | Got a sparkling granite ring
 90928 | Zig:9    | Got a slimy hand axe
 90942 | Zig:9    | Identified the ring of the Catfish {+Blink rF+ rC+ Str+5}
                  | (You found it on level 9 of a ziggurat)
 90944 | Zig:9    | Identified the cursed +1 hand axe of Reinforcement
                  | {antimagic, rN+} (You found it on level 9 of a ziggurat)
 91077 | Zig:10   | Entered Level 10 of a ziggurat
 91124 | Zig:10   | Got a pair of spiked gloves
 91140 | Zig:10   | Identified the +2 pair of gloves of Woboj {rN+} (You found
                  | it on level 10 of a ziggurat)
 91179 | Zig:11   | Entered Level 11 of a ziggurat
 91205 | Zig:11   | Found the ring of the Octopus King
 91214 | Zig:11   | Got a ring of the Octopus King
 91226 | Zig:11   | Got a brightly glowing hand crossbow
 91237 | Zig:11   | Identified the +6 hand crossbow of Painful Death {velocity,
                  | rF++ rC+ Dex+4 Stlth-} (You found it on level 11 of a
                  | ziggurat)
 91249 | Zig:12   | Entered Level 12 of a ziggurat
 91263 | Zig:12   | Noticed Ynuuhuin the pandemonium lord
 91272 | Zig:12   | Killed Ynuuhuin the pandemonium lord
 91291 | Zig:12   | Found the +0 pair of fencer's gloves {+Riposte Dex+3}
 91477 | Zig:12   | Got a pair of scorched boots
 91496 | Zig:12   | Identified the +2 pair of boots "Zonazos" {rF+ MR+ Int+4}
                  | (You found it on level 12 of a ziggurat)
 91565 | Zig:13   | Entered Level 13 of a ziggurat
 91571 | Zig:13   | Found the +7 great mace "Undeadhunter" {disrupt, rN+}
 91601 | Zig:13   | Got a pitted lapis lazuli ring
 91660 | Zig:13   | Identified the ring "Lohanyv" {rC+ MR+ EV+3 Stlth+} (You
                  | found it on level 13 of a ziggurat)
 91689 | Zig:14   | Entered Level 14 of a ziggurat
 91694 | Zig:14   | Noticed Xovion the pandemonium lord
 91694 | Zig:14   | Noticed Sahasado the pandemonium lord
 91694 | Zig:14   | Noticed Wigug the pandemonium lord
 91695 | Zig:14   | Noticed Hujur the pandemonium lord
 91695 | Zig:14   | Noticed Wumud the pandemonium lord
 91698 | Zig:14   | Noticed Cuherrag the pandemonium lord
 91699 | Zig:14   | Killed Wumud the pandemonium lord
 91700 | Zig:14   | Noticed Keazesse the pandemonium lord
 91701 | Zig:14   | Killed Sahasado the pandemonium lord
 91701 | Zig:14   | Noticed Kal Ycub the pandemonium lord
 91702 | Zig:14   | Killed Xovion the pandemonium lord
 91703 | Zig:14   | Killed Cuherrag the pandemonium lord
 91703 | Zig:14   | Killed Wigug the pandemonium lord
 91703 | Zig:14   | Killed Kal Ycub the pandemonium lord
 91703 | Zig:14   | Noticed Bios the pandemonium lord
 91704 | Zig:14   | Killed Hujur the pandemonium lord
 91704 | Zig:14   | Killed Keazesse the pandemonium lord
 91704 | Zig:14   | Noticed Gajoa the pandemonium lord
 91706 | Zig:14   | Killed Bios the pandemonium lord
 91707 | Zig:14   | Killed Gajoa the pandemonium lord
 91714 | Zig:14   | Noticed Igat the pandemonium lord
 91717 | Zig:14   | Noticed Doske the pandemonium lord
 91718 | Zig:14   | Killed Igat the pandemonium lord
 91719 | Zig:14   | Killed Doske the pandemonium lord
 91734 | Zig:14   | Identified the Handbook of the Invisible Tables
 91755 | Zig:14   | Identified the +1 cloak of Dithmenos's Esteem {rC+ Str+3}
                  | (You found it on level 14 of a ziggurat)
 91760 | Zig:14   | Found the +3 pair of gauntlets of War {Slay+5}
 91788 | Zig:14   | Gained mutation: Your muscles are strong. (Str +2)
                  | [evolution]
 91806 | Zig:15   | Entered Level 15 of a ziggurat
 92085 | Zig:15   | Identified Sif Muna's Tome of the Creative Mountains
 92091 | Zig:15   | Identified the Almanac of Congealing Displacement
 92101 | Zig:15   | Got a pair of brightly glowing boots
 92112 | Zig:15   | Identified the +0 pair of boots of Hulafosk {*Drain Str+2
                  | SInv} (You found it on level 15 of a ziggurat)
 92121 | Zig:16   | Entered Level 16 of a ziggurat
 92123 | Zig:16   | Noticed a greater mummy
 92125 | Zig:16   | Noticed a greater mummy
 92125 | Zig:16   | Noticed a greater mummy
 92125 | Zig:16   | Noticed a greater mummy
 92125 | Zig:16   | Noticed a greater mummy
 92126 | Zig:16   | Noticed a greater mummy
 92129 | Zig:16   | Noticed a greater mummy
 92129 | Zig:16   | Noticed a greater mummy
 92129 | Zig:16   | Noticed a greater mummy
 92129 | Zig:16   | Noticed a greater mummy
 92129 | Zig:16   | Noticed a greater mummy
 92129 | Zig:16   | Noticed a greater mummy
 92129 | Zig:16   | Noticed a greater mummy
 92130 | Zig:16   | Found the +2 shield of Resistance {rF+ rC+ MR+}
 92130 | Zig:16   | Killed a greater mummy
 92130 | Zig:16   | Killed a greater mummy
 92131 | Zig:16   | Killed a greater mummy
 92131 | Zig:16   | Killed a greater mummy
 92131 | Zig:16   | Killed a greater mummy
 92131 | Zig:16   | Killed a greater mummy
 92131 | Zig:16   | Killed a greater mummy
 92132 | Zig:16   | Killed a greater mummy
 92132 | Zig:16   | Killed a greater mummy
 92132 | Zig:16   | Killed a greater mummy
 92132 | Zig:16   | Killed a greater mummy
 92132 | Zig:16   | Killed a greater mummy
 92132 | Zig:16   | Killed a greater mummy
 92345 | Zig:16   | Identified the +5 morningstar of Vus Fioch {crush, Int+6
                  | Dex-4 SInv Stlth+} (You found it on level 16 of a ziggurat)
 92349 | Zig:16   | Identified the +2 spear of Severance {venom, Dex+2} (You
                  | found it on level 16 of a ziggurat)
 92368 | Zig:17   | Entered Level 17 of a ziggurat
 92422 | Zig:17   | Got a clouded turquoise ring
 92428 | Zig:17   | Got a smoking tin ring
 92433 | Zig:17   | Identified the Disquisition on Attacks and Transmigration
 92467 | Zig:17   | Identified the ring "Achod" {rPois rF++ Stlth-} (You found
                  | it on level 17 of a ziggurat)
 92469 | Zig:17   | Identified the ring of Pycetaost {rF+ rN+ MP+9 Str+2} (You
                  | found it on level 17 of a ziggurat)
 92479 | Zig:17   | Identified the +1 hunting sling of Makhleb's Esteem
                  | {velocity, rElec MR+} (You found it on level 17 of a
                  | ziggurat)
 92499 | Zig:17   | Identified the +2 pair of boots "Idwutoh" {MR+} (You
                  | acquired it on level 17 of a ziggurat)
 92508 | Zig:18   | Entered Level 18 of a ziggurat
 92516 | Zig:18   | Found the +3 robe of Folly {Archmagi, MR-- Int+5}
 92638 | Zig:19   | Entered Level 19 of a ziggurat
 92700 | Zig:19   | Identified the Compendium of Intoxication and Talismans
 92709 | Zig:19   | Identified the Papyrus of Fiery Black Magic
 92726 | Zig:19   | Got a coiled turquoise ring
 92746 | Zig:19   | Identified the ring of Wishful Thinking {rF+ rC+ MR++ Dex+3
                  | SInv} (You found it on level 19 of a ziggurat)
 92758 | Zig:20   | Entered Level 20 of a ziggurat
 92828 | Zig:20   | Got a flickering steel amulet
 93000 | Zig:20   | Identified the amulet of Qaip {Faith Str+6} (You found it
                  | on level 20 of a ziggurat)
 93013 | Zig:20   | Identified the +0 pair of boots "Rilebaibb" {Int+6} (You
                  | acquired it on level 20 of a ziggurat)
 93026 | Zig:21   | Entered Level 21 of a ziggurat
 93036 | Zig:21   | Paralysed by a floating eye for 2 turns
 93077 | Zig:21   | Identified the Compendium of the Rocks and Dark Secrets
 93090 | Zig:21   | Identified Sif Muna's Collected Works on Glacial
                  | Transformation
 93134 | Zig:21   | Identified the +5 mace "Xolutape" {antimagic, rF+++ MR-
                  | Dex+4 SInv} (You found it on level 21 of a ziggurat)
 93156 | Zig:22   | Entered Level 22 of a ziggurat
 93164 | Zig:22   | Noticed an ancient lich
 93166 | Zig:22   | Killed an ancient lich
 93169 | Zig:22   | Noticed an ancient lich
 93169 | Zig:22   | Reached skill level 27 in Translocations
 93170 | Zig:22   | Killed an ancient lich
 93170 | Zig:22   | Noticed an ancient lich
 93172 | Zig:22   | Killed an ancient lich
 93176 | Zig:22   | Noticed an ancient lich
 93177 | Zig:22   | Noticed an ancient lich
 93178 | Zig:22   | Killed an ancient lich
 93179 | Zig:22   | Killed an ancient lich
 93179 | Zig:22   | Noticed an ancient lich
 93181 | Zig:22   | Killed an ancient lich
 93247 | Zig:22   | Got a smoking graven amulet
 93257 | Zig:22   | Got a flickering turquoise ring
 93313 | Zig:22   | Identified the amulet "Ivefujakk" {Gourm rC++} (You found
                  | it on level 22 of a ziggurat)
 93315 | Zig:22   | Identified the ring "Unuwuib" {+Fly rF+} (You found it on
                  | level 22 of a ziggurat)
 93324 | Zig:23   | Entered Level 23 of a ziggurat
 93338 | Zig:23   | Reached skill level 27 in Charms
 93410 | Zig:23   | Got a shimmering bone amulet
 93414 | Zig:23   | Identified the Catalogue of Flamy Clay
 93433 | Zig:23   | Identified the amulet of Telian Qeomm {Inacc rC+ Int+2
                  | SInv} (You found it on level 23 of a ziggurat)
 93450 | Zig:24   | Entered Level 24 of a ziggurat
 93502 | Zig:24   | Identified the Tome of Dark Aid
 93541 | Zig:24   | Identified the +2 long sword "Lifebane" {slice, Dex+2} (You
                  | found it on level 24 of a ziggurat)
 93571 | Zig:25   | Entered Level 25 of a ziggurat
 93599 | Zig:25   | Found the +10 dark maul {crush}
 93849 | Zig:25   | Found the +3 Elemental Staff {rElec rF++ rC++ MR++ AC+5}
 93854 | Zig:25   | Identified the Grimoire of Envenoming
 93873 | Zig:25   | Identified the Grimoire of Aerial Intoxication
 93879 | Zig:25   | Got a clouded iron ring
 93881 | Zig:25   | Identified Didobuo's Reference Book on Poisonous Protection
 93884 | Zig:25   | Got a smoking ruby amulet
 93933 | Zig:25   | Identified the ring of Udyvy {Str+6 Stlth+} (You found it
                  | on level 25 of a ziggurat)
 93935 | Zig:25   | Identified the amulet of Reice {Acrobat MR+ Dex+2} (You
                  | found it on level 25 of a ziggurat)
 93954 | Zig:25   | Identified the +9 war axe "Rueshroh" {venom, rElec} (You
                  | found it on level 25 of a ziggurat)
 93960 | Zig:25   | Identified the cursed +3 hunting sling "Hokal" {speed, rC+}
                  | (You found it on level 25 of a ziggurat)
 93966 | Zig:26   | Entered Level 26 of a ziggurat
 93992 | Zig:26   | Reached skill level 10 in Transmutations
 94033 | Zig:26   | Found the +8 glaive of the Guard {elec, +Rage AC+5 SInv}
 94037 | Zig:26   | Identified Ahuxec's Compendium of Weightlessness and
                  | Transformation
 94043 | Zig:26   | Identified the Collected Works on Enchanting Shape Shifting
 94053 | Zig:26   | Got a twitching tin ring
 94061 | Zig:26   | Identified the Reference Book on Attacks and the Voyage
 94134 | Zig:26   | Identified the ring "Jepuus" {rC+ rN+ MP+9 SInv} (You found
                  | it on level 26 of a ziggurat)
 94136 | Zig:26   | Identified the +6 hunting sling of Geoptoc {velocity, Str+3
                  | Int-3 Dex+5} (You found it on level 26 of a ziggurat)
 94161 | Zig:27   | Entered Level 27 of a ziggurat
 94167 | Zig:27   | Gained mutation: Your body sometimes deteriorates upon
                  | taking damage. [a neqoxec]
 94254 | Zig:27   | Identified the Reference Book on the Creative Blaze
 94258 | Zig:27   | Identified the Disquisition on Cold and Poisoning
 94261 | Zig:27   | Got a clouded iron ring
 94294 | Zig:27   | Identified the ring "Xamigyuc" {rC+ Str+2 Int+4 Slay+3
                  | Stlth-} (You found it on level 27 of a ziggurat)
 94296 | Zig:27   | Identified the cursed -2 large shield "Guejuagano" {rPois
                  | rC+ Regen+ Str+3} (You found it on level 27 of a ziggurat)
 94313 | Zig:1    | Entered Level 1 of a ziggurat
 94367 | Zig:2    | Entered Level 2 of a ziggurat
 94398 | Zig:3    | Entered Level 3 of a ziggurat
 94415 | Zig:4    | Entered Level 4 of a ziggurat
 94415 | Zig:4    | Found the +12 glaive of Prune {chop}
 94458 | Zig:4    | Identified the +2 morningstar of Hepliaklqana's Esteem
                  | {crush, *Slow rElec rPois Dex+4} (You found it on level 4
                  | of a ziggurat)
 94466 | Zig:4    | Got a twisted large shield
 94472 | Zig:4    | Got an ichor-stained helmet
 94488 | Zig:4    | Identified the -4 large shield "Diyckyve" {Int-3 Dex+5}
                  | (You acquired it on level 4 of a ziggurat)
 94529 | Zig:4    | Identified the +0 helmet of the Harvest {rCorr} (You
                  | acquired it on level 4 of a ziggurat)
 94547 | Zig:5    | Entered Level 5 of a ziggurat
 94548 | Zig:5    | Noticed Jaac the pandemonium lord
 94551 | Zig:5    | Killed Jaac the pandemonium lord
 94600 | Zig:6    | Entered Level 6 of a ziggurat
 94645 | Zig:6    | Got a glittering ivory ring
 94667 | Zig:6    | Identified the ring of the Thistle {*Contam rF+ Int+4 Dex+5
                  | Stlth-} (You found it on level 6 of a ziggurat)
 94673 | Zig:7    | Entered Level 7 of a ziggurat
 94694 | Zig:7    | Got a heavily runed brass ring
 94721 | Zig:7    | Identified the ring of the Genius {rF+ Str+2 Slay+2} (You
                  | found it on level 7 of a ziggurat)
 94744 | Zig:8    | Entered Level 8 of a ziggurat
 94804 | Zig:8    | Got a clouded silver ring
 94817 | Zig:8    | Identified the ring "Wosixtav" {rF- rN+ MP+9 Str+7 Int+3}
                  | (You found it on level 8 of a ziggurat)
 94825 | Zig:9    | Entered Level 9 of a ziggurat
 94838 | Zig:9    | Noticed Irchunij the pandemonium lord
 94841 | Zig:9    | Killed Irchunij the pandemonium lord
 94888 | Zig:9    | Lost mutation: Your body sometimes deteriorates upon taking
                  | damage. [evolution]
 94921 | Zig:10   | Entered Level 10 of a ziggurat
 94927 | Zig:10   | Noticed an ancient lich
 94927 | Zig:10   | Killed an ancient lich
 94931 | Zig:10   | Noticed an ancient lich
 94934 | Zig:10   | Killed an ancient lich
 95025 | Zig:11   | Entered Level 11 of a ziggurat
 95052 | Zig:11   | Found the +8 frozen axe "Frostbite" {freezing cloud, *Noise
                  | +Fly rC+}
 95059 | Zig:11   | Got a steaming amethyst amulet
 95116 | Zig:11   | Identified the amulet "Cetol" {Spirit rElec rN+} (You found
                  | it on level 11 of a ziggurat)
 95140 | Zig:12   | Entered Level 12 of a ziggurat
 95147 | Zig:12   | Noticed an ancient lich
 95148 | Zig:12   | Noticed an ancient lich
 95148 | Zig:12   | Killed an ancient lich
 95148 | Zig:12   | Killed an ancient lich
 95154 | Zig:12   | Reached skill level 27 in Necromancy
 95154 | Zig:12   | Noticed an ancient lich
 95156 | Zig:12   | Noticed an ancient lich
 95157 | Zig:12   | Killed an ancient lich
 95157 | Zig:12   | Killed an ancient lich
 95493 | Zig:13   | Entered Level 13 of a ziggurat
 95501 | Zig:13   | Noticed Yvon the pandemonium lord
 95501 | Zig:13   | Noticed Sayp the pandemonium lord
 95501 | Zig:13   | Noticed Supuoj the pandemonium lord
 95502 | Zig:13   | Noticed Bucoru the pandemonium lord
 95502 | Zig:13   | Noticed Yhucojosk the pandemonium lord
 95502 | Zig:13   | Noticed Zylibele the pandemonium lord
 95503 | Zig:13   | Noticed Socyet the pandemonium lord
 95504 | Zig:13   | Killed Sayp the pandemonium lord
 95504 | Zig:13   | Killed Supuoj the pandemonium lord
 95505 | Zig:13   | Killed Yhucojosk the pandemonium lord
 95506 | Zig:13   | Killed Socyet the pandemonium lord
 95506 | Zig:13   | Noticed Zulyq the pandemonium lord
 95506 | Zig:13   | Noticed Huom Kue the pandemonium lord
 95508 | Zig:13   | Killed Zylibele the pandemonium lord
 95508 | Zig:13   | Killed Yvon the pandemonium lord
 95508 | Zig:13   | Noticed Neunixto the pandemonium lord
 95509 | Zig:13   | Noticed Xeusubi the pandemonium lord
 95512 | Zig:13   | Killed Bucoru the pandemonium lord
 95512 | Zig:13   | Killed Huom Kue the pandemonium lord
 95513 | Zig:13   | Killed Zulyq the pandemonium lord
 95514 | Zig:13   | Killed Neunixto the pandemonium lord
 95516 | Zig:13   | Killed Xeusubi the pandemonium lord
 95536 | Zig:13   | Identified the Handbook of Malediction and Ice
 95597 | Zig:14   | Entered Level 14 of a ziggurat
 95619 | Zig:14   | Found the +3 sling "Punk" {acid, rCorr}
 95630 | Zig:14   | Got a scintillating brass ring
 95690 | Zig:14   | Identified the ring "Tampoixu" {MR+ Str+3} (You found it on
                  | level 14 of a ziggurat)
 95711 | Zig:15   | Entered Level 15 of a ziggurat
 95717 | Zig:15   | Noticed an ancient lich
 95719 | Zig:15   | Killed an ancient lich
 95719 | Zig:15   | Noticed an ancient lich
 95720 | Zig:15   | Noticed an ancient lich
 95722 | Zig:15   | Killed an ancient lich
 95722 | Zig:15   | Noticed an ancient lich
 95723 | Zig:15   | Killed an ancient lich
 95724 | Zig:15   | Noticed an ancient lich
 95724 | Zig:15   | Noticed an ancient lich
 95725 | Zig:15   | Killed an ancient lich
 95725 | Zig:15   | Killed an ancient lich
 95725 | Zig:15   | Noticed an ancient lich
 95726 | Zig:15   | Killed an ancient lich
 95726 | Zig:15   | Reached skill level 27 in Stealth
 95727 | Zig:15   | Noticed an ancient lich
 95728 | Zig:15   | Killed an ancient lich
 95729 | Zig:15   | Killed an ancient lich
 95773 | Zig:15   | Got a heavily runed marble ring
 95788 | Zig:15   | Identified Alusujuo's Grimoire of Transmigration
 95828 | Zig:15   | Identified the ring of Ceynlyst {rPois rC+ MR- Str+4 Dex+4}
                  | (You found it on level 15 of a ziggurat)
 95849 | Zig:16   | Entered Level 16 of a ziggurat
 95864 | Zig:16   | Reached skill level 27 in Evocations
 95865 | Zig:16   | Found the +8 whip "Snakebite" {curare, rPois}
 95930 | Zig:16   | Got a transparent amber ring
 96006 | Zig:16   | Identified the ring of Ocaolou {rPois Int+4 Stlth+} (You
                  | found it on level 16 of a ziggurat)
 96008 | Zig:16   | Identified the cursed +3 long sword of Shrieking Terror
                  | {venom, +Blink rF- Str+6} (You found it on level 16 of a
                  | ziggurat)
 96013 | Zig:17   | Entered Level 17 of a ziggurat
 96026 | Zig:17   | Reached skill level 15 in Transmutations
 96085 | Zig:17   | Identified the Catalogue of the Mountains
 96147 | Zig:17   | Identified the +4 war axe "Boxamewa" {chop, Str+2 Int+2}
                  | (You found it on level 17 of a ziggurat)
 96153 | Zig:17   | Identified the +4 spear of Cataclysm {speed, +Blink} (You
                  | found it on level 17 of a ziggurat)
 96160 | Zig:18   | Entered Level 18 of a ziggurat
 96178 | Zig:18   | Noticed Lenkuxih the pandemonium lord
 96191 | Zig:18   | Killed Lenkuxih the pandemonium lord
 96207 | Zig:18   | Got a translucent glass ring
 96210 | Zig:18   | Got a bound golden ring
 96327 | Zig:18   | Identified the ring "Siod" {rF+ Str-4 Dex+3} (You found it
                  | on level 18 of a ziggurat)
 96329 | Zig:18   | Identified the ring of Nihilism {Wiz *Corrode Str+7 Int+4}
                  | (You found it on level 18 of a ziggurat)
 96331 | Zig:18   | Identified the +4 hunting sling of Youthful Indiscretion
                  | {velocity, Str+4 Dex+4} (You found it on level 18 of a
                  | ziggurat)
 96346 | Zig:19   | Entered Level 19 of a ziggurat
 96390 | Zig:19   | Reached skill level 27 in Crossbows
 96557 | Zig:19   | Found the +5 robe of Night {Dark MR+ SInv}
 96562 | Zig:19   | Identified the Grimoire of Darkness and Fire
 96565 | Zig:19   | Identified the Almanac of Clay and Fire
 96705 | Zig:19   | Identified the +8 hunting sling of Cocytus {velocity, rElec
                  | rPois rC+ Int+4} (You found it on level 19 of a ziggurat)
 96713 | Zig:19   | Identified the +9 short sword of the Apocalypse {drain,
                  | MP+9 Str+4} (You found it on level 19 of a ziggurat)
 96720 | Zig:20   | Entered Level 20 of a ziggurat
 96731 | Zig:20   | Gained mutation: Armour fits poorly on your strangely
                  | shaped body. [a shining eye]
 96819 | Zig:20   | Found the +4 arc blade {discharge, rElec}
 96822 | Zig:20   | Found the +1 cloak of Starlight {rElec rC+ EV+4 Stlth--}
 96854 | Zig:21   | Entered Level 21 of a ziggurat
 96874 | Zig:21   | Reached skill level 27 in Air Magic
 96880 | Zig:21   | Reached skill level 27 in Hexes
 97131 | Zig:21   | Identified Sif Muna's Collected Works on Damaging
                  | Self-Improvement
 97208 | Zig:21   | Gained mutation: You are agile. (Dex +2) [evolution]
 97269 | Zig:21   | Identified the +4 falchion "Zaas" {flame, MP+9} (You found
                  | it on level 21 of a ziggurat)
 97275 | Zig:22   | Entered Level 22 of a ziggurat
 97285 | Zig:22   | Reached skill level 1 in Unarmed Combat
 97287 | Zig:22   | Reached skill level 1 in Staves
 97298 | Zig:22   | Reached skill level 5 in Staves
 97298 | Zig:22   | Reached skill level 5 in Unarmed Combat
 97444 | Zig:22   | Identified the +7 hand axe of the Spinneret {freeze, rElec
                  | rPois rF- rN+} (You found it on level 22 of a ziggurat)
 97450 | Zig:22   | Identified the +5 mace of Extinguishment {pain, Int-3
                  | Dex+4} (You found it on level 22 of a ziggurat)
 97467 | Zig:23   | Entered Level 23 of a ziggurat
 97475 | Zig:23   | Noticed an ancient lich
 97477 | Zig:23   | Killed an ancient lich
 97477 | Zig:23   | Noticed an ancient lich
 97478 | Zig:23   | Noticed an ancient lich
 97479 | Zig:23   | Killed an ancient lich
 97479 | Zig:23   | Killed an ancient lich
 97481 | Zig:23   | Noticed an ancient lich
 97482 | Zig:23   | Killed an ancient lich
 97486 | Zig:23   | Noticed an ancient lich
 97487 | Zig:23   | Noticed an ancient lich
 97487 | Zig:23   | Noticed an ancient lich
 97489 | Zig:23   | Killed an ancient lich
 97503 | Zig:23   | Noticed an ancient lich
 97503 | Zig:23   | Noticed an ancient lich
 97504 | Zig:23   | Killed an ancient lich
 97504 | Zig:23   | Killed an ancient lich
 97504 | Zig:23   | Reached skill level 10 in Staves
 97504 | Zig:23   | Killed an ancient lich
 97504 | Zig:23   | Reached skill level 10 in Unarmed Combat
 97504 | Zig:23   | Killed an ancient lich
 97504 | Zig:23   | Noticed an ancient lich
 97506 | Zig:23   | Noticed an ancient lich
 97507 | Zig:23   | Killed an ancient lich
 97509 | Zig:23   | Killed an ancient lich
 97510 | Zig:23   | Noticed an ancient lich
 97510 | Zig:23   | Noticed an ancient lich
 97511 | Zig:23   | Killed an ancient lich
 97512 | Zig:23   | Killed an ancient lich
 97517 | Zig:23   | Gained mutation: Scrolls take you longer to read.
                  | [mutagenic glow]
 97538 | Zig:23   | Lost mutation: You are agile. (Dex +2) [mutagenic glow]
 97863 | Zig:23   | Identified Sif Muna's Catalogue of Blistering
                  | Weightlessness
 97884 | Zig:23   | Got a scintillating bone amulet
 97898 | Zig:23   | Identified the Handbook of Creative Toxins
 98014 | Zig:23   | Identified the amulet "Ovoesm" {+Rage Str+6} (You found it
                  | on level 23 of a ziggurat)
 98052 | Zig:23   | Identified the cursed +0 double sword of Doors {slice, +Fly
                  | rPois Str+8} (You found it on level 23 of a ziggurat)
 98058 | Zig:24   | Entered Level 24 of a ziggurat
 98124 | Zig:24   | Identified the Guide on Evil
 98264 | Zig:24   | Identified the +1 pair of boots of Untold Secrets {Str+7
                  | Int+3 Stlth-} (You found it on level 24 of a ziggurat)
 98270 | Zig:25   | Entered Level 25 of a ziggurat
 98287 | Zig:25   | Reached skill level 15 in Staves
 98292 | Zig:25   | Reached skill level 15 in Unarmed Combat
 98543 | Zig:25   | Got a fine silver ring
 98547 | Zig:25   | Got a warped pewter amulet
 98562 | Zig:25   | Got a fine wooden ring
 98573 | Zig:25   | Identified the ring "Qeuzic" {+Fly Str+5 Int+2 Dex+3} (You
                  | found it on level 25 of a ziggurat)
 98575 | Zig:25   | Identified the amulet "Ciotogh" {Gourm rF+} (You found it
                  | on level 25 of a ziggurat)
 98577 | Zig:25   | Identified the ring "Ivuxzo" {Fire *Slow Dex+4 Slay+3} (You
                  | found it on level 25 of a ziggurat)
 98582 | Zig:25   | Got a faintly glowing steel ring
 98695 | Zig:25   | Identified the ring of Megalomania {Wiz +Fly Str-3 Stlth+}
                  | (You found it on level 25 of a ziggurat)
 98698 | Zig:25   | Identified the +7 broad axe "Zaulos" {flame, -Tele rPois
                  | rF+ Int+2} (You found it on level 25 of a ziggurat)
 98706 | Zig:25   | Identified the +8 rapier of Disaster {speed, Int+4} (You
                  | found it on level 25 of a ziggurat)
 98713 | Zig:26   | Entered Level 26 of a ziggurat
 98723 | Zig:26   | Noticed a greater mummy
 98723 | Zig:26   | Noticed a greater mummy
 98724 | Zig:26   | Noticed a greater mummy
 98729 | Zig:26   | Killed a greater mummy
 98730 | Zig:26   | Killed a greater mummy
 98730 | Zig:26   | Killed a greater mummy
 98731 | Zig:26   | Noticed a greater mummy
 98733 | Zig:26   | Killed a greater mummy
 98734 | Zig:26   | Noticed a greater mummy
 98734 | Zig:26   | Noticed a greater mummy
 98735 | Zig:26   | Noticed a greater mummy
 98736 | Zig:26   | Killed a greater mummy
 98737 | Zig:26   | Killed a greater mummy
 98737 | Zig:26   | Killed a greater mummy
 98737 | Zig:26   | Noticed a greater mummy
 98739 | Zig:26   | Noticed a greater mummy
 98739 | Zig:26   | Noticed a greater mummy
 98741 | Zig:26   | Noticed a greater mummy
 98741 | Zig:26   | Noticed a greater mummy
 98741 | Zig:26   | Noticed a greater mummy
 98741 | Zig:26   | Noticed a greater mummy
 98741 | Zig:26   | Noticed a greater mummy
 98741 | Zig:26   | Noticed a greater mummy
 98741 | Zig:26   | Noticed a greater mummy
 98741 | Zig:26   | Noticed a greater mummy
 98742 | Zig:26   | Noticed a greater mummy
 98742 | Zig:26   | Noticed a greater mummy
 98742 | Zig:26   | Noticed a greater mummy
 98742 | Zig:26   | Noticed a greater mummy
 98742 | Zig:26   | Noticed a greater mummy
 98742 | Zig:26   | Noticed a greater mummy
 98742 | Zig:26   | Noticed a greater mummy
 98742 | Zig:26   | Noticed a greater mummy
 98742 | Zig:26   | Noticed a greater mummy
 98742 | Zig:26   | Noticed a greater mummy
 98742 | Zig:26   | Noticed a greater mummy
 98742 | Zig:26   | Noticed a greater mummy
 98742 | Zig:26   | Noticed a greater mummy
 98743 | Zig:26   | Killed a greater mummy
 98743 | Zig:26   | Noticed a greater mummy
 98743 | Zig:26   | Noticed a greater mummy
 98743 | Zig:26   | Noticed a greater mummy
 98744 | Zig:26   | Killed a greater mummy
 98744 | Zig:26   | Killed a greater mummy
 98744 | Zig:26   | Killed a greater mummy
 98744 | Zig:26   | Killed a greater mummy
 98744 | Zig:26   | Killed a greater mummy
 98744 | Zig:26   | Killed a greater mummy
 98744 | Zig:26   | Killed a greater mummy
 98744 | Zig:26   | Killed a greater mummy
 98744 | Zig:26   | Killed a greater mummy
 98744 | Zig:26   | Killed a greater mummy
 98744 | Zig:26   | Killed a greater mummy
 98744 | Zig:26   | Killed a greater mummy
 98744 | Zig:26   | Killed a greater mummy
 98744 | Zig:26   | Killed a greater mummy
 98744 | Zig:26   | Noticed a greater mummy
 98744 | Zig:26   | Noticed a greater mummy
 98745 | Zig:26   | Killed a greater mummy
 98745 | Zig:26   | Killed a greater mummy
 98745 | Zig:26   | Killed a greater mummy
 98745 | Zig:26   | Killed a greater mummy
 98745 | Zig:26   | Killed a greater mummy
 98745 | Zig:26   | Killed a greater mummy
 98745 | Zig:26   | Killed a greater mummy
 98745 | Zig:26   | Killed a greater mummy
 98745 | Zig:26   | Killed a greater mummy
 98745 | Zig:26   | Killed a greater mummy
 98745 | Zig:26   | Killed a greater mummy
 98745 | Zig:26   | Noticed a greater mummy
 98745 | Zig:26   | Noticed a greater mummy
 98746 | Zig:26   | Killed a greater mummy
 98746 | Zig:26   | Killed a greater mummy
 98746 | Zig:26   | Noticed a greater mummy
 98747 | Zig:26   | Killed a greater mummy
 98747 | Zig:26   | Killed a greater mummy
 98747 | Zig:26   | Noticed a greater mummy
 98748 | Zig:26   | Killed a greater mummy
 98748 | Zig:26   | Killed a greater mummy
 98750 | Zig:26   | Killed a greater mummy
 98789 | Zig:26   | Gained mutation: Your body sometimes deteriorates upon
                  | taking damage. [mutagenic glow]
 98822 | Zig:26   | Gained mutation: You are frail. (-10% HP) [mutagenic glow]
 98972 | Zig:26   | Lost mutation: Your muscles are strong. (Str +2) [potion of
                  | mutation]
 98972 | Zig:26   | Lost mutation: Armour fits poorly on your strangely shaped
                  | body. [potion of mutation]
 98972 | Zig:26   | Lost mutation: You expend magic power (3 MP) to strengthen
                  | your wands. [potion of mutation]
 98972 | Zig:26   | Lost mutation: You evolve. [potion of mutation]
 98972 | Zig:26   | Lost mutation: Your body sometimes deteriorates upon taking
                  | damage. [potion of mutation]
 98972 | Zig:26   | Gained mutation: You evolve. [potion of mutation]
 98972 | Zig:26   | Lost mutation: You are frail. (-10% HP) [potion of
                  | mutation]
 98992 | Zig:26   | Identified the Papyrus of the Crushed Mice
 99027 | Zig:26   | Identified the Handbook of Boosting Beguiling
 99124 | Zig:26   | Got a pair of bloodstained gloves
 99136 | Zig:26   | Got a spiked cloak
 99154 | Zig:26   | Identified the +2 pair of gloves of Qoywnil {rC++ Regen+
                  | Str+4 Int-3} (You found it on level 26 of a ziggurat)
 99164 | Zig:26   | Identified the +1 cloak "Lifrik" {+Blink Int-2 Dex+2
                  | Stlth+} (You found it on level 26 of a ziggurat)
 99194 | Zig:27   | Entered Level 27 of a ziggurat
 99221 | Zig:27   | Reached skill level 27 in Dodging
 99448 | Zig:27   | Found the macabre finger necklace {rN+}
 99533 | Zig:27   | Identified the Almanac of Summoning and Black Rituals
 99541 | Zig:27   | Got a steaming steel ring
 99629 | Zig:27   | Identified the ring "Valymaum" {rPois rC+ Int+4 Dex-5} (You
                  | found it on level 27 of a ziggurat)
 99696 | Zig:1    | Entered Level 1 of a ziggurat
 99728 | Zig:2    | Entered Level 2 of a ziggurat
 99730 | Zig:2    | Noticed Ovvu the pandemonium lord
 99732 | Zig:2    | Killed Ovvu the pandemonium lord
 99752 | Zig:3    | Entered Level 3 of a ziggurat
 99767 | Zig:3    | Identified the Volume of the Ghastly Birds
 99786 | Zig:4    | Entered Level 4 of a ziggurat
 99786 | Zig:4    | Noticed an ancient lich
 99789 | Zig:4    | Killed an ancient lich
 99789 | Zig:4    | Reached skill level 27 in Throwing
 99796 | Zig:4    | Noticed an ancient lich
 99799 | Zig:4    | Killed an ancient lich
 99849 | Zig:5    | Entered Level 5 of a ziggurat
 99897 | Zig:6    | Entered Level 6 of a ziggurat
 99921 | Zig:6    | Got a clouded ivory amulet
 99975 | Zig:6    | Identified the amulet "Keapni" {Reflect +Fly rPois Str+4
                  | Slay+5 SH+3} (You found it on level 6 of a ziggurat)
 99981 | Zig:7    | Entered Level 7 of a ziggurat
100002 | Zig:7    | Found the ring of the Mage {Wiz MR++ Int+3}
100128 | Zig:8    | Entered Level 8 of a ziggurat
100130 | Zig:8    | Noticed an ancient lich
100132 | Zig:8    | Killed an ancient lich
100135 | Zig:8    | Noticed an ancient lich
100136 | Zig:8    | Killed an ancient lich
100188 | Zig:8    | Identified the +1 rapier of Toejeom {pierce, rPois} (You
                  | found it on level 8 of a ziggurat)
100190 | Zig:9    | Entered Level 9 of a ziggurat
100221 | Zig:9    | Got a coiled turquoise ring
100226 | Zig:9    | Got a heavily runed turquoise ring
100246 | Zig:9    | Got a pair of twisted gloves
100253 | Zig:9    | Identified the ring "Ozesiut" {rC+ Dex+3 Stlth+} (You found
                  | it on level 9 of a ziggurat)
100255 | Zig:9    | Identified the cursed ring of Necriaf {Int-3 Slay+5} (You
                  | found it on level 9 of a ziggurat)
100267 | Zig:9    | Identified the cursed +0 pair of gloves of the Dwarven Hall
                  | {-Cast MR++ rCorr Int+3} (You found it on level 9 of a
                  | ziggurat)
100290 | Zig:10   | Entered Level 10 of a ziggurat
100292 | Zig:10   | Noticed an ancient lich
100295 | Zig:10   | Killed an ancient lich
100386 | Zig:10   | Identified the +10 scimitar of Irchejuacw {freeze, rN+
                  | Str+4} (You found it on level 10 of a ziggurat)
100392 | Zig:11   | Entered Level 11 of a ziggurat
100439 | Zig:11   | Identified the Volume of the Unemployed Unperson
100482 | Zig:12   | Entered Level 12 of a ziggurat
100487 | Zig:12   | Noticed an ancient lich
100487 | Zig:12   | Noticed an ancient lich
100487 | Zig:12   | Noticed an ancient lich
100488 | Zig:12   | Killed an ancient lich
100488 | Zig:12   | Killed an ancient lich
100489 | Zig:12   | Killed an ancient lich
100493 | Zig:12   | Noticed an ancient lich
100495 | Zig:12   | Killed an ancient lich
100498 | Zig:12   | Noticed an ancient lich
100500 | Zig:12   | Killed an ancient lich
100508 | Zig:12   | Found the +4 dagger "Morg" {pain, MR+ Int+5}
100509 | Zig:12   | Found the cursed necklace of Bloodlust {*Rage +Rage MR++
                  | Int-3 Slay+6 *Curse}
100573 | Zig:13   | Entered Level 13 of a ziggurat
100573 | Zig:13   | Noticed a greater mummy
100573 | Zig:13   | Noticed a greater mummy
100573 | Zig:13   | Noticed a greater mummy
100574 | Zig:13   | Noticed a greater mummy
100576 | Zig:13   | Noticed a greater mummy
100576 | Zig:13   | Noticed a greater mummy
100576 | Zig:13   | Noticed a greater mummy
100576 | Zig:13   | Noticed a greater mummy
100576 | Zig:13   | Noticed a greater mummy
100576 | Zig:13   | Noticed a greater mummy
100576 | Zig:13   | Noticed a greater mummy
100576 | Zig:13   | Noticed a greater mummy
100577 | Zig:13   | Killed a greater mummy
100577 | Zig:13   | Noticed a greater mummy
100578 | Zig:13   | Noticed a greater mummy
100579 | Zig:13   | Found the +10 zealot's sword {holy, *Rage rN+ EV+3}
100579 | Zig:13   | Killed a greater mummy
100579 | Zig:13   | Killed a greater mummy
100579 | Zig:13   | Killed a greater mummy
100579 | Zig:13   | Killed a greater mummy
100579 | Zig:13   | Killed a greater mummy
100579 | Zig:13   | Killed a greater mummy
100579 | Zig:13   | Killed a greater mummy
100579 | Zig:13   | Killed a greater mummy
100580 | Zig:13   | Killed a greater mummy
100580 | Zig:13   | Killed a greater mummy
100580 | Zig:13   | Killed a greater mummy
100580 | Zig:13   | Killed a greater mummy
100580 | Zig:13   | Killed a greater mummy
100915 | Zig:13   | Identified the Reference Book on Unstable Fire
100937 | Zig:14   | Entered Level 14 of a ziggurat
100948 | Zig:14   | Found the +9 heavy crossbow "Sniper" {velocity, Acc+∞ SInv}
101013 | Zig:14   | Got a shimmering garnet amulet
101055 | Zig:14   | Identified the amulet of the Mantidfly {Acrobat Dex+6} (You
                  | found it on level 14 of a ziggurat)
101060 | Zig:15   | Entered Level 15 of a ziggurat
101064 | Zig:15   | Noticed an ancient lich
101064 | Zig:15   | Noticed an ancient lich
101065 | Zig:15   | Killed an ancient lich
101066 | Zig:15   | Killed an ancient lich
101067 | Zig:15   | Noticed an ancient lich
101068 | Zig:15   | Noticed an ancient lich
101069 | Zig:15   | Killed an ancient lich
101071 | Zig:15   | Killed an ancient lich
101072 | Zig:15   | Noticed an ancient lich
101073 | Zig:15   | Killed an ancient lich
101074 | Zig:15   | Noticed an ancient lich
101074 | Zig:15   | Killed an ancient lich
101076 | Zig:15   | Noticed an ancient lich
101077 | Zig:15   | Killed an ancient lich
101077 | Zig:15   | Noticed an ancient lich
101079 | Zig:15   | Killed an ancient lich
101080 | Zig:15   | Noticed an ancient lich
101081 | Zig:15   | Killed an ancient lich
101116 | Zig:15   | Got a bound marble ring
101141 | Zig:15   | Identified the ring of Wadepaotut {rN+ Dex+7} (You found it
                  | on level 15 of a ziggurat)
101156 | Zig:15   | Identified the +6 scimitar "Acynn" {slice, rPois Str+7}
                  | (You found it on level 15 of a ziggurat)
101171 | Zig:16   | Entered Level 16 of a ziggurat
101243 | Zig:16   | Got a coiled turquoise ring
101259 | Zig:16   | Got a brightly glowing lapis lazuli ring
101297 | Zig:16   | Identified the ring of Cereunnovua {*Contam +Fly rElec
                  | Str+2 Int+2} (You found it on level 16 of a ziggurat)
101299 | Zig:16   | Identified the ring of Ducli {-Tele rF++ Str+2 Slay+4
                  | Stlth+} (You found it on level 16 of a ziggurat)
101312 | Zig:17   | Entered Level 17 of a ziggurat
101324 | Zig:17   | Lost mutation: Scrolls take you longer to read. [a
                  | cacodemon]
101326 | Zig:17   | Reached skill level 27 in Staves
101331 | Zig:17   | Reached skill level 27 in Transmutations
101336 | Zig:17   | Reached skill level 27 in Unarmed Combat
101384 | Zig:17   | Identified the Almanac of Air and Confrontation
101389 | Zig:17   | Identified the Collected Works on Cold and Talismans
101394 | Zig:17   | Got a brightly glowing ivory ring
101397 | Zig:17   | Got a warped lead amulet
101419 | Zig:17   | Identified the ring of Usideh {rF- Int+2 Dex+3 Slay+3
                  | Stlth+} (You found it on level 17 of a ziggurat)
101421 | Zig:17   | Identified the amulet "Yzxuq" {*Drain MR+ Regen+ Int+2
                  | Stlth+} (You found it on level 17 of a ziggurat)
101425 | Zig:17   | Identified the +7 hand crossbow of Causality {velocity,
                  | rF++} (You found it on level 17 of a ziggurat)
101428 | Zig:17   | Identified the cursed +0 buckler of Generosity {rF+ Int-4
                  | Dex+3 Slay-4} (You found it on level 17 of a ziggurat)
101516 | Zig:17   | Learned a level 8 spell: Discord
101519 | Zig:18   | Entered Level 18 of a ziggurat
101552 | Zig:18   | Found the +27 Lear's hauberk
101608 | Zig:18   | Got a shimmering copper ring
101616 | Zig:18   | Identified Isighufe's Reference Book on the Spatial Escort
101625 | Zig:18   | Got a smoking jade amulet
101639 | Zig:18   | Identified the ring of Joptojo {rPois MR+ EV+1} (You found
                  | it on level 18 of a ziggurat)
101641 | Zig:18   | Identified the amulet of Nosisaak {Harm *Drain MR+ MP-9
                  | Dex+8 Stlth-} (You found it on level 18 of a ziggurat)
101643 | Zig:18   | Identified the cursed +2 rapier "Acos" {drain, rN+ MR- MP+9
                  | Int+4} (You found it on level 18 of a ziggurat)
101657 | Zig:19   | Entered Level 19 of a ziggurat
101661 | Zig:19   | Lost mutation: Scrolls take you a little longer to read.
                  | [evolution]
101694 | Zig:19   | Found the +7 Spriggan's Knife {MR+ EV+4 Dex+4 Stlth+}
101702 | Zig:19   | Got a pitted granite ring
101726 | Zig:19   | Identified the ring of the Centipede {+Blink Str-2 Int+3
                  | Stlth+} (You found it on level 19 of a ziggurat)
101727 | Zig:19   | Identified the +10 trident of Elicw {pierce, +Blink Str-2
                  | Int+3 Stlth+} (You found it on level 19 of a ziggurat)
101743 | Zig:19   | Learned a level 8 spell: Necromutation
101752 | Zig:20   | Entered Level 20 of a ziggurat
101756 | Zig:20   | Noticed Peateghy the pandemonium lord
101756 | Zig:20   | Noticed Lasifrecza the pandemonium lord
101757 | Zig:20   | Noticed Qabos the pandemonium lord
101757 | Zig:20   | Noticed Oneminli the pandemonium lord
101757 | Zig:20   | Noticed Faerch the pandemonium lord
101757 | Zig:20   | Noticed Wibarit the pandemonium lord
101758 | Zig:20   | Noticed Kuvisef the pandemonium lord
101759 | Zig:20   | Noticed Baruote the pandemonium lord
101759 | Zig:20   | Killed Lasifrecza the pandemonium lord
101759 | Zig:20   | Noticed Decox the pandemonium lord
101760 | Zig:20   | Noticed Adoxij the pandemonium lord
101760 | Zig:20   | Noticed Ogonuokhle the pandemonium lord
101760 | Zig:20   | Noticed Roq Jem the pandemonium lord
101762 | Zig:20   | Killed Oneminli the pandemonium lord
101763 | Zig:20   | Killed Peateghy the pandemonium lord
101764 | Zig:20   | Killed Qabos the pandemonium lord
101764 | Zig:20   | Killed Baruote the pandemonium lord
101766 | Zig:20   | Killed Wibarit the pandemonium lord
101767 | Zig:20   | Killed Roq Jem the pandemonium lord
101767 | Zig:20   | Killed Adoxij the pandemonium lord
101767 | Zig:20   | Killed Faerch the pandemonium lord
101767 | Zig:20   | Killed Kuvisef the pandemonium lord
101768 | Zig:20   | Killed Decox the pandemonium lord
101769 | Zig:20   | Killed Ogonuokhle the pandemonium lord
101769 | Zig:20   | Noticed Otuseago the pandemonium lord
101769 | Zig:20   | Noticed Esanurph the pandemonium lord
101770 | Zig:20   | Noticed Ujuf the pandemonium lord
101771 | Zig:20   | Killed Otuseago the pandemonium lord
101771 | Zig:20   | Killed Gutesa the pandemonium lord
101771 | Zig:20   | Noticed Celaz the pandemonium lord
101771 | Zig:20   | Noticed Lostra the pandemonium lord
101771 | Zig:20   | Noticed Oxoyts the pandemonium lord
101772 | Zig:20   | Killed Ujuf the pandemonium lord
101772 | Zig:20   | Killed Lostra the pandemonium lord
101772 | Zig:20   | Killed Celaz the pandemonium lord
101772 | Zig:20   | Killed Esanurph the pandemonium lord
101773 | Zig:20   | Killed Oxoyts the pandemonium lord
101773 | Zig:20   | Killed Ekhlocw the pandemonium lord
101774 | Zig:20   | Noticed Woonixzo the pandemonium lord
101775 | Zig:20   | Killed Bimmeimy the pandemonium lord
101775 | Zig:20   | Noticed Guyri the pandemonium lord
101776 | Zig:20   | Killed Woonixzo the pandemonium lord
101776 | Zig:20   | Noticed Jivahof the pandemonium lord
101776 | Zig:20   | Noticed Mousot the pandemonium lord
101777 | Zig:20   | Killed Kireth the pandemonium lord
101777 | Zig:20   | Killed Kiuwoil the pandemonium lord
101778 | Zig:20   | Killed Guyri the pandemonium lord
101778 | Zig:20   | Killed Unenkouc the pandemonium lord
101779 | Zig:20   | Killed Jivahof the pandemonium lord
101779 | Zig:20   | Killed Ixiasy the pandemonium lord
101780 | Zig:20   | Killed Mousot the pandemonium lord
101780 | Zig:20   | Killed Ohutatah the pandemonium lord
101780 | Zig:20   | Noticed Leheekkawky the pandemonium lord
101781 | Zig:20   | Killed Niehymes the pandemonium lord
101782 | Zig:20   | Noticed Oroloquf the pandemonium lord
101783 | Zig:20   | Killed Oroloquf the pandemonium lord
101784 | Zig:20   | Killed Leheekkawky the pandemonium lord
101786 | Zig:20   | Noticed Udokkin the pandemonium lord
101788 | Zig:20   | Killed Udokkin the pandemonium lord
101788 | Zig:20   | Noticed Nyeppo the pandemonium lord
101789 | Zig:20   | Killed Toonnol the pandemonium lord
101789 | Zig:20   | Killed Onebb the pandemonium lord
101789 | Zig:20   | Noticed Gepsuo the pandemonium lord
101791 | Zig:20   | Killed Nyeppo the pandemonium lord
101792 | Zig:20   | Noticed Sogoz the pandemonium lord
101792 | Zig:20   | Noticed Sianuolu the pandemonium lord
101792 | Zig:20   | Noticed Cacieg Hahos the pandemonium lord
101792 | Zig:20   | Noticed Ituowust the pandemonium lord
101792 | Zig:20   | Noticed Campikki the pandemonium lord
101793 | Zig:20   | Killed Gepsuo the pandemonium lord
101793 | Zig:20   | Noticed Deagigic the pandemonium lord
101795 | Zig:20   | Killed Ituowust the pandemonium lord
101795 | Zig:20   | Killed Sianuolu the pandemonium lord
101797 | Zig:20   | Killed Campikki the pandemonium lord
101798 | Zig:20   | Killed Sogoz the pandemonium lord
101806 | Zig:20   | Killed Deagigic the pandemonium lord
101834 | Zig:20   | Killed Cacieg Hahos the pandemonium lord
101853 | Zig:20   | Got an ancient copper amulet
101913 | Zig:20   | Learned a level 8 spell: Borgnjor's Revivification
101913 | Zig:20   | Identified the amulet "Wukehy" {rC++ MR+ Regen+ Int+2} (You
                  | found it on level 20 of a ziggurat)
102266 | Zig:21   | Entered Level 21 of a ziggurat
102268 | Zig:21   | Noticed a juggernaut
102269 | Zig:21   | Noticed a juggernaut
102271 | Zig:21   | Noticed a juggernaut
102271 | Zig:21   | Noticed a juggernaut
102272 | Zig:21   | Killed a juggernaut
102272 | Zig:21   | Killed a juggernaut
102273 | Zig:21   | Killed a juggernaut
102273 | Zig:21   | Killed a juggernaut
102274 | Zig:21   | Noticed a juggernaut
102274 | Zig:21   | Noticed a juggernaut
102274 | Zig:21   | Noticed a juggernaut
102274 | Zig:21   | Noticed a juggernaut
102274 | Zig:21   | Noticed a juggernaut
102274 | Zig:21   | Noticed a juggernaut
102274 | Zig:21   | Noticed a juggernaut
102274 | Zig:21   | Noticed a juggernaut
102274 | Zig:21   | Noticed a juggernaut
102274 | Zig:21   | Noticed a juggernaut
102274 | Zig:21   | Noticed a juggernaut
102276 | Zig:21   | Killed a juggernaut
102276 | Zig:21   | Killed a juggernaut
102276 | Zig:21   | Killed a juggernaut
102276 | Zig:21   | Killed a juggernaut
102276 | Zig:21   | Killed a juggernaut
102276 | Zig:21   | Killed a juggernaut
102276 | Zig:21   | Killed a juggernaut
102277 | Zig:21   | Killed a juggernaut
102277 | Zig:21   | Killed a juggernaut
102277 | Zig:21   | Killed a juggernaut
102277 | Zig:21   | Killed a juggernaut
102278 | Zig:21   | Noticed a juggernaut
102280 | Zig:21   | Killed a juggernaut
102340 | Zig:21   | Got a steaming bronze amulet
102449 | Zig:21   | Identified the amulet of Jixoghei {Spirit Fragile rElec
                  | rF++ Dex+2} (You found it on level 21 of a ziggurat)
102450 | Zig:21   | Identified the +0 long sword of Mayhem {speed, *Contam
                  | rF+++ Str+10 Int-2} (You found it on level 21 of a
                  | ziggurat)
102453 | Zig:21   | Identified the +4 falchion of Crusades {pain, +Rage rElec
                  | rPois} (You found it on level 21 of a ziggurat)
102459 | Zig:21   | Identified the +9 hand axe of Huluon {chop, Fragile rElec
                  | rPois} (You found it on level 21 of a ziggurat)
102469 | Zig:22   | Entered Level 22 of a ziggurat
102585 | Zig:22   | Got a coiled copper ring
102587 | Zig:22   | Got a transparent bone amulet
102589 | Zig:22   | Identified Witchcraft, Part Three
102607 | Zig:22   | Identified the ring "Viekhol" {rPois rF+ rN+} (You found it
                  | on level 22 of a ziggurat)
102610 | Zig:22   | Identified the amulet of Vaphadoz {Harm *Drain *Slow Dex+5
                  | Slay+3} (You found it on level 22 of a ziggurat)
102624 | Zig:23   | Entered Level 23 of a ziggurat
102665 | Zig:23   | Found the ring of the Octopus King
102723 | Zig:23   | Got a brightly glowing steel ring
102735 | Zig:23   | Identified Reus's Collected Works on the Frostbite and
                  | Self-Improvement
102742 | Zig:23   | Got a ring of the Octopus King
102774 | Zig:23   | Identified the ring of Vafraysi {Fire rPois Str+4 Int+2
                  | Slay-5} (You found it on level 23 of a ziggurat)
102775 | Zig:23   | Identified a ring of the Octopus King {AC+1 EV+1 Str+1
                  | Int+1 Dex+1 SInv} (You found it on level 23 of a ziggurat)
102782 | Zig:23   | Got a spiked shield
102795 | Zig:23   | Identified the cursed +0 shield of Beogh's Righteous Fury
                  | {*Drain rN+ rCorr Dex+6} (You found it on level 23 of a
                  | ziggurat)
102824 | Zig:24   | Entered Level 24 of a ziggurat
102828 | Zig:24   | Noticed Durit the pandemonium lord
102829 | Zig:24   | Noticed Beoddov the pandemonium lord
102834 | Zig:24   | Noticed Koubb the pandemonium lord
102836 | Zig:24   | Killed Durit the pandemonium lord
102836 | Zig:24   | Noticed Liucing the pandemonium lord
102836 | Zig:24   | Noticed Onalas the pandemonium lord
102837 | Zig:24   | Noticed Voven the pandemonium lord
102837 | Zig:24   | Noticed Vehutheu the pandemonium lord
102841 | Zig:24   | Killed Beoddov the pandemonium lord
102842 | Zig:24   | Killed Koubb the pandemonium lord
102847 | Zig:24   | Noticed Ewev the pandemonium lord
102848 | Zig:24   | Killed Ewev the pandemonium lord
102851 | Zig:24   | Noticed Zelarch the pandemonium lord
102852 | Zig:24   | Noticed Cuaf Gal the pandemonium lord
102852 | Zig:24   | Noticed Coginosi the pandemonium lord
102853 | Zig:24   | Noticed Wussotay the pandemonium lord
102853 | Zig:24   | Noticed Sotane the pandemonium lord
102853 | Zig:24   | Noticed Xeulukuo the pandemonium lord
102854 | Zig:24   | Noticed Jalotik the pandemonium lord
102855 | Zig:24   | Killed Wussotay the pandemonium lord
102856 | Zig:24   | Killed Coginosi the pandemonium lord
102856 | Zig:24   | Killed Vehutheu the pandemonium lord
102856 | Zig:24   | Killed Onalas the pandemonium lord
102856 | Zig:24   | Killed Jalotik the pandemonium lord
102856 | Zig:24   | Killed Bissam the pandemonium lord
102856 | Zig:24   | Killed Voven the pandemonium lord
102857 | Zig:24   | Killed Sotane the pandemonium lord
102858 | Zig:24   | Killed Zelarch the pandemonium lord
102859 | Zig:24   | Killed Etusid the pandemonium lord
102860 | Zig:24   | Killed Cuaf Gal the pandemonium lord
102863 | Zig:24   | Noticed Qadaud the pandemonium lord
102863 | Zig:24   | Noticed Unin the pandemonium lord
102863 | Zig:24   | Noticed Tuiqac the pandemonium lord
102864 | Zig:24   | Killed Wucziqug the pandemonium lord
102864 | Zig:24   | Noticed Towemy the pandemonium lord
102864 | Zig:24   | Noticed Ytoth the pandemonium lord
102865 | Zig:24   | Killed Tuiqac the pandemonium lord
102865 | Zig:24   | Noticed Ummeg the pandemonium lord
102865 | Zig:24   | Noticed Iqauckoi the pandemonium lord
102866 | Zig:24   | Killed Unin the pandemonium lord
102867 | Zig:24   | Killed Ytoth the pandemonium lord
102867 | Zig:24   | Killed Xeulukuo the pandemonium lord
102868 | Zig:24   | Noticed Mib Huss the pandemonium lord
102868 | Zig:24   | Noticed Heikhlawn the pandemonium lord
102868 | Zig:24   | Noticed Bymafub the pandemonium lord
102869 | Zig:24   | Killed Iqauckoi the pandemonium lord
102869 | Zig:24   | Killed Mib Huss the pandemonium lord
102869 | Zig:24   | Noticed Plog the pandemonium lord
102870 | Zig:24   | Noticed Butij the pandemonium lord
102870 | Zig:24   | Killed Qadaud the pandemonium lord
102870 | Zig:24   | Killed Ummeg the pandemonium lord
102870 | Zig:24   | Killed Bymafub the pandemonium lord
102870 | Zig:24   | Noticed Xyekhleu the pandemonium lord
102871 | Zig:24   | Killed Plog the pandemonium lord
102871 | Zig:24   | Noticed Liostri the pandemonium lord
102872 | Zig:24   | Killed Heikhlawn the pandemonium lord
102872 | Zig:24   | Killed Xyekhleu the pandemonium lord
102872 | Zig:24   | Killed Liucing the pandemonium lord
102872 | Zig:24   | Noticed Qoiwiext the pandemonium lord
102872 | Zig:24   | Noticed Zaoke the pandemonium lord
102873 | Zig:24   | Noticed Jesyll the pandemonium lord
102873 | Zig:24   | Killed Jesyll the pandemonium lord
102873 | Zig:24   | Noticed Ruxzil the pandemonium lord
102873 | Zig:24   | Noticed Otazyc the pandemonium lord
102874 | Zig:24   | Noticed Suw Weki the pandemonium lord
102874 | Zig:24   | Noticed Nuosch the pandemonium lord
102875 | Zig:24   | Noticed Foofoe Gigei the pandemonium lord
102875 | Zig:24   | Noticed Fuora the pandemonium lord
102876 | Zig:24   | Killed Liostri the pandemonium lord
102876 | Zig:24   | Killed Akheu the pandemonium lord
102876 | Zig:24   | Noticed Ceeqey the pandemonium lord
102876 | Zig:24   | Noticed Qusugiq the pandemonium lord
102877 | Zig:24   | Noticed Zedduun the pandemonium lord
102877 | Zig:24   | Killed Qoiwiext the pandemonium lord
102877 | Zig:24   | Killed Ruxzil the pandemonium lord
102877 | Zig:24   | Killed Towemy the pandemonium lord
102877 | Zig:24   | Killed Fuora the pandemonium lord
102877 | Zig:24   | Killed Nuosch the pandemonium lord
102877 | Zig:24   | Noticed Seol the pandemonium lord
102878 | Zig:24   | Noticed Hucruh the pandemonium lord
102878 | Zig:24   | Killed Suw Weki the pandemonium lord
102878 | Zig:24   | Killed Foofoe Gigei the pandemonium lord
102878 | Zig:24   | Killed Butij the pandemonium lord
102878 | Zig:24   | Killed Otazyc the pandemonium lord
102879 | Zig:24   | Noticed Wunkop the pandemonium lord
102879 | Zig:24   | Noticed Ovodig the pandemonium lord
102880 | Zig:24   | Killed Seol the pandemonium lord
102880 | Zig:24   | Killed Ovodig the pandemonium lord
102880 | Zig:24   | Killed Zedduun the pandemonium lord
102880 | Zig:24   | Killed Wunkop the pandemonium lord
102881 | Zig:24   | Killed Zaoke the pandemonium lord
102881 | Zig:24   | Killed Joucudey the pandemonium lord
102882 | Zig:24   | Killed Ceeqey the pandemonium lord
102882 | Zig:24   | Noticed Fuedehen the pandemonium lord
102882 | Zig:24   | Noticed Dyplaq the pandemonium lord
102883 | Zig:24   | Killed Hucruh the pandemonium lord
102883 | Zig:24   | Noticed Zirosuex the pandemonium lord
102884 | Zig:24   | Killed Qusugiq the pandemonium lord
102885 | Zig:24   | Noticed Uskahilo the pandemonium lord
102885 | Zig:24   | Killed Zirosuex the pandemonium lord
102885 | Zig:24   | Killed Fuedehen the pandemonium lord
102885 | Zig:24   | Killed Dyplaq the pandemonium lord
102886 | Zig:24   | Killed Uskahilo the pandemonium lord
102886 | Zig:24   | Killed Apoyn the pandemonium lord
102888 | Zig:24   | Noticed Apnuhil the pandemonium lord
102889 | Zig:24   | Killed Apnuhil the pandemonium lord
102894 | Zig:24   | Killed Mikhloek the pandemonium lord
102896 | Zig:24   | Killed Cexiekh the pandemonium lord
102898 | Zig:24   | Noticed Uwevell the pandemonium lord
102898 | Zig:24   | Noticed Nuelis the pandemonium lord
102899 | Zig:24   | Killed Uwevell the pandemonium lord
102902 | Zig:24   | Killed Nuelis the pandemonium lord
102972 | Zig:24   | Got a sparkling golden ring
102977 | Zig:24   | Identified Jomil's Handbook of Unholy Clay
102990 | Zig:24   | Identified the ring of Mogoph {Wiz Int+5} (You found it on
                  | level 24 of a ziggurat)
102992 | Zig:24   | Reached skill level 15 in Maces & Flails
102992 | Zig:24   | Reached skill level 15 in Bows
102992 | Zig:24   | Reached skill level 15 in Poison Magic
103013 | Zig:24   | Identified the +4 mace of Miganestigre {venom, Str+3 Dex+3}
                  | (You found it on level 24 of a ziggurat)
103036 | Zig:24   | Got a crude spear
103038 | Zig:24   | Identified the +7 spear of the Beginning {protect, +Rage
                  | Str+2 Dex+2} (You found it on level 24 of a ziggurat)
103045 | Zig:25   | Entered Level 25 of a ziggurat
103098 | Zig:25   | Identified the Reference Book on Feathers and Ice
103223 | Zig:25   | Got a scintillating iron ring
103225 | Zig:25   | Identified the Grimoire of the Rocks and Changing
103244 | Zig:25   | Identified the ring "Tunnau Nada" {rCorr rF- Dex+7} (You
                  | found it on level 25 of a ziggurat)
103246 | Zig:25   | Got an ichor-stained whip
103247 | Zig:25   | Identified the +6 whip of Gan Lecw {speed, rPois Dex+7}
                  | (You found it on level 25 of a ziggurat)
103250 | Zig:25   | Reached skill level 15 in Long Blades
103250 | Zig:25   | Reached skill level 15 in Axes
103251 | Zig:25   | Reached skill level 15 in Short Blades
103263 | Zig:26   | Entered Level 26 of a ziggurat
103278 | Zig:26   | Killed an ancient lich
103350 | Zig:26   | Found the +8 lance "Wyrmbane" {slay drac, rPois rF+ rC+
                  | AC+3}
103361 | Zig:26   | Identified the Tome of the Shifting Blaze
103375 | Zig:26   | Got a transparent marble ring
103384 | Zig:26   | Identified the Incunabulum of Confrontation
103406 | Zig:26   | Reached skill level 15 in Polearms
103406 | Zig:26   | Reached skill level 15 in Slings
103406 | Zig:26   | Reached skill level 15 in Summonings
103434 | Zig:27   | Entered Level 27 of a ziggurat
103470 | Zig:27   | Found the +8 autumn katana {slice, Clar}
103585 | Zig:27   | Got a warped jade ring
103594 | Zig:27   | Got a sparkling brass ring
103603 | Zig:27   | Got a sparkling bone ring
103616 | Zig:27   | Identified the Guide on Envenoming
103618 | Zig:27   | Identified the Handbook of Malediction and Attacks
103683 | Depths:1 | Identified the ring "Seisiude" {rPois rC+++ Int+2 Dex-3}
                  | (You found it on level 27 of a ziggurat)
103685 | Depths:1 | Identified the ring "Ferean" {*Slow +Fly rElec Stlth-} (You
                  | found it on level 26 of a ziggurat)
103687 | Depths:1 | Identified the ring of Feutuik {*Tele SInv} (You found it
                  | on level 27 of a ziggurat)
103689 | Depths:1 | Identified the ring "Reimyong" {Fire Int+4} (You found it
                  | on level 27 of a ziggurat)
104161 | Slime:1  | Entered Level 1 of the Pits of Slime
104534 | Slime:3  | Noticed Dissolution
104537 | Slime:3  | Killed Dissolution
104778 | Slime:4  | Gained mutation: Scrolls take you a little longer to read.
                  | [evolution]
104814 | Slime:5  | Entered Level 5 of the Pits of Slime
104833 | Slime:5  | Noticed the Royal Jelly
104836 | Slime:5  | Killed the Royal Jelly
105130 | Slime:5  | Identified the Handbook of Quantum Sinister Rites
105134 | Slime:5  | Got a slimy rune of Zot
105152 | Slime:5  | Got a scintillating marble ring
105188 | Slime:5  | Identified the Compendium of Enthralling Creation
105220 | Slime:5  | Identified the ring "Inueriff" {+Fly rF+ rC+ MR- Int+2}
                  | (You found it on level 5 of the Pits of Slime)
106033 | Zig:1    | Entered Level 1 of a ziggurat
106064 | Zig:2    | Entered Level 2 of a ziggurat
106065 | Zig:2    | Noticed an ancient lich
106066 | Zig:2    | Killed an ancient lich
106097 | Zig:3    | Entered Level 3 of a ziggurat
106154 | Zig:4    | Entered Level 4 of a ziggurat
106183 | Zig:4    | Identified the Volume of Fixation
106228 | Zig:5    | Entered Level 5 of a ziggurat
106258 | Zig:5    | Identified the Handbook of Scorching Conjuration
106281 | Zig:5    | Identified the +2 helmet of Konalec {rC+ Int+4 Stlth-} (You
                  | found it on level 5 of a ziggurat)
106284 | Zig:6    | Entered Level 6 of a ziggurat
106324 | Zig:6    | Identified the Reference Book on Talismans
106374 | Zig:7    | Entered Level 7 of a ziggurat
106377 | Zig:7    | Noticed an ancient lich
106378 | Zig:7    | Noticed an ancient lich
106379 | Zig:7    | Noticed an ancient lich
106381 | Zig:7    | Killed an ancient lich
106381 | Zig:7    | Killed an ancient lich
106381 | Zig:7    | Killed an ancient lich
106385 | Zig:7    | Found the +15 Maxwell's patent armour {-Cast -Tele rElec
                  | MR+ rCorr}
106401 | Zig:7    | Identified the Almanac of Earth and Translocation
106460 | Zig:8    | Entered Level 8 of a ziggurat
106517 | Zig:8    | Identified the Incunabulum of Destructive Calling
106544 | Zig:8    | Identified the cursed +1 morningstar "Zaetewo" {protect,
                  | rPois Dex+2} (You found it on level 8 of a ziggurat)
106554 | Zig:9    | Entered Level 9 of a ziggurat
106559 | Zig:9    | Found the cursed +13 scythe of Curses {drain, *Curse}
106645 | Zig:10   | Entered Level 10 of a ziggurat
106679 | Zig:10   | Got a heavily runed marble ring
106696 | Zig:10   | Identified the ring "Jiocy" {rC+ MR+ Str+7 Dex+4} (You
                  | found it on level 10 of a ziggurat)
106714 | Zig:11   | Entered Level 11 of a ziggurat
106721 | Zig:11   | Noticed an ancient lich
106723 | Zig:11   | Killed an ancient lich
106725 | Zig:11   | Noticed an ancient lich
106725 | Zig:11   | Noticed an ancient lich
106726 | Zig:11   | Killed an ancient lich
106726 | Zig:11   | Noticed an ancient lich
106727 | Zig:11   | Killed an ancient lich
106727 | Zig:11   | Killed an ancient lich
106729 | Zig:11   | Noticed an ancient lich
106730 | Zig:11   | Noticed an ancient lich
106731 | Zig:11   | Killed an ancient lich
106732 | Zig:11   | Killed an ancient lich
106748 | Zig:11   | Found the +3 crown of Dyrovepreva {rElec Int+2 SInv}
106763 | Zig:11   | Got a warped bronze ring
106831 | Zig:11   | Identified the ring of Utecylemoe {rF+ rC+ Dex+5} (You
                  | found it on level 11 of a ziggurat)
106833 | Zig:11   | Identified the +7 dagger "Datt" {freeze, rF+ Str+2} (You
                  | found it on level 11 of a ziggurat)
106838 | Zig:12   | Entered Level 12 of a ziggurat
106844 | Zig:12   | Noticed an ancient lich
106846 | Zig:12   | Killed an ancient lich
106848 | Zig:12   | Noticed an ancient lich
106849 | Zig:12   | Killed an ancient lich
106853 | Zig:12   | Noticed an ancient lich
106855 | Zig:12   | Killed an ancient lich
106860 | Zig:12   | Noticed an ancient lich
106860 | Zig:12   | Killed an ancient lich
106907 | Zig:12   | Identified the Guide on Companions and Poisoning
106909 | Zig:12   | Identified the Volume of Confrontation and Displacement
106954 | Zig:12   | Identified the +4 hunting sling "Arbiter" {freeze, MR+}
                  | (You found it on level 12 of a ziggurat)
106957 | Zig:13   | Entered Level 13 of a ziggurat
106963 | Zig:13   | Noticed an ancient lich
106963 | Zig:13   | Noticed an ancient lich
106964 | Zig:13   | Noticed an ancient lich
106967 | Zig:13   | Killed an ancient lich
106968 | Zig:13   | Killed an ancient lich
106968 | Zig:13   | Killed an ancient lich
106969 | Zig:13   | Noticed an ancient lich
106969 | Zig:13   | Noticed an ancient lich
106970 | Zig:13   | Noticed an ancient lich
106971 | Zig:13   | Killed an ancient lich
106971 | Zig:13   | Killed an ancient lich
106971 | Zig:13   | Killed an ancient lich
106972 | Zig:13   | Noticed an ancient lich
106974 | Zig:13   | Killed an ancient lich
106975 | Zig:13   | Noticed an ancient lich
106975 | Zig:13   | Noticed an ancient lich
106977 | Zig:13   | Killed an ancient lich
106977 | Zig:13   | Killed an ancient lich
106977 | Zig:13   | Noticed an ancient lich
106978 | Zig:13   | Killed an ancient lich
107062 | Zig:13   | Identified the cursed +0 hat of Activism {-Tele +Fly rF+++
                  | rC+ SInv} (You found it on level 13 of a ziggurat)
107063 | Zig:13   | Got a pitted dagger
107064 | Zig:13   | Identified the +6 dagger of Glory {holy, Dex+3} (You found
                  | it on level 13 of a ziggurat)
107076 | Zig:14   | Entered Level 14 of a ziggurat
107174 | Zig:14   | Got a slimy steel ring
107191 | Zig:14   | Identified the ring "Xinitep" {rPois Int+2} (You found it
                  | on level 14 of a ziggurat)
107199 | Zig:15   | Entered Level 15 of a ziggurat
107281 | Zig:15   | Got a flickering tin ring
107289 | Zig:15   | Got a slimy iron ring
107291 | Zig:15   | Got a bound silver ring
107644 | Zig:15   | Identified the ring "Coock" {MR+ EV+2} (You found it on
                  | level 15 of a ziggurat)
107646 | Zig:15   | Identified the ring "Zuts" {rF+ Str+4 Dex+3} (You found it
                  | on level 15 of a ziggurat)
107648 | Zig:15   | Identified the ring "Ball" {+Fly rPois rF- rN+ AC+5} (You
                  | found it on level 15 of a ziggurat)
107677 | Zig:15   | Got a polished war axe
107678 | Zig:15   | Identified the +10 war axe "Ameptuz" {chop, +Inv} (You
                  | found it on level 15 of a ziggurat)
107688 | Zig:16   | Entered Level 16 of a ziggurat
108109 | Zig:16   | Got a dazzling scimitar
108110 | Zig:16   | Identified the +8 scimitar of Piampa {flame, Dex+2} (You
                  | found it on level 16 of a ziggurat)
108126 | Zig:16   | Got a fine dagger
108127 | Zig:16   | Identified the cursed +2 dagger of Cogoa {venom, rF++} (You
                  | found it on level 16 of a ziggurat)
108140 | Zig:17   | Entered Level 17 of a ziggurat
108146 | Zig:17   | Noticed an ancient lich
108147 | Zig:17   | Noticed an ancient lich
108147 | Zig:17   | Noticed an ancient lich
108149 | Zig:17   | Killed an ancient lich
108149 | Zig:17   | Killed an ancient lich
108149 | Zig:17   | Killed an ancient lich
108152 | Zig:17   | Noticed an ancient lich
108153 | Zig:17   | Killed an ancient lich
108156 | Zig:17   | Noticed an ancient lich
108157 | Zig:17   | Killed an ancient lich
108158 | Zig:17   | Noticed an ancient lich
108159 | Zig:17   | Killed an ancient lich
108160 | Zig:17   | Noticed an ancient lich
108161 | Zig:17   | Killed an ancient lich
108161 | Zig:17   | Noticed an ancient lich
108161 | Zig:17   | Noticed an ancient lich
108162 | Zig:17   | Killed an ancient lich
108162 | Zig:17   | Noticed an ancient lich
108163 | Zig:17   | Killed an ancient lich
108164 | Zig:17   | Killed an ancient lich
108167 | Zig:17   | Noticed an ancient lich
108168 | Zig:17   | Noticed an ancient lich
108169 | Zig:17   | Killed an ancient lich
108170 | Zig:17   | Killed an ancient lich
108182 | Zig:17   | Found the ring of the Octopus King
108268 | Zig:17   | Identified the Reference Book on Heat and Illusion
108287 | Zig:17   | Got a ring of the Octopus King
108292 | Zig:17   | Identified a ring of the Octopus King {Wiz AC+1 EV+1 Str+1
                  | Int+1 Dex+1} (You found it on level 17 of a ziggurat)
108294 | Zig:17   | Identified the +8 broad axe of Departure {drain, rN+ MR++
                  | Int+3 SInv} (You found it on level 17 of a ziggurat)
108303 | Zig:18   | Entered Level 18 of a ziggurat
108400 | Zig:18   | Got a smoking pewter ring
108404 | Zig:18   | Got a steaming iron ring
108464 | Zig:18   | Identified the ring "Laseal" {rF+ Dex+4} (You found it on
                  | level 18 of a ziggurat)
108466 | Zig:18   | Identified the ring "Eginy" {Str+3 Dex+5 SInv} (You found
                  | it on level 18 of a ziggurat)
108469 | Zig:18   | Got a twisted rapier
108470 | Zig:18   | Identified the +2 rapier "Gogat" {pain, Str+7} (You found
                  | it on level 18 of a ziggurat)
108480 | Zig:19   | Entered Level 19 of a ziggurat
108574 | Zig:19   | Got a scintillating garnet amulet
108578 | Zig:19   | Identified the Grimoire of Sinister Rituals and Earth
108606 | Zig:19   | Got a clouded wooden ring
108633 | Zig:19   | Identified the amulet "Gotuttet" {Inacc Stlth+} (You found
                  | it on level 19 of a ziggurat)
108659 | Zig:20   | Entered Level 20 of a ziggurat
108668 | Zig:20   | Noticed Mong the pandemonium lord
108668 | Zig:20   | Noticed Giqippaqa the pandemonium lord
108671 | Zig:20   | Noticed Utoeke the pandemonium lord
108673 | Zig:20   | Killed Mong the pandemonium lord
108673 | Zig:20   | Noticed Vos Ump the pandemonium lord
108674 | Zig:20   | Noticed Ilogad the pandemonium lord
108677 | Zig:20   | Killed Utoeke the pandemonium lord
108678 | Zig:20   | Killed Giqippaqa the pandemonium lord
108683 | Zig:20   | Killed Ilogad the pandemonium lord
108684 | Zig:20   | Killed Vos Ump the pandemonium lord
108687 | Zig:20   | Noticed Mooffor the pandemonium lord
108687 | Zig:20   | Noticed Yrusisich the pandemonium lord
108687 | Zig:20   | Noticed Fubriu the pandemonium lord
108688 | Zig:20   | Killed Fubriu the pandemonium lord
108689 | Zig:20   | Killed Mooffor the pandemonium lord
108689 | Zig:20   | Noticed Moxzuozied the pandemonium lord
108690 | Zig:20   | Killed Yrusisich the pandemonium lord
108690 | Zig:20   | Noticed Egic the pandemonium lord
108691 | Zig:20   | Noticed Hiev the pandemonium lord
108692 | Zig:20   | Killed Moxzuozied the pandemonium lord
108693 | Zig:20   | Noticed Ban Vosch the pandemonium lord
108693 | Zig:20   | Killed Egic the pandemonium lord
108693 | Zig:20   | Noticed Nuybli the pandemonium lord
108694 | Zig:20   | Killed Hiev the pandemonium lord
108694 | Zig:20   | Noticed Mioruxuk the pandemonium lord
108694 | Zig:20   | Noticed Fuobott the pandemonium lord
108695 | Zig:20   | Killed Ban Vosch the pandemonium lord
108695 | Zig:20   | Killed Pofiaf the pandemonium lord
108697 | Zig:20   | Killed Nuybli the pandemonium lord
108697 | Zig:20   | Killed Fuobott the pandemonium lord
108697 | Zig:20   | Noticed Wiqesh the pandemonium lord
108697 | Zig:20   | Noticed Housy the pandemonium lord
108697 | Zig:20   | Noticed Jumait the pandemonium lord
108697 | Zig:20   | Noticed Boadeg the pandemonium lord
108697 | Zig:20   | Noticed Duriar the pandemonium lord
108697 | Zig:20   | Noticed Nastror the pandemonium lord
108698 | Zig:20   | Noticed Hikhliyc the pandemonium lord
108699 | Zig:20   | Killed Hikhliyc the pandemonium lord
108699 | Zig:20   | Noticed Ogugateli the pandemonium lord
108701 | Zig:20   | Killed Mioruxuk the pandemonium lord
108701 | Zig:20   | Killed Jumait the pandemonium lord
108701 | Zig:20   | Killed Boadeg the pandemonium lord
108701 | Zig:20   | Killed Wiqesh the pandemonium lord
108701 | Zig:20   | Killed Duriar the pandemonium lord
108702 | Zig:20   | Noticed Tosid the pandemonium lord
108702 | Zig:20   | Noticed Tysi Mimn the pandemonium lord
108702 | Zig:20   | Noticed Awnel the pandemonium lord
108703 | Zig:20   | Killed Ogugateli the pandemonium lord
108703 | Zig:20   | Killed Tosid the pandemonium lord
108703 | Zig:20   | Killed Housy the pandemonium lord
108704 | Zig:20   | Noticed Nixafur the pandemonium lord
108706 | Zig:20   | Killed Nastror the pandemonium lord
108707 | Zig:20   | Killed Tysi Mimn the pandemonium lord
108707 | Zig:20   | Killed Nixafur the pandemonium lord
108707 | Zig:20   | Noticed Hoppurywn the pandemonium lord
108708 | Zig:20   | Noticed Pitoll the pandemonium lord
108710 | Zig:20   | Killed Pitoll the pandemonium lord
108710 | Zig:20   | Noticed Kystrus the pandemonium lord
108710 | Zig:20   | Noticed Vyguroph the pandemonium lord
108711 | Zig:20   | Killed Hoppurywn the pandemonium lord
108716 | Zig:20   | Killed Awnel the pandemonium lord
108718 | Zig:20   | Killed Kystrus the pandemonium lord
108718 | Zig:20   | Killed Vyguroph the pandemonium lord
108723 | Zig:20   | Noticed Obaeg the pandemonium lord
108724 | Zig:20   | Killed Qinoff the pandemonium lord
108725 | Zig:20   | Killed Obaeg the pandemonium lord
108727 | Zig:20   | Noticed Xauweako the pandemonium lord
108730 | Zig:20   | Noticed Inakk the pandemonium lord
108731 | Zig:20   | Killed Xauweako the pandemonium lord
108734 | Zig:20   | Killed Inakk the pandemonium lord
108737 | Zig:20   | Noticed Patwov the pandemonium lord
108739 | Zig:20   | Killed Elutuuq the pandemonium lord
108740 | Zig:20   | Noticed Nouw Dio the pandemonium lord
108740 | Zig:20   | Noticed Qurafith the pandemonium lord
108741 | Zig:20   | Killed Patwov the pandemonium lord
108742 | Zig:20   | Killed Nouw Dio the pandemonium lord
108743 | Zig:20   | Killed Qurafith the pandemonium lord
108744 | Zig:20   | Noticed Nanin the pandemonium lord
108745 | Zig:20   | Killed Nanin the pandemonium lord
108747 | Zig:20   | Noticed Didwuch Vehe the pandemonium lord
108749 | Zig:20   | Noticed Doceg the pandemonium lord
108750 | Zig:20   | Killed Didwuch Vehe the pandemonium lord
108751 | Zig:20   | Killed Doceg the pandemonium lord
108753 | Zig:20   | Killed Yruck the pandemonium lord
108831 | Zig:20   | Identified Vehumet's Compendium of Confrontation
108837 | Zig:20   | Identified the Reference Book on Weightlessness and the
                  | Entourage
108845 | Zig:20   | Identified Tapn's Witchery Continued
108856 | Zig:20   | Got a bound wooden ring
108857 | Zig:20   | Identified the Catalogue of Assistive Contamination
108860 | Zig:20   | Identified the Collected Works on Unstable Transmutation
108907 | Zig:21   | Entered Level 21 of a ziggurat
108953 | Zig:21   | Gained mutation: Potions are less effective at restoring
                  | your health. [mutagenic glow]
109098 | Zig:21   | Gained mutation: You have a pair of small antennae on your
                  | head. [evolution]
109099 | Zig:21   | Lost mutation: Scrolls take you a little longer to read.
                  | [potion of mutation]
109099 | Zig:21   | Lost mutation: You tend to lose your temper in combat.
                  | [potion of mutation]
109099 | Zig:21   | Lost mutation: Potions are less effective at restoring your
                  | health. [potion of mutation]
109099 | Zig:21   | Gained mutation: You have sharp toenails. [potion of
                  | mutation]
109099 | Zig:21   | Gained mutation: You passively map a small area around you.
                  | [potion of mutation]
109099 | Zig:21   | Gained mutation: You are resistant to hostile enchantments.
                  | (MR+) [potion of mutation]
109176 | Zig:21   | Identified the Incunabulum of Captivating Combat Magic
109182 | Zig:21   | Identified the Volume of Fetching Feathers
109273 | Zig:22   | Entered Level 22 of a ziggurat
109373 | Zig:22   | Found the +2 robe of Vines {NoPotionHeal Regen+7}
109394 | Zig:22   | Got a vibrating copper ring
109531 | Zig:23   | Entered Level 23 of a ziggurat
109595 | Zig:23   | Identified the Guide on Air and Displacement
109597 | Zig:23   | Identified Viummosch's Papyrus of Fiery Enchantment
109623 | Zig:23   | Got a faintly glowing golden ring
109641 | Zig:23   | Identified the ring "Zeawkoki" {+Fly rPois MP+9 Int-4
                  | Dex+3} (You found it on level 23 of a ziggurat)
109642 | Zig:23   | Identified the ring of Moodiness {rC+ Str+3 Int+4 Dex-3
                  | Stlth+} (You found it on level 20 of a ziggurat)
109648 | Zig:23   | Got a scorched copper amulet
109709 | Zig:23   | Identified the amulet "Xoghucw" {Reflect +Blink Dex+3 SH+3}
                  | (You found it on level 23 of a ziggurat)
109740 | Zig:23   | Got a slimy long sword
109751 | Zig:23   | Got a polished rapier
109752 | Zig:23   | Identified the +4 long sword of Eternal War {drain, +Blink
                  | Str+3 Int-5} (You found it on level 23 of a ziggurat)
109753 | Zig:23   | Identified the +10 rapier of Reinforcement {antimagic,
                  | rElec rC+ Int-3 Dex+2} (You found it on level 23 of a
                  | ziggurat)
109889 | Zig:24   | Entered Level 24 of a ziggurat
109911 | Zig:24   | Found the +8 demon blade "Bloodbane" {slice, *Rage +Rage
                  | Stlth-}
110015 | Zig:24   | Found the +7 great mace "Firestarter" {inner flame, rF++}
110030 | Zig:24   | Identified the Guide on Cold and Toxins
110063 | Zig:24   | Identified the Handbook of Conjuration and Fire
110138 | Zig:24   | Identified the ring of Noon {+Fly rPois rC+ Str+4 Slay-3}
                  | (You found it on level 22 of a ziggurat)
110139 | Zig:24   | Identified the ring of the Lobster {rPois rC+} (You found
                  | it on level 19 of a ziggurat)
110176 | Zig:24   | Got a dazzling cloak
110180 | Zig:24   | Got a fine shield
110191 | Zig:24   | Identified the +0 cloak of Pantheism {rElec Int+4} (You
                  | acquired it on level 24 of a ziggurat)
110211 | Zig:24   | Identified the +0 shield of Quantum Leap {rCorr Int+2} (You
                  | acquired it on level 24 of a ziggurat)
110227 | Zig:25   | Entered Level 25 of a ziggurat
110430 | Zig:25   | Got a pitted brass ring
110471 | Zig:25   | Got a slimy jade ring
110518 | Zig:26   | Entered Level 26 of a ziggurat
110670 | Zig:26   | Identified the Papyrus of Ice and Weightlessness
110678 | Zig:26   | Identified the Almanac of Enthralling Fire
110692 | Zig:26   | Got a smoking shield
110708 | Zig:26   | Identified the +5 shield "Ogaucvaoch" {rF- rCorr SInv} (You
                  | found it on level 26 of a ziggurat)
110719 | Zig:26   | Identified the ring "Dyv Xub" {+Blink SInv} (You found it
                  | on level 25 of a ziggurat)
110732 | Zig:27   | Entered Level 27 of a ziggurat
110874 | Zig:27   | Found the +10 morningstar "Eos" {elec, Halo rElec}
110879 | Zig:27   | Got a shimmering wooden ring
110881 | Zig:27   | Identified the Compendium of Flames and Protection
110947 | Zig:27   | Reached skill level 27 in Ice Magic
110947 | Zig:27   | Reached skill level 27 in Invocations
111023 | Zig:1    | Entered Level 1 of a ziggurat
111037 | Zig:2    | Entered Level 2 of a ziggurat
111075 | Zig:3    | Entered Level 3 of a ziggurat
111075 | Zig:3    | Found the +8 demon blade "Leech" {vamp, rN+ AC-3 EV-3}
111104 | Zig:4    | Entered Level 4 of a ziggurat
111104 | Zig:4    | Noticed an ancient lich
111104 | Zig:4    | Noticed an ancient lich
111105 | Zig:4    | Killed an ancient lich
111105 | Zig:4    | Killed an ancient lich
111149 | Zig:5    | Entered Level 5 of a ziggurat
111149 | Zig:5    | Noticed an ancient lich
111149 | Zig:5    | Noticed an ancient lich
111150 | Zig:5    | Killed an ancient lich
111151 | Zig:5    | Killed an ancient lich
111199 | Zig:6    | Entered Level 6 of a ziggurat
111216 | Zig:6    | Gained mutation: Your flesh is heat resistant. (rF+)
                  | [evolution]
111216 | Zig:6    | Lost mutation: You evolve. [end of evolution]
111263 | Zig:6    | Got a transparent buckler
111275 | Zig:6    | Identified the +1 buckler "Irutrod" {rF+ rN++ Regen+ Str-5}
                  | (You found it on level 6 of a ziggurat)
111292 | Zig:7    | Entered Level 7 of a ziggurat
111311 | Zig:7    | Identified Judeges's Papyrus of Poisonous Attacks
111346 | Zig:8    | Entered Level 8 of a ziggurat
111435 | Zig:8    | Identified the ring of Wibises {-Tele rPois rN+ MR+} (You
                  | found it on level 25 of a ziggurat)
111444 | Zig:9    | Entered Level 9 of a ziggurat
111484 | Zig:9    | Identified the Guide on Good Luck
111503 | Zig:9    | Identified Fousabe's Reference Book on Shifting Calling
111590 | Zig:10   | Entered Level 10 of a ziggurat
111597 | Zig:10   | Found the ring of the Octopus King
111597 | Zig:10   | Found the +0 sword of Power
111619 | Zig:10   | Got a ring of the Octopus King
111626 | Zig:10   | Got a crude ivory amulet
111660 | Zig:10   | Identified the ring of Xoilur {*Slow Dex+9 Stlth-} (You
                  | found it on level 27 of a ziggurat)
111661 | Zig:10   | Identified the amulet "Kyithry" {Spirit rF+} (You found it
                  | on level 10 of a ziggurat)
111870 | Zig:11   | Entered Level 11 of a ziggurat
111921 | Zig:11   | Got a crude platinum amulet
111961 | Zig:11   | Identified the amulet "Jeunimol" {Spirit MR++ Int+7} (You
                  | found it on level 11 of a ziggurat)
111963 | Zig:11   | Reached skill level 27 in Maces & Flails
111963 | Zig:11   | Reached skill level 27 in Bows
111963 | Zig:11   | Reached skill level 27 in Poison Magic
111970 | Zig:12   | Entered Level 12 of a ziggurat
112072 | Zig:13   | Entered Level 13 of a ziggurat
112130 | Zig:13   | Got a bound graven amulet
112149 | Zig:13   | Identified the Volume of Destructive Translocation
112169 | Zig:13   | Identified the amulet of Day {rF+ rN+ Regen+ Str-2} (You
                  | found it on level 13 of a ziggurat)
112201 | Zig:14   | Entered Level 14 of a ziggurat
112207 | Zig:14   | Noticed Cilobbym the pandemonium lord
112208 | Zig:14   | Noticed Sanu the pandemonium lord
112208 | Zig:14   | Noticed Jikonn the pandemonium lord
112209 | Zig:14   | Noticed Imecrued the pandemonium lord
112209 | Zig:14   | Noticed Joukubro the pandemonium lord
112209 | Zig:14   | Noticed Qioptouf the pandemonium lord
112210 | Zig:14   | Killed Jikonn the pandemonium lord
112210 | Zig:14   | Noticed Raefiem the pandemonium lord
112210 | Zig:14   | Noticed Mawk the pandemonium lord
112210 | Zig:14   | Noticed Zefil the pandemonium lord
112219 | Zig:14   | Killed Sanu the pandemonium lord
112220 | Zig:14   | Killed Qioptouf the pandemonium lord
112222 | Zig:14   | Noticed Immela the pandemonium lord
112225 | Zig:14   | Killed Immela the pandemonium lord
112225 | Zig:14   | Killed Joukubro the pandemonium lord
112225 | Zig:14   | Killed Mawk the pandemonium lord
112226 | Zig:14   | Noticed Soqonkul the pandemonium lord
112226 | Zig:14   | Noticed Entiy the pandemonium lord
112228 | Zig:14   | Killed Soqonkul the pandemonium lord
112228 | Zig:14   | Killed Zefil the pandemonium lord
112228 | Zig:14   | Killed Urirrite the pandemonium lord
112228 | Zig:14   | Noticed Migumom the pandemonium lord
112229 | Zig:14   | Noticed Adoqam the pandemonium lord
112230 | Zig:14   | Killed Imecrued the pandemonium lord
112230 | Zig:14   | Killed Raefiem the pandemonium lord
112230 | Zig:14   | Killed Cilobbym the pandemonium lord
112231 | Zig:14   | Killed Entiy the pandemonium lord
112231 | Zig:14   | Killed Adoqam the pandemonium lord
112232 | Zig:14   | Noticed Caufia the pandemonium lord
112233 | Zig:14   | Killed Migumom the pandemonium lord
112233 | Zig:14   | Noticed Tioxer the pandemonium lord
112234 | Zig:14   | Killed Tioxer the pandemonium lord
112235 | Zig:14   | Killed Caufia the pandemonium lord
112235 | Zig:14   | Killed Geutsoz the pandemonium lord
112235 | Zig:14   | Killed Haxorph the pandemonium lord
112235 | Zig:14   | Killed Qomixae the pandemonium lord
112237 | Zig:14   | Noticed Dookerghi the pandemonium lord
112238 | Zig:14   | Killed Dookerghi the pandemonium lord
112238 | Zig:14   | Killed Vosuej the pandemonium lord
112239 | Zig:14   | Noticed Gishryju the pandemonium lord
112239 | Zig:14   | Noticed Leympag the pandemonium lord
112239 | Zig:14   | Noticed Sup Mela the pandemonium lord
112239 | Zig:14   | Noticed Sederong the pandemonium lord
112240 | Zig:14   | Noticed Veteal the pandemonium lord
112240 | Zig:14   | Killed Leympag the pandemonium lord
112241 | Zig:14   | Killed Gishryju the pandemonium lord
112241 | Zig:14   | Killed Sederong the pandemonium lord
112242 | Zig:14   | Killed Veteal the pandemonium lord
112244 | Zig:14   | Killed Sup Mela the pandemonium lord
112245 | Zig:14   | Noticed Unyros the pandemonium lord
112247 | Zig:14   | Killed Unyros the pandemonium lord
112247 | Zig:14   | Noticed Buocsem the pandemonium lord
112248 | Zig:14   | Killed Cideneav the pandemonium lord
112249 | Zig:14   | Killed Buocsem the pandemonium lord
112249 | Zig:14   | Killed Noginajo the pandemonium lord
112252 | Zig:14   | Noticed Ruiqos the pandemonium lord
112254 | Zig:14   | Killed Ruiqos the pandemonium lord
112296 | Zig:14   | Identified Kueputz's Tome of the Journeyman
112350 | Zig:14   | Reached skill level 27 in Short Blades
112350 | Zig:14   | Reached skill level 27 in Long Blades
112350 | Zig:14   | Reached skill level 27 in Axes
112350 | Zig:14   | Reached skill level 27 in Polearms
112350 | Zig:14   | Reached skill level 27 in Slings
112350 | Zig:14   | Reached skill level 27 in Summonings
112355 | Zig:15   | Entered Level 15 of a ziggurat
112538 | Zig:16   | Entered Level 16 of a ziggurat
112624 | Zig:16   | Got a sparkling lapis lazuli ring
112705 | Zig:16   | Identified the Volume of Vitriolic Summoning
112712 | Zig:16   | Found the +2 Maxwell's thermic engine {flame, freeze}
112723 | Zig:16   | Got a twitching pewter ring
112729 | Zig:16   | Identified the Catalogue of the Volcanoes and Boosts
112784 | Zig:16   | Identified the ring of Day {rF+ Str+3} (You found it on
                  | level 16 of a ziggurat)
112785 | Zig:16   | Identified the ring "Lar Uno" {rPois MP+9} (You found it on
                  | level 16 of a ziggurat)
112794 | Zig:17   | Entered Level 17 of a ziggurat
113024 | Zig:18   | Entered Level 18 of a ziggurat
113175 | Zig:18   | Got a sparkling bronze ring
113181 | Zig:18   | Got a vibrating silver ring
113182 | Zig:18   | Identified the Tome of Captivating Lightness
113187 | Zig:18   | Identified Sif Muna's Disquisition on Captivating Attacks
113270 | Zig:18   | Identified the ring "Yxkiev" {MR+ MP+9 Dex+4} (You found it
                  | on level 18 of a ziggurat)
113271 | Zig:18   | Identified the ring of Satyriasis {+Fly rElec MP+9} (You
                  | found it on level 18 of a ziggurat)
113277 | Zig:18   | Got a pair of pitted gloves
113305 | Zig:18   | Identified the +0 pair of gloves "Neimpib" {Dex+3} (You
                  | found it on level 18 of a ziggurat)
113325 | Zig:19   | Entered Level 19 of a ziggurat
113336 | Zig:19   | Noticed Maweynak the pandemonium lord
113336 | Zig:19   | Noticed Nuwneteth the pandemonium lord
113336 | Zig:19   | Noticed Gearekiy the pandemonium lord
113337 | Zig:19   | Noticed Buedua the pandemonium lord
113337 | Zig:19   | Noticed Vahyec the pandemonium lord
113337 | Zig:19   | Noticed Ippa the pandemonium lord
113338 | Zig:19   | Noticed Ydghelao the pandemonium lord
113339 | Zig:19   | Noticed Qeboelesk the pandemonium lord
113341 | Zig:19   | Killed Maweynak the pandemonium lord
113344 | Zig:19   | Killed Gearekiy the pandemonium lord
113345 | Zig:19   | Killed Buedua the pandemonium lord
113346 | Zig:19   | Noticed Tyim the pandemonium lord
113348 | Zig:19   | Killed Tyim the pandemonium lord
113348 | Zig:19   | Killed Nuwneteth the pandemonium lord
113348 | Zig:19   | Killed Vahyec the pandemonium lord
113348 | Zig:19   | Noticed Qorad the pandemonium lord
113349 | Zig:19   | Killed Qeboelesk the pandemonium lord
113349 | Zig:19   | Killed Qorad the pandemonium lord
113349 | Zig:19   | Killed Ippa the pandemonium lord
113350 | Zig:19   | Killed Nilogos the pandemonium lord
113352 | Zig:19   | Noticed Gagokh the pandemonium lord
113352 | Zig:19   | Noticed Qego the pandemonium lord
113354 | Zig:19   | Killed Ydghelao the pandemonium lord
113354 | Zig:19   | Noticed Kicunk the pandemonium lord
113355 | Zig:19   | Noticed Vomukamo the pandemonium lord
113356 | Zig:19   | Killed Gagokh the pandemonium lord
113356 | Zig:19   | Killed Cuipp the pandemonium lord
113356 | Zig:19   | Noticed Yhewosol the pandemonium lord
113359 | Zig:19   | Killed Qego the pandemonium lord
113359 | Zig:19   | Killed Kicunk the pandemonium lord
113360 | Zig:19   | Killed Vomukamo the pandemonium lord
113360 | Zig:19   | Noticed Muvocyt the pandemonium lord
113361 | Zig:19   | Noticed Zuidotoq the pandemonium lord
113362 | Zig:19   | Noticed Sunguv the pandemonium lord
113362 | Zig:19   | Noticed Naef the pandemonium lord
113363 | Zig:19   | Killed Muvocyt the pandemonium lord
113363 | Zig:19   | Noticed Wysen the pandemonium lord
113366 | Zig:19   | Killed Naef the pandemonium lord
113372 | Zig:19   | Killed Zuidotoq the pandemonium lord
113373 | Zig:19   | Noticed Efute the pandemonium lord
113373 | Zig:19   | Noticed Mesontek the pandemonium lord
113374 | Zig:19   | Noticed Kaggier the pandemonium lord
113375 | Zig:19   | Noticed Suvepaohu the pandemonium lord
113376 | Zig:19   | Killed Mesontek the pandemonium lord
113377 | Zig:19   | Killed Sunguv the pandemonium lord
113377 | Zig:19   | Noticed Neus Vim the pandemonium lord
113379 | Zig:19   | Noticed Leklocar the pandemonium lord
113379 | Zig:19   | Noticed Houzasil the pandemonium lord
113381 | Zig:19   | Killed Kaggier the pandemonium lord
113382 | Zig:19   | Killed Efute the pandemonium lord
113383 | Zig:19   | Killed Houzasil the pandemonium lord
113383 | Zig:19   | Noticed Lextug the pandemonium lord
113385 | Zig:19   | Noticed Uptaz the pandemonium lord
113385 | Zig:19   | Noticed Qisiocw the pandemonium lord
113387 | Zig:19   | Noticed Maexaoxt the pandemonium lord
113387 | Zig:19   | Noticed Tycvif the pandemonium lord
113388 | Zig:19   | Noticed Ukkoidy the pandemonium lord
113388 | Zig:19   | Noticed Tumoulli the pandemonium lord
113390 | Zig:19   | Noticed Ruemn the pandemonium lord
113390 | Zig:19   | Killed Leklocar the pandemonium lord
113390 | Zig:19   | Killed Uptaz the pandemonium lord
113390 | Zig:19   | Noticed Vazefego the pandemonium lord
113391 | Zig:19   | Killed Tycvif the pandemonium lord
113392 | Zig:19   | Killed Suvepaohu the pandemonium lord
113392 | Zig:19   | Killed Tumoulli the pandemonium lord
113392 | Zig:19   | Killed Lextug the pandemonium lord
113392 | Zig:19   | Killed Ukkoidy the pandemonium lord
113392 | Zig:19   | Noticed Enesoa the pandemonium lord
113393 | Zig:19   | Noticed Edet the pandemonium lord
113393 | Zig:19   | Noticed Maifuf the pandemonium lord
113395 | Zig:19   | Noticed Atawunadghi the pandemonium lord
113396 | Zig:19   | Noticed Voakh the pandemonium lord
113397 | Zig:19   | Killed Maexaoxt the pandemonium lord
113397 | Zig:19   | Killed Wysen the pandemonium lord
113397 | Zig:19   | Noticed Keczosac the pandemonium lord
113398 | Zig:19   | Noticed Kiamit the pandemonium lord
113400 | Zig:19   | Noticed Pusicojaed the pandemonium lord
113402 | Zig:19   | Killed Pusicojaed the pandemonium lord
113403 | Zig:19   | Noticed Weithoty the pandemonium lord
113404 | Zig:19   | Noticed Nuvoar the pandemonium lord
113412 | Zig:19   | Killed Weithoty the pandemonium lord
113412 | Zig:19   | Noticed Selys the pandemonium lord
113412 | Zig:19   | Noticed Hitymm the pandemonium lord
113412 | Zig:19   | Noticed Yfau the pandemonium lord
113412 | Zig:19   | Noticed Gahodomp the pandemonium lord
113413 | Zig:19   | Killed Nuvoar the pandemonium lord
113413 | Zig:19   | Killed Hitymm the pandemonium lord
113414 | Zig:19   | Killed Edet the pandemonium lord
113415 | Zig:19   | Noticed Kiruoqin the pandemonium lord
113417 | Zig:19   | Noticed Curato the pandemonium lord
113417 | Zig:19   | Noticed Oploep the pandemonium lord
113418 | Zig:19   | Killed Neus Vim the pandemonium lord
113418 | Zig:19   | Killed Yfau the pandemonium lord
113418 | Zig:19   | Killed Kiamit the pandemonium lord
113419 | Zig:19   | Killed Yhewosol the pandemonium lord
113420 | Zig:19   | Killed Gahodomp the pandemonium lord
113421 | Zig:19   | Killed Oploep the pandemonium lord
113421 | Zig:19   | Killed Selys the pandemonium lord
113421 | Zig:19   | Killed Qisiocw the pandemonium lord
113424 | Zig:19   | Killed Maifuf the pandemonium lord
113424 | Zig:19   | Killed Voakh the pandemonium lord
113425 | Zig:19   | Killed Vazefego the pandemonium lord
113429 | Zig:19   | Killed Atawunadghi the pandemonium lord
113429 | Zig:19   | Killed Curato the pandemonium lord
113429 | Zig:19   | Killed Keczosac the pandemonium lord
113431 | Zig:19   | Killed Kiruoqin the pandemonium lord
113431 | Zig:19   | Killed Suka the pandemonium lord
113432 | Zig:19   | Killed Ruemn the pandemonium lord
113435 | Zig:19   | Killed Enesoa the pandemonium lord
113456 | Zig:19   | Lost mutation: Your spells are a little harder to cast, but
                  | a little more powerful. [mutagenic glow]
113489 | Zig:19   | Gained mutation: Your magical capacity is low. (-10% MP)
                  | [mutagenic glow]
113698 | Zig:19   | Lost mutation: You are resistant to hostile enchantments.
                  | (MR+) [potion of mutation]
113698 | Zig:19   | Lost mutation: Your magical capacity is low. (-10% MP)
                  | [potion of mutation]
113698 | Zig:19   | Gained mutation: You passively map the area around you.
                  | [potion of mutation]
113698 | Zig:19   | Gained mutation: You are clumsy. (Dex -2) [potion of
                  | mutation]
113698 | Zig:19   | Gained mutation: You possess an exceptional clarity of
                  | mind. [potion of mutation]
113699 | Zig:19   | Lost mutation: You have sharp toenails. [potion of
                  | mutation]
113699 | Zig:19   | Lost mutation: You passively map the area around you.
                  | [potion of mutation]
113699 | Zig:19   | Lost mutation: You possess an exceptional clarity of mind.
                  | [potion of mutation]
113699 | Zig:19   | Gained mutation: You are partially covered in iridescent
                  | scales. (AC +2) [potion of mutation]
113699 | Zig:19   | Gained mutation: Your muscles are strong. (Str +2) [potion
                  | of mutation]
113699 | Zig:19   | Gained mutation: You are resistant to hostile enchantments.
                  | (MR+) [potion of mutation]
113700 | Zig:19   | Lost mutation: You have a pair of small antennae on your
                  | head. [potion of mutation]
113700 | Zig:19   | Lost mutation: You passively map a small area around you.
                  | [potion of mutation]
113700 | Zig:19   | Lost mutation: You are resistant to hostile enchantments.
                  | (MR+) [potion of mutation]
113700 | Zig:19   | Lost mutation: Your muscles are strong. (Str +2) [potion of
                  | mutation]
113700 | Zig:19   | Lost mutation: You are clumsy. (Dex -2) [potion of
                  | mutation]
113700 | Zig:19   | Gained mutation: You are robust. (+10% HP) [potion of
                  | mutation]
113700 | Zig:19   | Gained mutation: You passively map a small area around you.
                  | [potion of mutation]
113701 | Zig:19   | Lost mutation: You are robust. (+10% HP) [potion of
                  | mutation]
113701 | Zig:19   | Lost mutation: Your flesh is heat resistant. (rF+) [potion
                  | of mutation]
113701 | Zig:19   | Lost mutation: You are partially covered in iridescent
                  | scales. (AC +2) [potion of mutation]
113701 | Zig:19   | Gained mutation: Your mind is acute. (Int +2) [potion of
                  | mutation]
113701 | Zig:19   | Gained mutation: You have a somewhat thin skeletal
                  | structure. (Dex +2, Stealth) [potion of mutation]
113702 | Zig:19   | Lost mutation: Your mind is acute. (Int +2) [potion of
                  | mutation]
113702 | Zig:19   | Lost mutation: You have a somewhat thin skeletal structure.
                  | (Dex +2, Stealth) [potion of mutation]
113702 | Zig:19   | Lost mutation: You passively map a small area around you.
                  | [potion of mutation]
113702 | Zig:19   | Gained mutation: Potions are less effective at restoring
                  | your health. [potion of mutation]
113702 | Zig:19   | Gained mutation: You tend to lose your temper in combat.
                  | [potion of mutation]
113702 | Zig:19   | Gained mutation: You are weak. (Str -2) [potion of
                  | mutation]
113702 | Zig:19   | Gained mutation: You have a pair of small antennae on your
                  | head. [potion of mutation]
113703 | Zig:19   | Lost mutation: You tend to lose your temper in combat.
                  | [potion of mutation]
113703 | Zig:19   | Lost mutation: You are weak. (Str -2) [potion of mutation]
113703 | Zig:19   | Gained mutation: You are robust. (+10% HP) [potion of
                  | mutation]
113703 | Zig:19   | Gained mutation: You have sharp toenails. [potion of
                  | mutation]
113704 | Zig:19   | Lost mutation: You have sharp toenails. [potion of
                  | mutation]
113704 | Zig:19   | Lost mutation: Potions are less effective at restoring your
                  | health. [potion of mutation]
113704 | Zig:19   | Lost mutation: You are robust. (+10% HP) [potion of
                  | mutation]
113704 | Zig:19   | Gained mutation: You have a pair of antennae on your head.
                  | [potion of mutation]
113704 | Zig:19   | Gained mutation: You have a pair of large antennae on your
                  | head. (SInv) [potion of mutation]
113704 | Zig:19   | Gained mutation: Your mind is acute. (Int +2) [potion of
                  | mutation]
113704 | Zig:19   | Gained mutation: You can translocate small distances at
                  | will. [potion of mutation]
113705 | Zig:19   | Lost mutation: You have a pair of large antennae on your
                  | head. (SInv) [potion of mutation]
113705 | Zig:19   | Gained mutation: You are surrounded by a mild repulsion
                  | field. (EV +2) [potion of mutation]
113705 | Zig:19   | Gained mutation: Your mind is very acute. (Int +4) [potion
                  | of mutation]
113706 | Zig:19   | Lost mutation: Your mind is very acute. (Int +4) [potion of
                  | mutation]
113706 | Zig:19   | Lost mutation: You can translocate small distances at will.
                  | [potion of mutation]
113706 | Zig:19   | Lost mutation: You have a pair of antennae on your head.
                  | [potion of mutation]
113706 | Zig:19   | Gained mutation: You expend magic power (3 MP) to
                  | strengthen your wands. [potion of mutation]
113706 | Zig:19   | Gained mutation: Your spells are a little harder to cast,
                  | but a little more powerful. [potion of mutation]
113785 | Zig:19   | Got a clouded diamond amulet
113793 | Zig:19   | Identified the Tome of Dark Beguiling
113799 | Zig:19   | Got a scorched lead amulet
113803 | Zig:19   | Got a faintly glowing ivory amulet
113814 | Zig:19   | Got a translucent graven amulet
113819 | Zig:19   | Got a crude hand crossbow
113831 | Zig:19   | Identified the +7 hand crossbow of Shame {flame, *Corrode
                  | rElec rN+ Int+3} (You found it on level 19 of a ziggurat)
113835 | Zig:19   | Identified the amulet "Etruolatt" {+Rage rC+ rN+ SInv} (You
                  | found it on level 19 of a ziggurat)
113837 | Zig:19   | Identified the amulet of Darkness {Faith Int+2} (You found
                  | it on level 19 of a ziggurat)
113839 | Zig:19   | Identified the amulet "Guluary" {+Fly Regen+} (You found it
                  | on level 19 of a ziggurat)
113841 | Zig:19   | Identified the amulet "Dezxir" {Reflect Str+2 Dex+4 SH+3}
                  | (You found it on level 19 of a ziggurat)
113860 | Zig:20   | Entered Level 20 of a ziggurat
113874 | Zig:20   | Noticed an ancient lich
113874 | Zig:20   | Noticed an ancient lich
113874 | Zig:20   | Noticed an ancient lich
113875 | Zig:20   | Killed an ancient lich
113876 | Zig:20   | Killed an ancient lich
113876 | Zig:20   | Killed an ancient lich
113876 | Zig:20   | Noticed an ancient lich
113877 | Zig:20   | Killed an ancient lich
113877 | Zig:20   | Noticed an ancient lich
113878 | Zig:20   | Killed an ancient lich
113878 | Zig:20   | Noticed an ancient lich
113878 | Zig:20   | Noticed an ancient lich
113878 | Zig:20   | Noticed an ancient lich
113879 | Zig:20   | Noticed an ancient lich
113879 | Zig:20   | Noticed an ancient lich
113879 | Zig:20   | Noticed an ancient lich
113880 | Zig:20   | Killed an ancient lich
113880 | Zig:20   | Killed an ancient lich
113880 | Zig:20   | Killed an ancient lich
113880 | Zig:20   | Killed an ancient lich
113880 | Zig:20   | Killed an ancient lich
113880 | Zig:20   | Noticed an ancient lich
113880 | Zig:20   | Noticed an ancient lich
113881 | Zig:20   | Killed an ancient lich
113881 | Zig:20   | Killed an ancient lich
113881 | Zig:20   | Noticed an ancient lich
113882 | Zig:20   | Killed an ancient lich
113882 | Zig:20   | Noticed an ancient lich
113883 | Zig:20   | Killed an ancient lich
113883 | Zig:20   | Killed an ancient lich
113883 | Zig:20   | Noticed an ancient lich
113883 | Zig:20   | Noticed an ancient lich
113883 | Zig:20   | Noticed an ancient lich
113884 | Zig:20   | Killed an ancient lich
113885 | Zig:20   | Killed an ancient lich
113885 | Zig:20   | Noticed an ancient lich
113885 | Zig:20   | Noticed an ancient lich
113886 | Zig:20   | Killed an ancient lich
113886 | Zig:20   | Noticed an ancient lich
113887 | Zig:20   | Killed an ancient lich
113887 | Zig:20   | Killed an ancient lich
113888 | Zig:20   | Killed an ancient lich
113890 | Zig:20   | Noticed an ancient lich
113890 | Zig:20   | Noticed an ancient lich
113891 | Zig:20   | Killed an ancient lich
113891 | Zig:20   | Noticed an ancient lich
113892 | Zig:20   | Killed an ancient lich
113892 | Zig:20   | Noticed an ancient lich
113893 | Zig:20   | Killed an ancient lich
113894 | Zig:20   | Noticed an ancient lich
113894 | Zig:20   | Killed an ancient lich
113895 | Zig:20   | Killed an ancient lich
113896 | Zig:20   | Noticed an ancient lich
113898 | Zig:20   | Killed an ancient lich
113980 | Zig:20   | Identified the Collected Works on Clay and Intoxication
113984 | Zig:20   | Identified the Collected Works on the Mountains and Stolen
                  | Souls
114122 | Zig:21   | Entered Level 21 of a ziggurat
114148 | Zig:21   | Found the +5 scythe "Finisher" {speed, Str+3}
114148 | Zig:21   | Found the +8 mithril axe "Arga" {speed, MR+}
114201 | Zig:21   | Got an ancient lead ring
114216 | Zig:21   | Got a brightly glowing lapis lazuli ring
114224 | Zig:21   | Got a steaming marble ring
114372 | Zig:21   | Identified the ring of the Invisible Lies {rC+ rN+ Dex+3}
                  | (You found it on level 21 of a ziggurat)
114373 | Zig:21   | Identified the ring "Ythotos" {Fire rPois Str+4 Int-3
                  | Stlth+} (You found it on level 21 of a ziggurat)
114374 | Zig:21   | Identified the ring "Rasiweg" {EV+3 Int+2 Stlth+} (You
                  | found it on level 21 of a ziggurat)
114402 | Zig:22   | Entered Level 22 of a ziggurat
114416 | Zig:22   | Noticed an ancient lich
114418 | Zig:22   | Killed an ancient lich
114420 | Zig:22   | Noticed an ancient lich
114421 | Zig:22   | Killed an ancient lich
114421 | Zig:22   | Noticed an ancient lich
114422 | Zig:22   | Killed an ancient lich
114423 | Zig:22   | Noticed an ancient lich
114424 | Zig:22   | Killed an ancient lich
114426 | Zig:22   | Noticed an ancient lich
114427 | Zig:22   | Killed an ancient lich
114433 | Zig:22   | Noticed an ancient lich
114434 | Zig:22   | Noticed an ancient lich
114435 | Zig:22   | Killed an ancient lich
114436 | Zig:22   | Killed an ancient lich
114668 | Zig:22   | Identified the +9 rapier of Itiolun {holy, Stlth+} (You
                  | found it on level 22 of a ziggurat)
114672 | Zig:23   | Entered Level 23 of a ziggurat
114680 | Zig:23   | Noticed an ancient lich
114680 | Zig:23   | Noticed an ancient lich
114682 | Zig:23   | Killed an ancient lich
114682 | Zig:23   | Killed an ancient lich
114682 | Zig:23   | Noticed an ancient lich
114684 | Zig:23   | Killed an ancient lich
114685 | Zig:23   | Noticed an ancient lich
114686 | Zig:23   | Noticed an ancient lich
114687 | Zig:23   | Killed an ancient lich
114687 | Zig:23   | Noticed an ancient lich
114687 | Zig:23   | Noticed an ancient lich
114688 | Zig:23   | Killed an ancient lich
114689 | Zig:23   | Killed an ancient lich
114689 | Zig:23   | Killed an ancient lich
114690 | Zig:23   | Noticed an ancient lich
114690 | Zig:23   | Noticed an ancient lich
114691 | Zig:23   | Killed an ancient lich
114691 | Zig:23   | Killed an ancient lich
114691 | Zig:23   | Noticed an ancient lich
114692 | Zig:23   | Noticed an ancient lich
114693 | Zig:23   | Noticed an ancient lich
114693 | Zig:23   | Noticed an ancient lich
114693 | Zig:23   | Noticed an ancient lich
114693 | Zig:23   | Noticed an ancient lich
114694 | Zig:23   | Noticed an ancient lich
114694 | Zig:23   | Noticed an ancient lich
114695 | Zig:23   | Killed an ancient lich
114695 | Zig:23   | Killed an ancient lich
114695 | Zig:23   | Killed an ancient lich
114695 | Zig:23   | Killed an ancient lich
114695 | Zig:23   | Noticed an ancient lich
114696 | Zig:23   | Killed an ancient lich
114696 | Zig:23   | Killed an ancient lich
114696 | Zig:23   | Killed an ancient lich
114696 | Zig:23   | Killed an ancient lich
114696 | Zig:23   | Killed an ancient lich
114696 | Zig:23   | Noticed an ancient lich
114697 | Zig:23   | Killed an ancient lich
114699 | Zig:23   | Noticed an ancient lich
114699 | Zig:23   | Noticed an ancient lich
114699 | Zig:23   | Noticed an ancient lich
114700 | Zig:23   | Noticed an ancient lich
114700 | Zig:23   | Killed an ancient lich
114700 | Zig:23   | Killed an ancient lich
114701 | Zig:23   | Killed an ancient lich
114702 | Zig:23   | Killed an ancient lich
114702 | Zig:23   | Noticed an ancient lich
114702 | Zig:23   | Noticed an ancient lich
114704 | Zig:23   | Killed an ancient lich
114704 | Zig:23   | Noticed an ancient lich
114704 | Zig:23   | Noticed an ancient lich
114705 | Zig:23   | Killed an ancient lich
114705 | Zig:23   | Killed an ancient lich
114705 | Zig:23   | Noticed an ancient lich
114706 | Zig:23   | Noticed an ancient lich
114707 | Zig:23   | Killed an ancient lich
114707 | Zig:23   | Killed an ancient lich
114708 | Zig:23   | Killed an ancient lich
114708 | Zig:23   | Noticed an ancient lich
114711 | Zig:23   | Killed an ancient lich
114871 | Zig:23   | Got a sparkling jade ring
114936 | Zig:23   | Identified the ring "Kiafig Xiki" {rC+ Str+8 Int+7 Slay-5}
                  | (You found it on level 23 of a ziggurat)
114953 | Zig:23   | Identified the +9 dagger "Mocuotix" {venom, Dex+6 Stlth+}
                  | (You found it on level 23 of a ziggurat)
114955 | Zig:23   | Identified the +4 scimitar of Circularity {drain, rF+} (You
                  | found it on level 23 of a ziggurat)
114958 | Zig:23   | Identified the +5 trident of the Globe {elec, +Rage Str+3}
                  | (You found it on level 23 of a ziggurat)
114962 | Zig:24   | Entered Level 24 of a ziggurat
114974 | Zig:24   | Noticed an ancient lich
114974 | Zig:24   | Noticed an ancient lich
114975 | Zig:24   | Noticed an ancient lich
114975 | Zig:24   | Noticed an ancient lich
114976 | Zig:24   | Killed an ancient lich
114976 | Zig:24   | Killed an ancient lich
114977 | Zig:24   | Killed an ancient lich
114977 | Zig:24   | Killed an ancient lich
114977 | Zig:24   | Noticed an ancient lich
114978 | Zig:24   | Noticed an ancient lich
114978 | Zig:24   | Noticed an ancient lich
114979 | Zig:24   | Killed an ancient lich
114979 | Zig:24   | Killed an ancient lich
114979 | Zig:24   | Killed an ancient lich
114979 | Zig:24   | Noticed an ancient lich
114980 | Zig:24   | Noticed an ancient lich
114980 | Zig:24   | Noticed an ancient lich
114981 | Zig:24   | Killed an ancient lich
114981 | Zig:24   | Noticed an ancient lich
114982 | Zig:24   | Noticed an ancient lich
114982 | Zig:24   | Killed an ancient lich
114982 | Zig:24   | Killed an ancient lich
114982 | Zig:24   | Killed an ancient lich
114982 | Zig:24   | Killed an ancient lich
114982 | Zig:24   | Noticed an ancient lich
114982 | Zig:24   | Noticed an ancient lich
114984 | Zig:24   | Noticed an ancient lich
114984 | Zig:24   | Killed an ancient lich
114985 | Zig:24   | Killed an ancient lich
114985 | Zig:24   | Killed an ancient lich
114987 | Zig:24   | Noticed an ancient lich
114988 | Zig:24   | Noticed an ancient lich
114989 | Zig:24   | Noticed an ancient lich
114989 | Zig:24   | Noticed an ancient lich
114990 | Zig:24   | Killed an ancient lich
114991 | Zig:24   | Killed an ancient lich
114991 | Zig:24   | Killed an ancient lich
114991 | Zig:24   | Noticed an ancient lich
114991 | Zig:24   | Noticed an ancient lich
114991 | Zig:24   | Noticed an ancient lich
114992 | Zig:24   | Killed an ancient lich
114992 | Zig:24   | Killed an ancient lich
114993 | Zig:24   | Noticed an ancient lich
114993 | Zig:24   | Killed an ancient lich
114994 | Zig:24   | Killed an ancient lich
114994 | Zig:24   | Noticed an ancient lich
114996 | Zig:24   | Killed an ancient lich
114996 | Zig:24   | Killed an ancient lich
114997 | Zig:24   | Noticed an ancient lich
114998 | Zig:24   | Noticed an ancient lich
115001 | Zig:24   | Killed an ancient lich
115003 | Zig:24   | Killed an ancient lich
115006 | Zig:24   | Noticed an ancient lich
115094 | Zig:24   | Got an ancient wooden ring
115097 | Zig:24   | Identified the Papyrus of Twisted Creation
115138 | Zig:24   | Got a translucent glass ring
115140 | Zig:24   | Identified the Collected Works on Unholy Flames
115302 | Zig:24   | Identified the ring "Days" {rElec rPois Str+3} (You found
                  | it on level 24 of a ziggurat)
115303 | Zig:24   | Identified the ring "Laevem" {+Inv rF- rN++ MR+ MP+9} (You
                  | found it on level 24 of a ziggurat)
115320 | Zig:25   | Entered Level 25 of a ziggurat
115374 | Zig:25   | Found the +0 Maxwell's etheric cage {RegenMP+ *Contam rElec
                  | MP+4}
115382 | Zig:25   | Got a wavering crystal amulet
115445 | Zig:25   | Identified Sif Muna's Handbook of Ice and Poison
115546 | Zig:25   | Identified the amulet of Nelihime {Harm *Drain rC+ MP+9
                  | Str+2 Dex+3} (You found it on level 25 of a ziggurat)
115557 | Zig:26   | Entered Level 26 of a ziggurat
115699 | Zig:26   | Found the +11 plutonium sword {*Contam Stlth-}
115711 | Zig:26   | Identified Rakytyfa's Papyrus of the Helpful Compass
115715 | Zig:26   | Identified the Tome of Enthralling Unholy Secrets
115724 | Zig:26   | Identified the Incunabulum of Congealing Companions
115729 | Zig:26   | Got a faintly glowing steel ring
115739 | Zig:26   | Identified the Catalogue of Flames
115746 | Zig:26   | Identified the Almanac of Transmigration
115784 | Zig:26   | Identified the cursed ring "Xorr" {rPois Str+9 Int-2 Dex+4
                  | Slay+2} (You found it on level 26 of a ziggurat)
115832 | Zig:27   | Entered Level 27 of a ziggurat
115858 | Zig:27   | Noticed Femeiwn the pandemonium lord
115860 | Zig:27   | Killed Femeiwn the pandemonium lord
115884 | Zig:27   | Gained mutation: You are clumsy. (Dex -2) [a cacodemon]
116014 | Zig:27   | Got a transparent jade ring
116016 | Zig:27   | Identified the Collected Works on the Mutagenic Birds
116034 | Zig:27   | Got a wavering silver ring
116157 | Zig:27   | Identified the ring "Qux Lait" {Ice SInv} (You found it on
                  | level 27 of a ziggurat)
116158 | Zig:27   | Identified the ring "Vamusot" {rN++ MR++ Dex+4} (You found
                  | it on level 27 of a ziggurat)
116181 | Zig:27   | Identified the cursed +1 mace of the Brain {freeze, rF+
                  | Dex+6} (You found it on level 27 of a ziggurat)
116213 | Zig:1    | Entered Level 1 of a ziggurat
116236 | Zig:2    | Entered Level 2 of a ziggurat
116281 | Zig:3    | Entered Level 3 of a ziggurat
116342 | Zig:4    | Entered Level 4 of a ziggurat
116342 | Zig:4    | Noticed an orb of fire
116342 | Zig:4    | Noticed an orb of fire
116342 | Zig:4    | Noticed an orb of fire
116342 | Zig:4    | Noticed an orb of fire
116342 | Zig:4    | Noticed an orb of fire
116342 | Zig:4    | Noticed an orb of fire
116344 | Zig:4    | Noticed an orb of fire
116346 | Zig:4    | Killed an orb of fire
116346 | Zig:4    | Gained mutation: You do not regenerate when monsters are
                  | visible. [an orb of fire]
116347 | Zig:4    | Killed an orb of fire
116347 | Zig:4    | Killed an orb of fire
116348 | Zig:4    | Killed an orb of fire
116348 | Zig:4    | Gained mutation: Your body sometimes deteriorates upon
                  | taking damage. [an orb of fire]
116350 | Zig:4    | Killed an orb of fire
116350 | Zig:4    | Killed an orb of fire
116351 | Zig:4    | Killed an orb of fire
116355 | Zig:4    | Got a heavily runed ivory ring
116637 | Zig:4    | Identified the ring of Urchulez {+Fly Dex+4} (You found it
                  | on level 4 of a ziggurat)
116642 | Zig:5    | Entered Level 5 of a ziggurat
116660 | Zig:5    | Lost mutation: Your body sometimes deteriorates upon taking
                  | damage. [potion of mutation]
116660 | Zig:5    | Lost mutation: You are clumsy. (Dex -2) [potion of
                  | mutation]
116660 | Zig:5    | Lost mutation: You expend magic power (3 MP) to strengthen
                  | your wands. [potion of mutation]
116660 | Zig:5    | Lost mutation: Your mind is acute. (Int +2) [potion of
                  | mutation]
116660 | Zig:5    | Gained mutation: You expend magic power (3 MP) to
                  | strengthen your wands. [potion of mutation]
116660 | Zig:5    | Gained mutation: You have sharp fingernails. [potion of
                  | mutation]
116661 | Zig:5    | Lost mutation: You do not regenerate when monsters are
                  | visible. [potion of mutation]
116661 | Zig:5    | Lost mutation: You have sharp fingernails. [potion of
                  | mutation]
116661 | Zig:5    | Lost mutation: Your spells are a little harder to cast, but
                  | a little more powerful. [potion of mutation]
116661 | Zig:5    | Lost mutation: You expend magic power (3 MP) to strengthen
                  | your wands. [potion of mutation]
116661 | Zig:5    | Gained mutation: You are resistant to hostile enchantments.
                  | (MR+) [potion of mutation]
116661 | Zig:5    | Gained mutation: Scrolls take you a little longer to read.
                  | [potion of mutation]
116661 | Zig:5    | Gained mutation: You are occasionally teleported next to
                  | monsters. [potion of mutation]
116661 | Zig:5    | Gained mutation: You can translocate small distances at
                  | will. [potion of mutation]
116662 | Zig:5    | Lost mutation: You can translocate small distances at will.
                  | [potion of mutation]
116662 | Zig:5    | Lost mutation: You have a pair of small antennae on your
                  | head. [potion of mutation]
116662 | Zig:5    | Lost mutation: Scrolls take you a little longer to read.
                  | [potion of mutation]
116662 | Zig:5    | Gained mutation: Your spells are a little harder to cast,
                  | but a little more powerful. [potion of mutation]
116662 | Zig:5    | Gained mutation: You are weak. (Str -2) [potion of
                  | mutation]
116662 | Zig:5    | Lost mutation: You are weak. (Str -2) [potion of mutation]
116663 | Zig:5    | Lost mutation: You are occasionally teleported next to
                  | monsters. [potion of mutation]
116663 | Zig:5    | Lost mutation: Your spells are a little harder to cast, but
                  | a little more powerful. [potion of mutation]
116663 | Zig:5    | Lost mutation: You are resistant to hostile enchantments.
                  | (MR+) [potion of mutation]
116663 | Zig:5    | Gained mutation: You are agile. (Dex +2) [potion of
                  | mutation]
116663 | Zig:5    | Gained mutation: You are partially covered in slimy green
                  | scales. (AC +2) [potion of mutation]
116664 | Zig:5    | Lost mutation: You are agile. (Dex +2) [potion of mutation]
116664 | Zig:5    | Lost mutation: You are surrounded by a mild repulsion
                  | field. (EV +2) [potion of mutation]
116664 | Zig:5    | Lost mutation: You are partially covered in slimy green
                  | scales. (AC +2) [potion of mutation]
116664 | Zig:5    | Gained mutation: You are partially covered in molten
                  | scales. (AC +2) [potion of mutation]
116664 | Zig:5    | Gained mutation: Your skin changes colour to match your
                  | surroundings (Stealth+). [potion of mutation]
116664 | Zig:5    | Gained mutation: Your body sometimes deteriorates upon
                  | taking damage. [potion of mutation]
116664 | Zig:5    | Gained mutation: You have large cloven feet. [potion of
                  | mutation]
116665 | Zig:5    | Lost mutation: You have large cloven feet. [potion of
                  | mutation]
116665 | Zig:5    | Lost mutation: Your body sometimes deteriorates upon taking
                  | damage. [potion of mutation]
116665 | Zig:5    | Gained mutation: Your flesh is heat resistant. (rF+)
                  | [potion of mutation]
116665 | Zig:5    | Gained mutation: You have a pair of small horns on your
                  | head. [potion of mutation]
116666 | Zig:5    | Lost mutation: You are partially covered in molten scales.
                  | (AC +2) [potion of mutation]
116666 | Zig:5    | Lost mutation: Your flesh is heat resistant. (rF+) [potion
                  | of mutation]
116666 | Zig:5    | Lost mutation: You have a pair of small horns on your head.
                  | [potion of mutation]
116666 | Zig:5    | Gained mutation: Armour fits poorly on your strangely
                  | shaped body. [potion of mutation]
116666 | Zig:5    | Gained mutation: You are robust. (+10% HP) [potion of
                  | mutation]
116667 | Zig:5    | Lost mutation: You are robust. (+10% HP) [potion of
                  | mutation]
116667 | Zig:5    | Lost mutation: Armour fits poorly on your strangely shaped
                  | body. [potion of mutation]
116667 | Zig:5    | Gained mutation: You can translocate small distances at
                  | will. [potion of mutation]
116667 | Zig:5    | Gained mutation: You are agile. (Dex +2) [potion of
                  | mutation]
116668 | Zig:5    | Lost mutation: You are agile. (Dex +2) [potion of mutation]
116668 | Zig:5    | Lost mutation: You can translocate small distances at will.
                  | [potion of mutation]
116668 | Zig:5    | Lost mutation: Your skin changes colour to match your
                  | surroundings (Stealth+). [potion of mutation]
116668 | Zig:5    | Gained mutation: You are agile. (Dex +2) [potion of
                  | mutation]
116668 | Zig:5    | Gained mutation: You possess an exceptional clarity of
                  | mind. [potion of mutation]
116669 | Zig:5    | Lost mutation: You possess an exceptional clarity of mind.
                  | [potion of mutation]
116669 | Zig:5    | Lost mutation: You are agile. (Dex +2) [potion of mutation]
116669 | Zig:5    | Gained mutation: You have a pair of small horns on your
                  | head. [potion of mutation]
116669 | Zig:5    | Gained mutation: You have supernaturally acute eyesight.
                  | (SInv) [potion of mutation]
116670 | Zig:5    | Lost mutation: You have a pair of small horns on your head.
                  | [potion of mutation]
116670 | Zig:5    | Lost mutation: You have supernaturally acute eyesight.
                  | (SInv) [potion of mutation]
116670 | Zig:5    | Gained mutation: You are frail. (-10% HP) [potion of
                  | mutation]
116670 | Zig:5    | Gained mutation: Your mind is acute. (Int +2) [potion of
                  | mutation]
116670 | Zig:5    | Gained mutation: You have an increased reservoir of magic.
                  | (+10% MP) [potion of mutation]
116671 | Zig:5    | Lost mutation: You are frail. (-10% HP) [potion of
                  | mutation]
116671 | Zig:5    | Lost mutation: Your mind is acute. (Int +2) [potion of
                  | mutation]
116671 | Zig:5    | Lost mutation: You have an increased reservoir of magic.
                  | (+10% MP) [potion of mutation]
116671 | Zig:5    | Gained mutation: You have a pair of small horns on your
                  | head. [potion of mutation]
116671 | Zig:5    | Gained mutation: Armour fits poorly on your strangely
                  | shaped body. [potion of mutation]
116671 | Zig:5    | Gained mutation: Your flesh is heat resistant. (rF+)
                  | [potion of mutation]
116671 | Zig:5    | Gained mutation: You can translocate small distances at
                  | will. [potion of mutation]
116672 | Zig:5    | Lost mutation: You have a pair of small horns on your head.
                  | [potion of mutation]
116672 | Zig:5    | Lost mutation: You can translocate small distances at will.
                  | [potion of mutation]
116672 | Zig:5    | Gained mutation: You have a pair of small horns on your
                  | head. [potion of mutation]
116672 | Zig:5    | Gained mutation: You have sharp fingernails. [potion of
                  | mutation]
116672 | Zig:5    | Gained mutation: You have supernaturally acute eyesight.
                  | (SInv) [potion of mutation]
116673 | Zig:5    | Lost mutation: You have sharp fingernails. [potion of
                  | mutation]
116673 | Zig:5    | Lost mutation: You have supernaturally acute eyesight.
                  | (SInv) [potion of mutation]
116673 | Zig:5    | Gained mutation: You are agile. (Dex +2) [potion of
                  | mutation]
116674 | Zig:5    | Lost mutation: You have a pair of small horns on your head.
                  | [potion of mutation]
116674 | Zig:5    | Lost mutation: You are agile. (Dex +2) [potion of mutation]
116674 | Zig:5    | Lost mutation: Armour fits poorly on your strangely shaped
                  | body. [potion of mutation]
116674 | Zig:5    | Gained mutation: You are partially covered in rugged brown
                  | scales. (AC +1, +3% HP) [potion of mutation]
116674 | Zig:5    | Gained mutation: You are partially covered in slimy green
                  | scales. (AC +2) [potion of mutation]
116674 | Zig:5    | Gained mutation: Armour fits poorly on your strangely
                  | shaped body. [potion of mutation]
116674 | Zig:5    | Gained mutation: You are resistant to hostile enchantments.
                  | (MR+) [potion of mutation]
116675 | Zig:5    | Lost mutation: You are resistant to hostile enchantments.
                  | (MR+) [potion of mutation]
116675 | Zig:5    | Lost mutation: Armour fits poorly on your strangely shaped
                  | body. [potion of mutation]
116675 | Zig:5    | Gained mutation: You have a pair of small horns on your
                  | head. [potion of mutation]
116675 | Zig:5    | Gained mutation: You are partially covered in yellow
                  | scales. (AC +2) [potion of mutation]
116675 | Zig:5    | Gained mutation: Your spells are a little harder to cast,
                  | but a little more powerful. [potion of mutation]
116690 | Zig:5    | Got a coiled pewter ring
116691 | Zig:5    | Identified the Volume of the Glacial Compass
116701 | Zig:5    | Identified the ring "Leqiwoke" {Ice rElec rPois MR+ Int-3}
                  | (You found it on level 5 of a ziggurat)
116705 | Zig:6    | Entered Level 6 of a ziggurat
116782 | Zig:7    | Entered Level 7 of a ziggurat
116815 | Zig:7    | Identified the Grimoire of Evil Rites
116847 | Zig:8    | Entered Level 8 of a ziggurat
116902 | Zig:8    | Identified the Incunabulum of Bewitching Sinister Arts
116911 | Zig:8    | Got a faintly glowing ivory ring
116930 | Zig:8    | Identified the ring "Emmibisk" {-Tele +Inv Str+3 Dex+4}
                  | (You found it on level 8 of a ziggurat)
117036 | Zig:9    | Entered Level 9 of a ziggurat
117056 | Zig:9    | Found the +6 Majin-Bo {vamp, Archmagi MP+6 Int+6}
117076 | Zig:9    | Identified Sif Muna's Incunabulum of Creative Beguiling
117080 | Zig:9    | Identified the Volume of Transformation and Aid
117116 | Zig:9    | Identified the +6 spear of Nefus {freeze, Int+3} (You found
                  | it on level 9 of a ziggurat)
117125 | Zig:9    | Identified the +0 hand axe "Worm's Wrath" {flame, rC+ MP-9
                  | Dex+3} (You found it on level 9 of a ziggurat)
117132 | Zig:10   | Entered Level 10 of a ziggurat
117135 | Zig:10   | Noticed an ancient lich
117136 | Zig:10   | Killed an ancient lich
117137 | Zig:10   | Noticed an ancient lich
117139 | Zig:10   | Killed an ancient lich
117139 | Zig:10   | Noticed an ancient lich
117140 | Zig:10   | Killed an ancient lich
117140 | Zig:10   | Noticed an ancient lich
117141 | Zig:10   | Noticed an ancient lich
117142 | Zig:10   | Noticed an ancient lich
117142 | Zig:10   | Noticed an ancient lich
117143 | Zig:10   | Noticed an ancient lich
117143 | Zig:10   | Noticed an ancient lich
117143 | Zig:10   | Noticed an ancient lich
117144 | Zig:10   | Noticed an ancient lich
117144 | Zig:10   | Killed an ancient lich
117144 | Zig:10   | Killed an ancient lich
117144 | Zig:10   | Killed an ancient lich
117144 | Zig:10   | Killed an ancient lich
117144 | Zig:10   | Killed an ancient lich
117144 | Zig:10   | Noticed an ancient lich
117145 | Zig:10   | Killed an ancient lich
117145 | Zig:10   | Killed an ancient lich
117145 | Zig:10   | Killed an ancient lich
117146 | Zig:10   | Killed an ancient lich
117147 | Zig:10   | Noticed an ancient lich
117149 | Zig:10   | Killed an ancient lich
117192 | Zig:10   | Identified Pasont's Compendium of Enchantment
117196 | Zig:10   | Identified Sif Muna's Compendium of the Helpful Glacier
117253 | Zig:11   | Entered Level 11 of a ziggurat
117256 | Zig:11   | Noticed Vehunged the pandemonium lord
117257 | Zig:11   | Noticed Olobod the pandemonium lord
117257 | Zig:11   | Noticed Ymuw the pandemonium lord
117257 | Zig:11   | Noticed Niyral the pandemonium lord
117257 | Zig:11   | Noticed Icael Taff the pandemonium lord
117258 | Zig:11   | Noticed Keyfaq the pandemonium lord
117259 | Zig:11   | Noticed Qezod the pandemonium lord
117263 | Zig:11   | Noticed Zelozus the pandemonium lord
117264 | Zig:11   | Killed Qezod the pandemonium lord
117264 | Zig:11   | Noticed Dotomp the pandemonium lord
117265 | Zig:11   | Killed Zelozus the pandemonium lord
117266 | Zig:11   | Killed Niyral the pandemonium lord
117266 | Zig:11   | Killed Olobod the pandemonium lord
117266 | Zig:11   | Killed Vehunged the pandemonium lord
117267 | Zig:11   | Killed Keyfaq the pandemonium lord
117267 | Zig:11   | Noticed Tefaacs the pandemonium lord
117267 | Zig:11   | Noticed Ruso Atyn the pandemonium lord
117268 | Zig:11   | Noticed Cebb the pandemonium lord
117268 | Zig:11   | Noticed Qetugh the pandemonium lord
117269 | Zig:11   | Killed Tefaacs the pandemonium lord
117270 | Zig:11   | Killed Qetugh the pandemonium lord
117271 | Zig:11   | Killed Ymuw the pandemonium lord
117271 | Zig:11   | Killed Dotomp the pandemonium lord
117271 | Zig:11   | Killed Ruso Atyn the pandemonium lord
117271 | Zig:11   | Noticed Isorchom the pandemonium lord
117271 | Zig:11   | Noticed Ucri the pandemonium lord
117272 | Zig:11   | Killed Cebb the pandemonium lord
117272 | Zig:11   | Noticed Soydwymo the pandemonium lord
117273 | Zig:11   | Killed Isorchom the pandemonium lord
117273 | Zig:11   | Noticed Rinemeqa the pandemonium lord
117274 | Zig:11   | Killed Icael Taff the pandemonium lord
117274 | Zig:11   | Killed Soydwymo the pandemonium lord
117274 | Zig:11   | Noticed Coaxuab the pandemonium lord
117276 | Zig:11   | Killed Rinemeqa the pandemonium lord
117276 | Zig:11   | Noticed Bequ the pandemonium lord
117277 | Zig:11   | Killed Ucri the pandemonium lord
117278 | Zig:11   | Killed Coaxuab the pandemonium lord
117278 | Zig:11   | Killed Bequ the pandemonium lord
117278 | Zig:11   | Noticed Lashe the pandemonium lord
117280 | Zig:11   | Killed Lashe the pandemonium lord
117280 | Zig:11   | Noticed Buhot the pandemonium lord
117283 | Zig:11   | Killed Buhot the pandemonium lord
117306 | Zig:11   | Identified Uthrulou's Easy Sorcery
117311 | Zig:11   | Got a sparkling lapis lazuli ring
117314 | Zig:11   | Identified the Papyrus of Excruciating Enchantment
117336 | Zig:11   | Identified the ring of Kaem Jui {+Blink rPois MR++ Int-2
                  | Stlth+} (You found it on level 11 of a ziggurat)
117354 | Zig:12   | Entered Level 12 of a ziggurat
117461 | Zig:12   | Got a slimy copper ring
117465 | Zig:12   | Got a scorched bronze ring
117493 | Zig:12   | Identified the ring of Bephaffo {+Fly Dex+4} (You found it
                  | on level 12 of a ziggurat)
117494 | Zig:12   | Identified the ring of Wodel {rElec rF+ MP+9 Dex+4} (You
                  | found it on level 12 of a ziggurat)
117503 | Zig:13   | Entered Level 13 of a ziggurat
117521 | Zig:13   | Found the +3 robe of Clouds {+Fly rElec}
117536 | Zig:13   | Got a glittering pewter amulet
117544 | Zig:13   | Got a brightly glowing sapphire amulet
117560 | Zig:13   | Got a warped tin amulet
117633 | Zig:13   | Got a scorched pewter ring
117655 | Zig:13   | Identified the amulet of the Thirsty Hells {Reflect Str+3
                  | SH+6} (You found it on level 13 of a ziggurat)
117656 | Zig:13   | Identified the amulet "Ustiad" {Gourm rF+ Int+2 Slay+6}
                  | (You found it on level 13 of a ziggurat)
117657 | Zig:13   | Identified the amulet of Knowledge {Gourm rPois} (You found
                  | it on level 13 of a ziggurat)
117658 | Zig:13   | Identified the ring of Arrival {rC+ rN+ MR+ Str+2} (You
                  | found it on level 13 of a ziggurat)
117663 | Zig:13   | Identified the +2 pair of boots of Anarchy {-Tele MR+
                  | rCorr} (You found it on level 13 of a ziggurat)
117680 | Zig:14   | Entered Level 14 of a ziggurat
117747 | Zig:14   | Got a crude ivory ring
117749 | Zig:14   | Got a steaming platinum ring
117785 | Zig:14   | Identified the ring of Miheewis {Wiz MR++ Str-2} (You found
                  | it on level 14 of a ziggurat)
117786 | Zig:14   | Identified the ring of Vexkoilo {Wiz rC+ rN+ Str+2} (You
                  | found it on level 14 of a ziggurat)
117795 | Zig:15   | Entered Level 15 of a ziggurat
117879 | Zig:15   | Got a slimy steel amulet
117887 | Zig:15   | Identified the Papyrus of Clay
117895 | Zig:15   | Identified the Volume of the Inquisitive Cities
117932 | Zig:15   | Identified the amulet of Herumo {+Rage rPois rN+ Int+7}
                  | (You found it on level 15 of a ziggurat)
117933 | Zig:15   | Identified the +0 hat of Anarchy {+Fly Str+4} (You found it
                  | on level 15 of a ziggurat)
117946 | Zig:16   | Entered Level 16 of a ziggurat
118036 | Zig:16   | Identified the Volume of Hexes
118123 | Zig:17   | Entered Level 17 of a ziggurat
118220 | Zig:17   | Identified Sif Muna's Handbook of Dusty Venom
118282 | Zig:17   | Identified the cursed +1 long sword of Fedhas {flame,
                  | Str+3} (You found it on level 17 of a ziggurat)
118284 | Zig:17   | Identified the +1 whip "Lum Qu Ythroll" {vamp, *Slow rPois
                  | Str+4} (You found it on level 17 of a ziggurat)
118288 | Zig:17   | Identified the +0 hat "Osaro" {SInv} (You found it on level
                  | 17 of a ziggurat)
118298 | Zig:18   | Entered Level 18 of a ziggurat
118407 | Zig:18   | Got an ancient pewter amulet
118408 | Zig:18   | Identified the Tome of Vitriolic Execration
118415 | Zig:18   | Got a faintly glowing amber ring
118424 | Zig:18   | Got a bound granite ring
118425 | Zig:18   | Identified the Compendium of Summoning
118529 | Zig:18   | Identified the amulet "Teexymmi" {+Rage rC+++} (You found
                  | it on level 18 of a ziggurat)
118530 | Zig:18   | Identified the ring "Joghaica" {rElec rF+++ rC+ Dex-5
                  | Stlth+} (You found it on level 18 of a ziggurat)
118531 | Zig:18   | Identified the ring "Awarodgh" {-Tele rPois Str+10 Int-3
                  | SInv} (You found it on level 18 of a ziggurat)
118557 | Zig:18   | Identified the +6 hunting sling "Demon's Undoing" {flame,
                  | Int+5} (You found it on level 18 of a ziggurat)
118565 | Zig:18   | Identified the cursed +0 broad axe of Indignation {chop,
                  | rElec} (You found it on level 18 of a ziggurat)
118579 | Zig:19   | Entered Level 19 of a ziggurat
118713 | Zig:19   | Got a transparent pewter ring
118740 | Zig:19   | Identified the cursed ring of Perfectionism {+Blink rElec
                  | AC-3 Stlth-} (You found it on level 19 of a ziggurat)
118765 | Zig:19   | Identified the +5 dagger of Impermanence {freeze, rF+ MR+
                  | SInv} (You found it on level 19 of a ziggurat)
118768 | Zig:19   | Identified the +3 falchion "Risa" {antimagic, rElec rPois
                  | Int+9 Dex-4} (You found it on level 19 of a ziggurat)
118771 | Zig:19   | Got a transparent mace
118773 | Zig:19   | Got a scorched falchion
118780 | Zig:19   | Identified the cursed +1 mace of Springtime {elec, Dex+7}
                  | (You found it on level 19 of a ziggurat)
118782 | Zig:19   | Identified the cursed +0 falchion "Suwiubid" {drain, rF-
                  | Int+5} (You found it on level 19 of a ziggurat)
118803 | Zig:20   | Entered Level 20 of a ziggurat
118814 | Zig:20   | Gained mutation: You are weak. (Str -2) [a neqoxec]
118943 | Zig:20   | Got a slimy brass ring
118947 | Zig:20   | Identified Sif Muna's Almanac of the Voyage
118953 | Zig:20   | Identified the Volume of the Displaced Mountains
118955 | Zig:20   | Identified The Last Almanac of the Archmage
118982 | Zig:20   | Lost mutation: Your spells are a little harder to cast, but
                  | a little more powerful. [potion of mutation]
118982 | Zig:20   | Lost mutation: You are weak. (Str -2) [potion of mutation]
118982 | Zig:20   | Gained mutation: You are clumsy. (Dex -2) [potion of
                  | mutation]
118982 | Zig:20   | Gained mutation: You expend magic power (3 MP) to
                  | strengthen your wands. [potion of mutation]
118983 | Zig:20   | Lost mutation: You are clumsy. (Dex -2) [potion of
                  | mutation]
118983 | Zig:20   | Lost mutation: You expend magic power (3 MP) to strengthen
                  | your wands. [potion of mutation]
118983 | Zig:20   | Gained mutation: Your flesh is cold resistant. (rC+)
                  | [potion of mutation]
118984 | Zig:20   | Lost mutation: You have a pair of small horns on your head.
                  | [potion of mutation]
118984 | Zig:20   | Lost mutation: Your flesh is heat resistant. (rF+) [potion
                  | of mutation]
118984 | Zig:20   | Gained mutation: You have an increased reservoir of magic.
                  | (+10% MP) [potion of mutation]
118984 | Zig:20   | Gained mutation: You have large cloven feet. [potion of
                  | mutation]
118985 | Zig:20   | Lost mutation: Your flesh is cold resistant. (rC+) [potion
                  | of mutation]
118985 | Zig:20   | Lost mutation: You are partially covered in yellow scales.
                  | (AC +2) [potion of mutation]
118985 | Zig:20   | Lost mutation: You have large cloven feet. [potion of
                  | mutation]
118985 | Zig:20   | Gained mutation: You can translocate small distances at
                  | will. [potion of mutation]
118985 | Zig:20   | Gained mutation: Your flesh is cold resistant. (rC+)
                  | [potion of mutation]
118986 | Zig:20   | Lost mutation: You are partially covered in rugged brown
                  | scales. (AC +1, +3% HP) [potion of mutation]
118986 | Zig:20   | Lost mutation: You can translocate small distances at will.
                  | [potion of mutation]
118986 | Zig:20   | Lost mutation: You are partially covered in slimy green
                  | scales. (AC +2) [potion of mutation]
118986 | Zig:20   | Gained mutation: You are agile. (Dex +2) [potion of
                  | mutation]
118986 | Zig:20   | Gained mutation: You evolve. [potion of mutation]
118987 | Zig:20   | Lost mutation: You are agile. (Dex +2) [potion of mutation]
118987 | Zig:20   | Lost mutation: Your flesh is cold resistant. (rC+) [potion
                  | of mutation]
118987 | Zig:20   | Lost mutation: You evolve. [potion of mutation]
118987 | Zig:20   | Gained mutation: You are clumsy. (Dex -2) [potion of
                  | mutation]
118987 | Zig:20   | Gained mutation: You have a pair of small antennae on your
                  | head. [potion of mutation]
118987 | Zig:20   | Gained mutation: You are dopey. (Int -2) [potion of
                  | mutation]
118987 | Zig:20   | Gained mutation: Your flesh is heat resistant. (rF+)
                  | [potion of mutation]
118988 | Zig:20   | Lost mutation: You are dopey. (Int -2) [potion of mutation]
118988 | Zig:20   | Lost mutation: You have an increased reservoir of magic.
                  | (+10% MP) [potion of mutation]
118988 | Zig:20   | Lost mutation: You have a pair of small antennae on your
                  | head. [potion of mutation]
118988 | Zig:20   | Lost mutation: Your flesh is heat resistant. (rF+) [potion
                  | of mutation]
118988 | Zig:20   | Gained mutation: Your flesh is heat resistant. (rF+)
                  | [potion of mutation]
118988 | Zig:20   | Gained mutation: You tend to lose your temper in combat.
                  | [potion of mutation]
118988 | Zig:20   | Gained mutation: Your mind is acute. (Int +2) [potion of
                  | mutation]
118988 | Zig:20   | Lost mutation: You are clumsy. (Dex -2) [potion of
                  | mutation]
118989 | Zig:20   | Lost mutation: Your mind is acute. (Int +2) [potion of
                  | mutation]
118989 | Zig:20   | Lost mutation: You tend to lose your temper in combat.
                  | [potion of mutation]
118989 | Zig:20   | Gained mutation: You are frail. (-10% HP) [potion of
                  | mutation]
118989 | Zig:20   | Gained mutation: You expend magic power (3 MP) to
                  | strengthen your wands. [potion of mutation]
118989 | Zig:20   | Gained mutation: You have large cloven feet. [potion of
                  | mutation]
118990 | Zig:20   | Lost mutation: You expend magic power (3 MP) to strengthen
                  | your wands. [potion of mutation]
118990 | Zig:20   | Lost mutation: You are frail. (-10% HP) [potion of
                  | mutation]
118990 | Zig:20   | Gained mutation: You are covered in fur. (AC +1) [potion of
                  | mutation]
118990 | Zig:20   | Gained mutation: Your muscles are strong. (Str +2) [potion
                  | of mutation]
118991 | Zig:20   | Lost mutation: Your flesh is heat resistant. (rF+) [potion
                  | of mutation]
118991 | Zig:20   | Lost mutation: You have large cloven feet. [potion of
                  | mutation]
118991 | Zig:20   | Gained mutation: Your body sometimes deteriorates upon
                  | taking damage. [potion of mutation]
118991 | Zig:20   | Gained mutation: You have sharp fingernails. [potion of
                  | mutation]
118992 | Zig:20   | Lost mutation: You are covered in fur. (AC +1) [potion of
                  | mutation]
118992 | Zig:20   | Lost mutation: Your body sometimes deteriorates upon taking
                  | damage. [potion of mutation]
118992 | Zig:20   | Gained mutation: You expend magic power (3 MP) to
                  | strengthen your wands. [potion of mutation]
118992 | Zig:20   | Gained mutation: You are resistant to hostile enchantments.
                  | (MR+) [potion of mutation]
118993 | Zig:20   | Lost mutation: You expend magic power (3 MP) to strengthen
                  | your wands. [potion of mutation]
118993 | Zig:20   | Lost mutation: Your muscles are strong. (Str +2) [potion of
                  | mutation]
118993 | Zig:20   | Gained mutation: You are robust. (+10% HP) [potion of
                  | mutation]
118993 | Zig:20   | Gained mutation: You are somewhat resistant to further
                  | mutation. [potion of mutation]
118994 | Zig:20   | Lost mutation: You are resistant to hostile enchantments.
                  | (MR+) [potion of mutation]
118995 | Zig:20   | Lost mutation: You are robust. (+10% HP) [potion of
                  | mutation]
118995 | Zig:20   | Lost mutation: You are somewhat resistant to further
                  | mutation. [potion of mutation]
118995 | Zig:20   | Gained mutation: Scrolls take you a little longer to read.
                  | [potion of mutation]
118995 | Zig:20   | Gained mutation: You passively map a small area around you.
                  | [potion of mutation]
118995 | Zig:20   | Gained mutation: You are frail. (-10% HP) [potion of
                  | mutation]
118995 | Zig:20   | Gained mutation: You have an increased reservoir of magic.
                  | (+10% MP) [potion of mutation]
118996 | Zig:20   | Lost mutation: You passively map a small area around you.
                  | [potion of mutation]
118996 | Zig:20   | Lost mutation: Scrolls take you a little longer to read.
                  | [potion of mutation]
118996 | Zig:20   | Gained mutation: You expend magic power (3 MP) to
                  | strengthen your wands. [potion of mutation]
118996 | Zig:20   | Gained mutation: Your body sometimes deteriorates upon
                  | taking damage. [potion of mutation]
118996 | Zig:20   | Gained mutation: You have sharp toenails. [potion of
                  | mutation]
118997 | Zig:20   | Lost mutation: Your body sometimes deteriorates upon taking
                  | damage. [potion of mutation]
118997 | Zig:20   | Lost mutation: You have an increased reservoir of magic.
                  | (+10% MP) [potion of mutation]
118997 | Zig:20   | Lost mutation: You have sharp toenails. [potion of
                  | mutation]
118997 | Zig:20   | Gained mutation: You possess an exceptional clarity of
                  | mind. [potion of mutation]
118997 | Zig:20   | Gained mutation: Your mind is acute. (Int +2) [potion of
                  | mutation]
118997 | Zig:20   | Gained mutation: You are partially covered in large bone
                  | plates. (SH +4) [potion of mutation]
118998 | Zig:20   | Lost mutation: Your mind is acute. (Int +2) [potion of
                  | mutation]
118998 | Zig:20   | Lost mutation: You expend magic power (3 MP) to strengthen
                  | your wands. [potion of mutation]
118998 | Zig:20   | Gained mutation: You are agile. (Dex +2) [potion of
                  | mutation]
118998 | Zig:20   | Lost mutation: You possess an exceptional clarity of mind.
                  | [potion of mutation]
118998 | Zig:20   | Gained mutation: You are partially covered in yellow
                  | scales. (AC +2) [potion of mutation]
118999 | Zig:20   | Lost mutation: You are agile. (Dex +2) [potion of mutation]
118999 | Zig:20   | Lost mutation: You are frail. (-10% HP) [potion of
                  | mutation]
118999 | Zig:20   | Lost mutation: You are partially covered in large bone
                  | plates. (SH +4) [potion of mutation]
118999 | Zig:20   | Gained mutation: You have a pair of small antennae on your
                  | head. [potion of mutation]
118999 | Zig:20   | Gained mutation: You are clumsy. (Dex -2) [potion of
                  | mutation]
118999 | Zig:20   | Gained mutation: You have large cloven feet. [potion of
                  | mutation]
119000 | Zig:20   | Lost mutation: You are clumsy. (Dex -2) [potion of
                  | mutation]
119000 | Zig:20   | Lost mutation: You have large cloven feet. [potion of
                  | mutation]
119000 | Zig:20   | Lost mutation: You have a pair of small antennae on your
                  | head. [potion of mutation]
119000 | Zig:20   | Lost mutation: You are partially covered in yellow scales.
                  | (AC +2) [potion of mutation]
119000 | Zig:20   | Gained mutation: You are somewhat resistant to further
                  | mutation. [potion of mutation]
119001 | Zig:20   | Lost mutation: You have sharp fingernails. [potion of
                  | mutation]
119002 | Zig:20   | Lost mutation: You are somewhat resistant to further
                  | mutation. [potion of mutation]
119002 | Zig:20   | Gained mutation: You are dopey. (Int -2) [potion of
                  | mutation]
119002 | Zig:20   | Gained mutation: You occasionally shout uncontrollably at
                  | your foes. [potion of mutation]
119002 | Zig:20   | Gained mutation: You have sharp toenails. [potion of
                  | mutation]
119002 | Zig:20   | Gained mutation: You are robust. (+10% HP) [potion of
                  | mutation]
119003 | Zig:20   | Lost mutation: You are dopey. (Int -2) [potion of mutation]
119003 | Zig:20   | Lost mutation: You occasionally shout uncontrollably at
                  | your foes. [potion of mutation]
119003 | Zig:20   | Lost mutation: You have sharp toenails. [potion of
                  | mutation]
119003 | Zig:20   | Lost mutation: You are robust. (+10% HP) [potion of
                  | mutation]
119003 | Zig:20   | Gained mutation: Your mind is acute. (Int +2) [potion of
                  | mutation]
119003 | Zig:20   | Gained mutation: Your flesh is heat resistant. (rF+)
                  | [potion of mutation]
119003 | Zig:20   | Gained mutation: Your mind is very acute. (Int +4) [potion
                  | of mutation]
119004 | Zig:20   | Lost mutation: Your mind is very acute. (Int +4) [potion of
                  | mutation]
119004 | Zig:20   | Lost mutation: Your mind is acute. (Int +2) [potion of
                  | mutation]
119004 | Zig:20   | Lost mutation: Your flesh is heat resistant. (rF+) [potion
                  | of mutation]
119004 | Zig:20   | Gained mutation: Your natural rate of healing is unusually
                  | fast. [potion of mutation]
119004 | Zig:20   | Gained mutation: Your spells are a little easier to cast,
                  | but a little less powerful. [potion of mutation]
119004 | Zig:20   | Gained mutation: You are partially covered in rugged brown
                  | scales. (AC +1, +3% HP) [potion of mutation]
119005 | Zig:20   | Lost mutation: You are partially covered in rugged brown
                  | scales. (AC +1, +3% HP) [potion of mutation]
119005 | Zig:20   | Lost mutation: Your spells are a little easier to cast, but
                  | a little less powerful. [potion of mutation]
119005 | Zig:20   | Gained mutation: Your flesh is cold resistant. (rC+)
                  | [potion of mutation]
119005 | Zig:20   | Gained mutation: You tend to lose your temper in combat.
                  | [potion of mutation]
119005 | Zig:20   | Gained mutation: You are dopey. (Int -2) [potion of
                  | mutation]
119005 | Zig:20   | Gained mutation: You have large cloven feet. [potion of
                  | mutation]
119006 | Zig:20   | Lost mutation: Your flesh is cold resistant. (rC+) [potion
                  | of mutation]
119006 | Zig:20   | Lost mutation: You have large cloven feet. [potion of
                  | mutation]
119006 | Zig:20   | Lost mutation: You are dopey. (Int -2) [potion of mutation]
119006 | Zig:20   | Lost mutation: You tend to lose your temper in combat.
                  | [potion of mutation]
119006 | Zig:20   | Gained mutation: Your flesh is heat resistant. (rF+)
                  | [potion of mutation]
119006 | Zig:20   | Gained mutation: You are clumsy. (Dex -2) [potion of
                  | mutation]
119006 | Zig:20   | Lost mutation: You are clumsy. (Dex -2) [potion of
                  | mutation]
119006 | Zig:20   | Gained mutation: You evolve. [potion of mutation]
119007 | Zig:20   | Lost mutation: Your flesh is heat resistant. (rF+) [potion
                  | of mutation]
119007 | Zig:20   | Lost mutation: Your natural rate of healing is unusually
                  | fast. [potion of mutation]
119007 | Zig:20   | Lost mutation: You evolve. [potion of mutation]
119007 | Zig:20   | Gained mutation: Your magical capacity is low. (-10% MP)
                  | [potion of mutation]
119007 | Zig:20   | Gained mutation: Your movements are slightly less
                  | encumbered by armour. (ER -2) [potion of mutation]
119007 | Zig:20   | Gained mutation: You are partially covered in large bone
                  | plates. (SH +4) [potion of mutation]
119008 | Zig:20   | Lost mutation: Your magical capacity is low. (-10% MP)
                  | [potion of mutation]
119008 | Zig:20   | Lost mutation: Your movements are slightly less encumbered
                  | by armour. (ER -2) [potion of mutation]
119008 | Zig:20   | Lost mutation: You are partially covered in large bone
                  | plates. (SH +4) [potion of mutation]
119008 | Zig:20   | Gained mutation: Your spells are a little harder to cast,
                  | but a little more powerful. [potion of mutation]
119008 | Zig:20   | Gained mutation: You have large cloven feet. [potion of
                  | mutation]
119008 | Zig:20   | Gained mutation: You possess an exceptional clarity of
                  | mind. [potion of mutation]
119008 | Zig:20   | Gained mutation: You have a beak for a mouth. [potion of
                  | mutation]
119009 | Zig:20   | Identified the ring of Feumuigo {rC+ Int+3} (You found it
                  | on level 20 of a ziggurat)
119042 | Zig:20   | Identified the +3 hand axe "Bepheum" {flame, rC+ Int+4}
                  | (You found it on level 20 of a ziggurat)
119050 | Zig:21   | Entered Level 21 of a ziggurat
119100 | Zig:21   | Identified the Disquisition on Aerial Unholy Secrets
119127 | Zig:21   | Got a flickering platinum amulet
119132 | Zig:21   | Identified Goch's Volume of Nocuous Good Luck
119134 | Zig:21   | Identified Wyska's Guide on Dusty Black Magic
119141 | Zig:21   | Got a fine lead amulet
119166 | Zig:21   | Identified Sif Muna's Guide on the Cankerous Traveller
119253 | Zig:21   | Identified the amulet of Foghei Hunyi {Acrobat +Inv rF-
                  | Dex+4 Stlth+} (You found it on level 21 of a ziggurat)
119254 | Zig:21   | Identified the amulet of Trog's Scorn {Reflect rF+ SH+3}
                  | (You found it on level 21 of a ziggurat)
119277 | Zig:22   | Entered Level 22 of a ziggurat
119419 | Zig:22   | Identified Sif Muna's Reference Book on Envenoming
119451 | Zig:22   | Identified the Papyrus of Attacks and Stones
119549 | Zig:22   | Identified the +4 flail "Ejesm" {antimagic, *Drain rC++}
                  | (You found it on level 22 of a ziggurat)
119555 | Zig:22   | Identified the cursed +0 demon trident of Honour {freeze,
                  | +Fly Stlth+} (You found it on level 22 of a ziggurat)
119562 | Zig:22   | Identified the +8 scimitar "Uleiwud" {flame, +Inv rPois rN+
                  | MR- Stlth+} (You found it on level 22 of a ziggurat)
119575 | Zig:23   | Entered Level 23 of a ziggurat
119666 | Zig:23   | Got a bound lead ring
119672 | Zig:23   | Got a pitted platinum ring
119820 | Zig:23   | Identified the ring "Cam Goup" {rC+ MR+ EV+4 Str-4 Int+3}
                  | (You found it on level 23 of a ziggurat)
119821 | Zig:23   | Identified the ring of Dim Light {Ice Dex+4} (You found it
                  | on level 23 of a ziggurat)
119835 | Zig:23   | Got a pair of faintly humming gloves
119840 | Zig:23   | Got a bloodstained rapier
119842 | Zig:23   | Got a transparent long sword
119852 | Zig:23   | Got a jewelled long sword
119871 | Zig:23   | Identified the cursed +0 pair of gloves of Xaaf {-Cast +Fly
                  | rC+ Str+5} (You found it on level 23 of a ziggurat)
119883 | Zig:23   | Identified the +4 rapier of Vigadin {flame, +Rage rF+ MR+}
                  | (You found it on level 23 of a ziggurat)
119884 | Zig:23   | Identified the +6 long sword of Jyjeuclet {venom, Int+2}
                  | (You found it on level 23 of a ziggurat)
119885 | Zig:23   | Identified the +5 long sword of Sloth {slice, +Inv Dex+3}
                  | (You found it on level 23 of a ziggurat)
119901 | Zig:24   | Entered Level 24 of a ziggurat
119949 | Zig:24   | Paralysed by a floating eye for 2 turns
119952 | Zig:24   | Gained mutation: You can translocate small distances at
                  | will. [a shining eye]
119955 | Zig:24   | Paralysed by a floating eye for 2 turns
120072 | Zig:24   | Identified Verypt's Volume of the Ashen Blaze
120087 | Zig:24   | Identified the Handbook of the Arsonist and the Mountains
120144 | Zig:24   | Identified the +6 hand axe "Veiraf" {antimagic, rC+} (You
                  | found it on level 24 of a ziggurat)
120156 | Zig:25   | Entered Level 25 of a ziggurat
120244 | Zig:25   | Got a scintillating brass ring
120251 | Zig:25   | Got a brightly glowing glass ring
120263 | Zig:25   | Identified the Guide on Feathery Malediction
120415 | Zig:25   | Identified the ring of Zuosadast {rC+ Int+5} (You found it
                  | on level 25 of a ziggurat)
120416 | Zig:25   | Identified the ring of the Tick {rF+ rC+ MR- MP+9 Int+5}
                  | (You found it on level 25 of a ziggurat)
120450 | Zig:25   | Identified the +8 broad axe "Newtbane" {chop, rN+} (You
                  | found it on level 25 of a ziggurat)
120459 | Zig:25   | Identified the +9 flail "Guog" {holy, rF+ MR+ Dex-4 Stlth+}
                  | (You found it on level 25 of a ziggurat)
120468 | Zig:26   | Entered Level 26 of a ziggurat
120664 | Zig:26   | Identified the Reference Book on Dusty Transmigration
120808 | Zig:26   | Identified the cursed +0 broad axe of Jaaren {chop, rF+++
                  | rN+ Str-4 Int+4} (You found it on level 26 of a ziggurat)
120815 | Zig:26   | Identified the +5 hunting sling of Dithmenos's Envy
                  | {velocity, rPois rN+ Dex-4 SInv} (You found it on level 26
                  | of a ziggurat)
120820 | Zig:26   | Got a slimy falchion
120821 | Zig:26   | Identified the +6 falchion "Licuo" {freeze, rF+} (You found
                  | it on level 26 of a ziggurat)
120836 | Zig:27   | Entered Level 27 of a ziggurat
120985 | Zig:27   | Found the ring of the Octopus King
120992 | Zig:27   | Found the +3 warlock's mirror {reflect}
120995 | Zig:27   | Got a ring of the Octopus King
120998 | Zig:27   | Got a coiled bone ring
121011 | Zig:27   | Got a bound pewter ring
121033 | Zig:27   | Got a faintly glowing lapis lazuli ring
121093 | Zig:27   | Identified the cursed ring "Kochosk" {rElec Slay-2} (You
                  | found it on level 27 of a ziggurat)
121113 | Zig:27   | Got a polished trident
121115 | Zig:27   | Got a brightly glowing spear
121123 | Zig:27   | Got a faintly glowing rapier
121137 | Zig:27   | Identified the +5 trident "Miel Al Jil" {freeze, -Tele
                  | rPois Int+9 Dex+4} (You found it on level 27 of a ziggurat)
121138 | Zig:27   | Identified the +10 spear "Gobbigov" {antimagic, Str+4} (You
                  | found it on level 27 of a ziggurat)
121139 | Zig:27   | Identified the cursed +1 rapier of Descent {vamp, rC++
                  | Int-2} (You found it on level 27 of a ziggurat)
121153 | Zig:27   | Got a slimy dagger
121154 | Zig:27   | Identified the +2 dagger of Plague {pierce, +Blink rPois}
                  | (You found it on level 27 of a ziggurat)
121175 | Zig:1    | Entered Level 1 of a ziggurat
121206 | Zig:2    | Entered Level 2 of a ziggurat
121237 | Zig:2    | Identified the ring "Sopoim" {rPois rC- Str+6 Int+5 Dex+2}
                  | (You found it on level 27 of a ziggurat)
121238 | Zig:2    | Identified the ring of Xoyze {rCorr rN+ Dex+4} (You found
                  | it on level 27 of a ziggurat)
121244 | Zig:3    | Entered Level 3 of a ziggurat
121268 | Zig:3    | Identified the Papyrus of Shifting Lightness
121278 | Zig:4    | Entered Level 4 of a ziggurat
121328 | Zig:4    | Identified the Catalogue of Weightlessness and Creation
121338 | Zig:4    | Got a spiked helmet
121351 | Zig:5    | Entered Level 5 of a ziggurat
121412 | Zig:5    | Identified the cursed +0 helmet of the Monkey {rC+ Regen+}
                  | (You found it on level 4 of a ziggurat)
121418 | Zig:5    | Got an encrusted spear
121424 | Zig:5    | Identified the +8 spear of Revolt {speed, rElec} (You found
                  | it on level 5 of a ziggurat)
121429 | Zig:6    | Entered Level 6 of a ziggurat
121537 | Zig:7    | Entered Level 7 of a ziggurat
121537 | Zig:7    | Noticed a greater mummy
121537 | Zig:7    | Noticed a greater mummy
121537 | Zig:7    | Noticed a greater mummy
121537 | Zig:7    | Noticed a greater mummy
121537 | Zig:7    | Noticed a greater mummy
121540 | Zig:7    | Noticed a greater mummy
121540 | Zig:7    | Noticed a greater mummy
121541 | Zig:7    | Killed a greater mummy
121541 | Zig:7    | Killed a greater mummy
121541 | Zig:7    | Killed a greater mummy
121542 | Zig:7    | Killed a greater mummy
121542 | Zig:7    | Killed a greater mummy
121543 | Zig:7    | Killed a greater mummy
121543 | Zig:7    | Killed a greater mummy
121567 | Zig:7    | Identified the +5 rapier of Compassion {speed, rF+ MR+}
                  | (You found it on level 7 of a ziggurat)
121822 | Zig:8    | Entered Level 8 of a ziggurat
122010 | Zig:8    | Got a brightly glowing lapis lazuli ring
122016 | Zig:8    | Identified Niopoel's Almanac of Clay and Heat
122043 | Zig:8    | Identified the cursed ring "Coixyofo" {rN+ MR+ Dex-3 SInv}
                  | (You found it on level 8 of a ziggurat)
122069 | Zig:9    | Entered Level 9 of a ziggurat
122069 | Zig:9    | Noticed a greater mummy
122069 | Zig:9    | Noticed a greater mummy
122069 | Zig:9    | Noticed a greater mummy
122069 | Zig:9    | Noticed a greater mummy
122069 | Zig:9    | Noticed a greater mummy
122069 | Zig:9    | Noticed a greater mummy
122069 | Zig:9    | Noticed a greater mummy
122069 | Zig:9    | Noticed a greater mummy
122071 | Zig:9    | Noticed a greater mummy
122072 | Zig:9    | Noticed a greater mummy
122072 | Zig:9    | Noticed a greater mummy
122072 | Zig:9    | Noticed a greater mummy
122072 | Zig:9    | Noticed a greater mummy
122072 | Zig:9    | Noticed a greater mummy
122072 | Zig:9    | Noticed a greater mummy
122073 | Zig:9    | Killed a greater mummy
122073 | Zig:9    | Killed a greater mummy
122073 | Zig:9    | Killed a greater mummy
122073 | Zig:9    | Killed a greater mummy
122073 | Zig:9    | Killed a greater mummy
122073 | Zig:9    | Killed a greater mummy
122073 | Zig:9    | Killed a greater mummy
122074 | Zig:9    | Killed a greater mummy
122074 | Zig:9    | Killed a greater mummy
122074 | Zig:9    | Killed a greater mummy
122074 | Zig:9    | Killed a greater mummy
122074 | Zig:9    | Killed a greater mummy
122074 | Zig:9    | Killed a greater mummy
122074 | Zig:9    | Killed a greater mummy
122074 | Zig:9    | Killed a greater mummy
122075 | Zig:9    | Noticed a greater mummy
122079 | Zig:9    | Killed a greater mummy
122090 | Zig:9    | Identified the Incunabulum of Conjuration and the Glacier
122120 | Zig:9    | Got a slimy fustibalus
122134 | Zig:9    | Identified the +5 fustibalus of Otoblooss {flame, Str+3}
                  | (You found it on level 9 of a ziggurat)
122222 | Zig:10   | Entered Level 10 of a ziggurat
122225 | Zig:10   | Noticed Mastol the pandemonium lord
122231 | Zig:10   | Killed Mastol the pandemonium lord
122300 | Zig:10   | Got an ancient hunting sling
122330 | Zig:10   | Identified the +9 hunting sling of the Skies Above
                  | {velocity, Int+2} (You found it on level 10 of a ziggurat)
122410 | Zig:11   | Entered Level 11 of a ziggurat
122442 | Zig:11   | Got a clouded amber ring
122508 | Zig:12   | Entered Level 12 of a ziggurat
122554 | Zig:12   | Identified the Grimoire of Confrontation and Feathers
122560 | Zig:12   | Identified the Tome of Burning Air
122577 | Zig:12   | Identified the Guide on Unstable Sinister Rites
122580 | Zig:12   | Got an ancient brass ring
122584 | Zig:12   | Identified Rioneih's Collected Works on the Snowflakes and
                  | Protection
122587 | Zig:12   | Got a scintillating wooden ring
122590 | Zig:12   | Got a brightly glowing eveningstar
122591 | Zig:12   | Identified the cursed +1 eveningstar "Keappuol" {drain,
                  | rN++ Str-2 Dex+4} (You found it on level 12 of a ziggurat)
122596 | Zig:12   | Identified the ring "Ynepuloups" {rC- Str+3 Int+4 SInv}
                  | (You found it on level 12 of a ziggurat)
122598 | Zig:12   | Got a dazzling fustibalus
122599 | Zig:12   | Identified the +6 fustibalus of Blind Justice {venom, rF+
                  | rN+++ Int-2 Dex-5} (You found it on level 12 of a ziggurat)
122609 | Zig:12   | Got a sapphire whip
122610 | Zig:12   | Identified the +2 whip "Weraogh" {freeze, Stlth+} (You
                  | found it on level 12 of a ziggurat)
122628 | Zig:12   | Got a pair of warped boots
122639 | Zig:12   | Identified the +3 pair of boots "Duuchu" {MR+} (You
                  | acquired it on level 12 of a ziggurat)
122659 | Zig:13   | Entered Level 13 of a ziggurat
122697 | Zig:13   | Identified Guetu's Incunabulum of Curses and Poisoning
122706 | Zig:13   | Got a clouded bronze ring
122741 | Zig:13   | Identified the ring of Kovvagel {Fire Dex+2} (You found it
                  | on level 12 of a ziggurat)
122743 | Zig:13   | Got a shimmering flail
122746 | Zig:13   | Got a jewelled scimitar
122751 | Zig:13   | Got an ancient falchion
122763 | Zig:13   | Identified the +1 flail "Miloc" {holy, SInv Stlth+} (You
                  | found it on level 13 of a ziggurat)
122764 | Zig:13   | Identified the cursed +3 scimitar of Traps {slice, Str+4
                  | SInv} (You found it on level 13 of a ziggurat)
122766 | Zig:13   | Identified the +3 falchion "Enudd" {drain, +Blink} (You
                  | found it on level 13 of a ziggurat)
122776 | Zig:14   | Entered Level 14 of a ziggurat
122776 | Zig:14   | Noticed a greater mummy
122776 | Zig:14   | Noticed a greater mummy
122776 | Zig:14   | Noticed a greater mummy
122776 | Zig:14   | Noticed a greater mummy
122776 | Zig:14   | Noticed a greater mummy
122776 | Zig:14   | Noticed a greater mummy
122778 | Zig:14   | Noticed a greater mummy
122778 | Zig:14   | Noticed a greater mummy
122778 | Zig:14   | Noticed a greater mummy
122778 | Zig:14   | Noticed a greater mummy
122779 | Zig:14   | Noticed a greater mummy
122779 | Zig:14   | Noticed a greater mummy
122779 | Zig:14   | Noticed a greater mummy
122779 | Zig:14   | Noticed a greater mummy
122779 | Zig:14   | Noticed a greater mummy
122779 | Zig:14   | Noticed a greater mummy
122780 | Zig:14   | Killed a greater mummy
122780 | Zig:14   | Noticed a greater mummy
122780 | Zig:14   | Noticed a greater mummy
122781 | Zig:14   | Noticed a greater mummy
122781 | Zig:14   | Noticed a greater mummy
122781 | Zig:14   | Noticed a greater mummy
122781 | Zig:14   | Noticed a greater mummy
122781 | Zig:14   | Noticed a greater mummy
122781 | Zig:14   | Noticed a greater mummy
122781 | Zig:14   | Noticed a greater mummy
122781 | Zig:14   | Noticed a greater mummy
122782 | Zig:14   | Killed a greater mummy
122782 | Zig:14   | Killed a greater mummy
122782 | Zig:14   | Killed a greater mummy
122782 | Zig:14   | Killed a greater mummy
122782 | Zig:14   | Killed a greater mummy
122782 | Zig:14   | Killed a greater mummy
122782 | Zig:14   | Killed a greater mummy
122782 | Zig:14   | Killed a greater mummy
122782 | Zig:14   | Killed a greater mummy
122782 | Zig:14   | Noticed a greater mummy
122783 | Zig:14   | Killed a greater mummy
122783 | Zig:14   | Killed a greater mummy
122783 | Zig:14   | Killed a greater mummy
122783 | Zig:14   | Killed a greater mummy
122783 | Zig:14   | Killed a greater mummy
122783 | Zig:14   | Killed a greater mummy
122783 | Zig:14   | Killed a greater mummy
122783 | Zig:14   | Killed a greater mummy
122783 | Zig:14   | Killed a greater mummy
122783 | Zig:14   | Killed a greater mummy
122783 | Zig:14   | Killed a greater mummy
122783 | Zig:14   | Killed a greater mummy
122784 | Zig:14   | Killed a greater mummy
122784 | Zig:14   | Killed a greater mummy
122784 | Zig:14   | Killed a greater mummy
122784 | Zig:14   | Killed a greater mummy
122785 | Zig:14   | Killed a greater mummy
123093 | Zig:14   | Identified the ring "Veseni" {MR+ MP+9 Dex+4 Stlth+} (You
                  | found it on level 13 of a ziggurat)
123094 | Zig:14   | Identified the ring of the Sixty-Six Scars {rCorr Str+3}
                  | (You found it on level 11 of a ziggurat)
123100 | Zig:14   | Got a pair of smoking gloves
123113 | Zig:14   | Identified the +1 pair of gloves of Hedonism {Dex+3} (You
                  | acquired it on level 14 of a ziggurat)
123134 | Zig:14   | Got a shimmering trident
123142 | Zig:14   | Identified the +8 trident of Eternal War {flame, +Blink
                  | Int+3 Dex-4} (You found it on level 14 of a ziggurat)
123157 | Zig:14   | Got a smoking cloak
123168 | Zig:14   | Identified the +3 cloak "Hiozorgh" {+Fly Str-4 Int+8 Dex-3}
                  | (You found it on level 14 of a ziggurat)
123203 | Zig:15   | Entered Level 15 of a ziggurat
123257 | Zig:15   | Got a sparkling jade ring
123263 | Zig:15   | Got a translucent amber ring
123264 | Zig:15   | Identified the Handbook of Earthen Hexes
123315 | Zig:15   | Identified Sif Muna's Reference Book on Poisonous
                  | Orientation
123325 | Zig:15   | Got a warped cloak
123350 | Zig:15   | Identified the cursed -5 cloak of the Serpent {*Corrode
                  | rElec Str+3} (You found it on level 15 of a ziggurat)
123443 | Zig:16   | Entered Level 16 of a ziggurat
123443 | Zig:16   | Noticed an ancient lich
123443 | Zig:16   | Noticed an ancient lich
123443 | Zig:16   | Noticed an ancient lich
123443 | Zig:16   | Noticed an ancient lich
123443 | Zig:16   | Noticed an ancient lich
123444 | Zig:16   | Killed an ancient lich
123444 | Zig:16   | Killed an ancient lich
123444 | Zig:16   | Killed an ancient lich
123445 | Zig:16   | Noticed an ancient lich
123445 | Zig:16   | Killed an ancient lich
123445 | Zig:16   | Killed an ancient lich
123445 | Zig:16   | Killed an ancient lich
123445 | Zig:16   | Noticed an ancient lich
123447 | Zig:16   | Killed an ancient lich
123450 | Zig:16   | Noticed an ancient lich
123451 | Zig:16   | Killed an ancient lich
123452 | Zig:16   | Noticed an ancient lich
123454 | Zig:16   | Killed an ancient lich
123454 | Zig:16   | Noticed an ancient lich
123455 | Zig:16   | Killed an ancient lich
123456 | Zig:16   | Noticed an ancient lich
123458 | Zig:16   | Killed an ancient lich
123458 | Zig:16   | Noticed an ancient lich
123460 | Zig:16   | Killed an ancient lich
123462 | Zig:16   | Noticed an ancient lich
123463 | Zig:16   | Killed an ancient lich
123464 | Zig:16   | Noticed an ancient lich
123465 | Zig:16   | Killed an ancient lich
123465 | Zig:16   | Noticed an ancient lich
123466 | Zig:16   | Killed an ancient lich
123484 | Zig:16   | Found the +2 hat of the Bear Spirit {Spirit, +Rage rN+
                  | MR++}
123488 | Zig:16   | Identified the Volume of the Cloudy Escort
123497 | Zig:16   | Got a coiled steel ring
123500 | Zig:16   | Got an ancient crystal amulet
123504 | Zig:16   | Got a smoking copper ring
123507 | Zig:16   | Got a steaming sapphire amulet
123525 | Zig:16   | Identified the amulet of Mutualism {Reflect *Drain rF+
                  | Str+4 SH+4 Stlth+} (You found it on level 16 of a ziggurat)
123527 | Zig:16   | Identified the amulet "Busyum" {rC+ MR+ Regen+ MP+9 Dex-2}
                  | (You found it on level 16 of a ziggurat)
123533 | Zig:16   | Got a crude amethyst amulet
123537 | Zig:16   | Identified the amulet "Biump" {+Rage rElec rN+ SInv} (You
                  | found it on level 16 of a ziggurat)
123555 | Zig:17   | Entered Level 17 of a ziggurat
123556 | Zig:17   | Noticed an ancient lich
123556 | Zig:17   | Noticed an ancient lich
123557 | Zig:17   | Noticed an ancient lich
123557 | Zig:17   | Killed an ancient lich
123557 | Zig:17   | Noticed an ancient lich
123558 | Zig:17   | Killed an ancient lich
123558 | Zig:17   | Killed an ancient lich
123558 | Zig:17   | Killed an ancient lich
123558 | Zig:17   | Noticed an ancient lich
123558 | Zig:17   | Noticed an ancient lich
123559 | Zig:17   | Noticed an ancient lich
123559 | Zig:17   | Killed an ancient lich
123559 | Zig:17   | Noticed an ancient lich
123560 | Zig:17   | Killed an ancient lich
123560 | Zig:17   | Killed an ancient lich
123560 | Zig:17   | Killed an ancient lich
123561 | Zig:17   | Noticed an ancient lich
123562 | Zig:17   | Noticed an ancient lich
123562 | Zig:17   | Killed an ancient lich
123562 | Zig:17   | Noticed an ancient lich
123562 | Zig:17   | Noticed an ancient lich
123563 | Zig:17   | Killed an ancient lich
123563 | Zig:17   | Noticed an ancient lich
123564 | Zig:17   | Killed an ancient lich
123564 | Zig:17   | Killed an ancient lich
123564 | Zig:17   | Noticed an ancient lich
123565 | Zig:17   | Killed an ancient lich
123566 | Zig:17   | Killed an ancient lich
123566 | Zig:17   | Noticed an ancient lich
123567 | Zig:17   | Noticed an ancient lich
123567 | Zig:17   | Noticed an ancient lich
123567 | Zig:17   | Noticed an ancient lich
123567 | Zig:17   | Noticed an ancient lich
123567 | Zig:17   | Noticed an ancient lich
123567 | Zig:17   | Noticed an ancient lich
123567 | Zig:17   | Noticed an ancient lich
123567 | Zig:17   | Noticed an ancient lich
123567 | Zig:17   | Noticed an ancient lich
123567 | Zig:17   | Noticed an ancient lich
123567 | Zig:17   | Noticed an ancient lich
123567 | Zig:17   | Noticed an ancient lich
123567 | Zig:17   | Noticed an ancient lich
123567 | Zig:17   | Noticed an ancient lich
123567 | Zig:17   | Noticed an ancient lich
123567 | Zig:17   | Noticed an ancient lich
123567 | Zig:17   | Noticed an ancient lich
123568 | Zig:17   | Noticed an ancient lich
123569 | Zig:17   | Killed an ancient lich
123569 | Zig:17   | Killed an ancient lich
123569 | Zig:17   | Killed an ancient lich
123569 | Zig:17   | Killed an ancient lich
123569 | Zig:17   | Killed an ancient lich
123569 | Zig:17   | Killed an ancient lich
123569 | Zig:17   | Noticed an ancient lich
123570 | Zig:17   | Killed an ancient lich
123570 | Zig:17   | Killed an ancient lich
123570 | Zig:17   | Killed an ancient lich
123570 | Zig:17   | Killed an ancient lich
123570 | Zig:17   | Killed an ancient lich
123570 | Zig:17   | Killed an ancient lich
123570 | Zig:17   | Killed an ancient lich
123570 | Zig:17   | Killed an ancient lich
123570 | Zig:17   | Killed an ancient lich
123570 | Zig:17   | Killed an ancient lich
123570 | Zig:17   | Killed an ancient lich
123570 | Zig:17   | Killed an ancient lich
123570 | Zig:17   | Killed an ancient lich
123570 | Zig:17   | Noticed an ancient lich
123570 | Zig:17   | Noticed an ancient lich
123571 | Zig:17   | Killed an ancient lich
123572 | Zig:17   | Killed an ancient lich
123575 | Zig:17   | Killed an ancient lich
123587 | Zig:17   | Found the +10 Black Knight's horse barding {ponderous,
                  | rPois rN+}
123589 | Zig:17   | Found the +2 pair of boots of the Assassin {Detection Stab+
                  | Stlth++}
123590 | Zig:17   | Found the +4 robe of Augmentation {Str+4 Int+4 Dex+4}
123604 | Zig:17   | Identified the Papyrus of the Doomed Snowflakes
123630 | Zig:17   | Got a warped glass ring
123634 | Zig:17   | Got a translucent wooden ring
123955 | Zig:17   | Identified the ring of Cudomob {rC+ Str+2} (You found it on
                  | level 15 of a ziggurat)
123957 | Zig:17   | Identified the ring "Weello" {MR++ MP+9} (You found it on
                  | level 15 of a ziggurat)
123959 | Zig:17   | Identified the ring of Hasky {Wiz rPois Str+5 Int+4 Dex-2}
                  | (You found it on level 16 of a ziggurat)
123961 | Zig:17   | Identified the ring of the Locust {rC+ EV+6 Str+3 Stlth+}
                  | (You found it on level 17 of a ziggurat)
123963 | Zig:17   | Identified the ring of Entrepreneurial Spirit {+Fly rF+
                  | rC+} (You found it on level 16 of a ziggurat)
123965 | Zig:17   | Identified the ring of Kiol {rF+ rN+ Dex+7} (You found it
                  | on level 17 of a ziggurat)
123981 | Zig:17   | Got a slimy hunting sling
123985 | Zig:17   | Got a dazzling hunting sling
123991 | Zig:17   | Got a pair of faintly humming boots
123993 | Zig:17   | Got an ancient rapier
124003 | Zig:17   | Got a steaming dagger
124011 | Zig:17   | Identified the +7 hunting sling "Tonagef" {velocity, rC+
                  | Int+2} (You found it on level 17 of a ziggurat)
124012 | Zig:17   | Identified the cursed +1 hunting sling "Arcanum" {venom,
                  | rN++ Dex+3} (You found it on level 17 of a ziggurat)
124014 | Zig:17   | Identified the +9 rapier of the Orb {drain, Dex+4} (You
                  | found it on level 17 of a ziggurat)
124015 | Zig:17   | Identified the +7 dagger of Trog's Esteem {freeze, MR+}
                  | (You found it on level 17 of a ziggurat)
124031 | Zig:17   | Identified the +3 pair of boots of the Ecumenical Temple
                  | {*Drain +Blink Str+8} (You found it on level 17 of a
                  | ziggurat)
124056 | Zig:17   | Got a shimmering scimitar
124057 | Zig:17   | Identified the +4 scimitar of Ruriq {freeze, Int+3} (You
                  | found it on level 17 of a ziggurat)
124073 | Zig:18   | Entered Level 18 of a ziggurat
124098 | Zig:18   | Killed an ancient lich
124163 | Zig:18   | Identified the Almanac of Transmutation and the Blaze
124172 | Zig:18   | Identified the Grimoire of the Mountains and Flames
124178 | Zig:18   | Identified the Disquisition on Shifting Summoning
124205 | Zig:19   | Entered Level 19 of a ziggurat
124225 | Zig:19   | Found the +6 lightning scales {run, rElec}
124238 | Zig:20   | Entered Level 20 of a ziggurat
124246 | Zig:20   | Paralysed by a floating eye for 3 turns
124247 | Zig:20   | HP: 6/199 [acid blob (10)]
124247 | Zig:20   | Splashed by an acid blob's acid

Skill      XL: |  1  2  3  4  5  6  7  8  9 10 11 12 13 14 15 16 17 18 19 20 21 22 23 24 25 26 27 |
---------------+----------------------------------------------------------------------------------+-----
Earth Magic    | 4 5 6 7 8 9 11 13 14 15 17 18 19 20 21 22 23 24 25 26 27 | 27.0
Spellcasting   | 3 4 5 6 8 9 10 12 13 14 15 16 17 18 19 20 21 22 23 24 27 | 27.0
Dodging        | 2 3 4 5 27 | 27.0
Conjurations   | 1 2 3 4 5 6 7 8 9 10 11 12 13 27 | 27.0
Axes           | 1 2 3 4 27 | 27.0
Stealth        | 3 4 5 27 | 27.0
Fighting       | 1 2 4 6 9 10 11 12 13 14 15 16 17 18 19 20 27 | 27.0
Shields        | 3 6 8 9 10 12 13 14 15 27 | 27.0
Armour         | 1 3 4 5 6 7 8 27 | 27.0
Crossbows      | 1 3 4 27 | 27.0
Fire Magic     | 27 | 27.0
Transmutations | 27 | 27.0
Charms         | 27 | 27.0
Necromancy     | 27 | 27.0
Ice Magic      | 27 | 27.0
Hexes          | 27 | 27.0
Throwing       | 27 | 27.0
Translocations | 27 | 27.0
Air Magic      | 27 | 27.0
Evocations     | 27 | 27.0
Long Blades    | 27 | 27.0
Unarmed Combat | 27 | 27.0
Staves         | 27 | 27.0
Short Blades   | 27 | 27.0
Maces & Flails | 27 | 27.0
Polearms       | 27 | 27.0
Slings         | 27 | 27.0
Bows           | 27 | 27.0
Summonings     | 27 | 27.0
Poison Magic   | 27 | 27.0
Invocations    | 27 | 27.0

Action                   |  1- 3 |  4- 6 |  7- 9 | 10-12 | 13-15 | 16-18 | 19-21 | 22-24 | 25-27 || total
-------------------------+-------+-------+-------+-------+-------+-------+-------+-------+-------++-------
Melee: Unarmed           |    12 |    31 |       |       |       |       |       |       |       ||    43
       War axe           |       |       |    37 |       |       |       |       |       |       ||    37
       Broad axe         |       |       |       |    57 |    26 |       |       |       |       ||    83
       Hand crossbow     |       |       |       |       |     2 |       |       |       |       ||     2
       Staff             |       |       |       |       |       |     1 |     2 |    21 |    46 ||    70
 Fire: Hand crossbow     |       |       |       |       |    37 |   217 |       |       |    12 ||   266
Throw: Stone             |       |       |       |       |     5 |     3 |       |       |       ||     8
 Cast: Sandblast         |    40 |    47 |    45 |   126 |   204 |    27 |    17 |    29 |    46 ||   581
       Stone Arrow       |       |    61 |    91 |   198 |   547 |   120 |     7 |    25 |    18 ||  1067
       Lee's Rapid Decon |       |     2 |     6 |    45 |   154 |   213 |    66 |    77 |    91 ||   654
       Regeneration      |       |       |       |       |     2 |     2 |       |       |   237 ||   241
       Iron Shot         |       |       |       |       |       |   283 |   289 |       |       ||   572
       Shatter           |       |       |       |       |       |       |    60 |   203 |  3565 ||  3828
       Lehudib's Crystal |       |       |       |       |       |       |     4 |   123 |   343 ||   470
       Fire Storm        |       |       |       |       |       |       |       |       |  1051 ||  1051
       Controlled Blink  |       |       |       |       |       |       |       |       |   126 ||   126
       Portal Projectile |       |       |       |       |       |       |       |       |   107 ||   107
       Tornado           |       |       |       |       |       |       |       |       |    73 ||    73
       Deflect Missiles  |       |       |       |       |       |       |       |       |    34 ||    34
       Fireball          |       |       |       |       |       |       |       |       |    30 ||    30
       Invisibility      |       |       |       |       |       |       |       |       |    26 ||    26
       Death's Door      |       |       |       |       |       |       |       |       |    24 ||    24
       Irradiate         |       |       |       |       |       |       |       |       |    21 ||    21
       Discord           |       |       |       |       |       |       |       |       |     3 ||     3
       Swiftness         |       |       |       |       |       |       |       |       |     2 ||     2
       Necromutation     |       |       |       |       |       |       |       |       |     1 ||     1
 Abil: Fly               |       |       |       |       |     1 |       |       |       |     2 ||     3
       Evoke Flight      |       |       |       |       |     1 |       |       |       |       ||     1
       Evoke Invisibilit |       |       |       |       |       |       |       |       |     8 ||     8
       Evoke Blink       |       |       |       |       |       |       |       |       |     3 ||     3
Evoke: Figurine of a zig |       |       |       |       |       |       |       |       |    10 ||    10
       Fan of gales      |       |       |       |       |       |       |       |       |     1 ||     1
  Use: Potion            |     2 |       |       |       |     8 |    17 |       |       |   272 ||   299
       Scroll            |       |    12 |     7 |     6 |    20 |    17 |    19 |    14 |   361 ||   456
 Stab: Sleeping          |       |     1 |     1 |       |       |       |       |       |       ||     2
       Distracted        |       |       |     1 |       |       |       |       |     1 |       ||     2
  Eat: Chunk             |     1 |    12 |    13 |    17 |    18 |     8 |    18 |    21 |    10 ||   118
       Ration            |       |     1 |       |     2 |     7 |     8 |     9 |     9 |    77 ||   113
Armor: Robe              |    17 |    29 |    37 |   106 |   160 |       |       |       |       ||   349
       Chain mail        |       |       |       |     2 |       |       |       |       |       ||     2
       Ring mail         |       |       |       |       |   130 |   235 |    69 |    50 |    87 ||   571
       Crystal plate arm |       |       |       |       |       |       |       |       |  2144 ||  2144
       Ice dragon scales |       |       |       |       |       |       |       |       |   211 ||   211
Dodge: Dodged            |    26 |    40 |    53 |   130 |   247 |   107 |    37 |    60 |   747 ||  1447
       Deflected         |       |       |       |       |       |       |       |    20 |   382 ||   402
Block: Shield            |       |       |       |       |    73 |   172 |    88 |   120 |  3095 ||  3548
       Reflection        |       |       |       |       |     5 |    50 |    31 |    38 |   417 ||   541
